Workbook

Sheet HD камеры
A1: Артикул | B1: Изображение | C1: Модель | D1: Характеристика | E1: ЦенаUSD | F1: Цена с НДС | G1: Кол-во | H1: Сумма USD | I1: Сумма НДС | J1: 13000
A2: 300512606 | C2: DS-2CE10DF0T-PF(2.8mm)(O-STD) | D2: 2MCMOSSensor.OutdoorBullet.0.001Lux/F1.0.0LuxwithwhiteLight.20m.3DDNR.12VDC.OSDMenu(UptheCoax).IP67.2.8/3.6/6mmLens.24HColor，SupportTVI/AHD/CVI/CVBSvideosignaloutput. | E2: =VLOOKUP(C2,'Короткий прайс'!A:B,2,0) -> 25 | F2: =ROUNDUP(E2*$J$1,0) -> 325000 | H2: =G2*E2 -> 0 | I2: =G2*F2 -> 0
A3: 300512767 | C3: DS-2CE10DF3T-PF(2.8mm)(O-STD) | D3: 2MBSICMOSSensor.OutdoorminiBullet.0.0005Lux/F1.0.0LuxwithFriendlyLighting.20M.3DDNR.DC12V.OSDMenu(UptheCoax).130dBTrueWDR.IP67.2.8/3.6/6mmLens.24HColor.SupportTVI/AHD/CVI/CVBSvideosignaloutput | E3: =VLOOKUP(C3,'Короткий прайс'!A:B,2,0) -> 28.4 | F3: =ROUNDUP(E3*$J$1,0) -> 369200 | H3: =G3*E3 -> 0 | I3: =G3*F3 -> 0
C4: DS-2CE16D0T-IT3 3,6mm | D4: 2 MP Fixed Bullet Camera 2 MP bullet camera EXIR 2.0: advanced infrared technology with 40 m IR distance Water and dust resistant (IP67) | E4: =VLOOKUP(C4,'Короткий прайс'!A:B,2,0) -> 20 | F4: =ROUNDUP(E4*$J$1,0) -> 260000 | H4: =G4*E4 -> 0 | I4: =G4*F4 -> 0
C5: DS-2CE16D0T-IT1 3,6mm | D5: 2 MP Fixed Bullet Camera 2 MP bullet camera EXIR 2.0: advanced infrared technology with 30 m IR distance Water and dust resistant (IP67) | E5: =VLOOKUP(C5,'Короткий прайс'!A:B,2,0) -> 15 | F5: =ROUNDUP(E5*$J$1,0) -> 195000 | H5: =G5*E5 -> 0 | I5: =G5*F5 -> 0
A6: 300511835 | C6: DS-2CE10HFT-F(3.6mm)(O-STD) | D6: 5M BSI CMOS Sensor.5MP@20fps. 4MP@25fps(P)/30fps(N)(Default).Outdoor Bullet.0.0005Lux/F1.0. 0 Lux with Friendly Lighting.20m.3D DNR.12 VDC.OSD Menu(Up the Coax). 130dB True WDR. IP67. 3.6/6mm Lens.24H Color，Support TVI/AHD/CVI/CVBS video signal output | E6: =VLOOKUP(C6,'Короткий прайс'!A:B,2,0) -> 32 | F6: =ROUNDUP(E6*$J$1,0) -> 416000 | H6: =G6*E6 -> 0 | I6: =G6*F6 -> 0
A7: 300511600 | C7: DS-2CE11D0T-PIRLPO(2.8mm)(O-STD) | D7: 2M CMOS Sensor.EXIR. 20m IR. Outdoor EXIR Bullet. ICR. 0.01 Lux/F1.2. 12 VDC. PIR Detection，Led Alarm.Alarm out.Smart IR.OSD Menu(Up the Coax). IP67. 2.8/3.6mm Lens | E7: =VLOOKUP(C7,'Короткий прайс'!A:B,2,0) -> 19 | F7: =ROUNDUP(E7*$J$1,0) -> 247000 | H7: =G7*E7 -> 0 | I7: =G7*F7 -> 0
A8: 300511606 | C8: DS-2CE11H0T-PIRLP(2.8mm)(O-STD) | D8: 5MP@20fps. 4MP@25fps(P)/30fps(N)(Default). EXIR. 20m IR. Outdoor EXIR Bullet. ICR. 0.01 Lux/F1.2. 12 VDC. PIR Detection，Led Alarm.Smart IR.DNR.OSD Menu(Up the Coax). IP67. 2.8/3.6mm Lens | E8: =VLOOKUP(C8,'Короткий прайс'!A:B,2,0) -> 28 | F8: =ROUNDUP(E8*$J$1,0) -> 364000 | H8: =G8*E8 -> 0 | I8: =G8*F8 -> 0
A9: 300510157 | C9: DS-2CE12D0T-PIRL(2.8mm)(O-STD) | D9: 2M CMOS Sensor.EXIR. 20m IR. Outdoor EXIR Bullet. ICR. 0.01 Lux/F1.2. 12 VDC. PIR Detection，Led Alarm&Lighting.Smart IR. OSD Menu(Up the Coax). IP67. 2.8/3.6mm Lens | E9: =VLOOKUP(C9,'Короткий прайс'!A:B,2,0) -> 20.5 | F9: =ROUNDUP(E9*$J$1,0) -> 266500 | H9: =G9*E9 -> 0 | I9: =G9*F9 -> 0
A10: 300512600 | C10: DS-2CE12DF0T-F(2.8mm)(O-STD) | D10: 2M CMOS Sensor. Outdoor Bullet.0.001Lux/F1.0.0 Lux with white Light.40m.3D DNR.12 VDC.OSD Menu(Up the Coax). IP67. 2.8/3.6/6mm Lens.24H Color，Support TVI/AHD/CVI/CVBS video signal output | E10: =VLOOKUP(C10,'Короткий прайс'!A:B,2,0) -> 31 | F10: =ROUNDUP(E10*$J$1,0) -> 403000 | H10: =G10*E10 -> 0 | I10: =G10*F10 -> 0
C11: DS-2CE12DF3T-F 2.8MM | D11: 2 MP ColorVu Fixed Bullet Camera High quality imaging with 2 MP, 1920 × 1080 resolution 24/7 color imaging with F1.0 aperture Clear imaging against strong back light due to 130 dB true WDR technology 3D DNR technology delivers clean and sharp images 2.8 mm, 3.6 mm fixed focal lens Up to 40 m white light distance for bright night imaging One port for four switchable signals (TVI/AHD/CVI/CVBS) Water and dust resistant (IP67) | E11: =VLOOKUP(C11,'Короткий прайс'!A:B,2,0) -> 37 | F11: =ROUNDUP(E11*$J$1,0) -> 481000 | H11: =G11*E11 -> 0 | I11: =G11*F11 -> 0
A12: 300510161 | C12: DS-2CE12H0T-PIRLO 2,8mm | D12: 5MP@20fps. 4MP@25fps(P)/30fps(N)(Default).EXIR. 20m IR. Outdoor EXIR Bullet. ICR. 0.01 Lux/F1.2. 12 VDC. PIR Detection，Led Alarm&Lighting.Smart IR. DNR.OSD Menu(Up the Coax). IP67. 2.8/3.6mm Lens | E12: =VLOOKUP(C12,'Короткий прайс'!A:B,2,0) -> 26 | F12: =ROUNDUP(E12*$J$1,0) -> 338000 | H12: =G12*E12 -> 0 | I12: =G12*F12 -> 0
A13: 300511837 | C13: DS-2CE12HFT-F(3.6mm)(O-STD) | D13: 5M BSI CMOS Sensor.5MP@20fps. 4MP@25fps(P)/30fps(N)(Default).Outdoor Bullet.0.0005Lux/F1.0.0 Lux with Friendly Lighting.40m.3D DNR.12 VDC.OSD Menu(Up the Coax). 130dB True WDR. IP67. 3.6/6mm Lens.24H Color，Support TVI/AHD/CVI/CVBS video signal output | E13: =VLOOKUP(C13,'Короткий прайс'!A:B,2,0) -> 35 | F13: =ROUNDUP(E13*$J$1,0) -> 455000 | H13: =G13*E13 -> 0 | I13: =G13*F13 -> 0
A14: 300511985 | C14: DS-2CE16D0T-IRP 2,8mm | D14: High quality imaging with 2 MP. 1920 × 1080 resolution 2.8 mm. 3.6 mm fixed lens Up to 20 m IR distance for bright night imaging One port for four switchable signals (TVI/AHD/CVI/CVBS) Water and dust resistant (IP67) | E14: =VLOOKUP(C14,'Короткий прайс'!A:B,2,0) -> 17 | F14: =ROUNDUP(E14*$J$1,0) -> 221000 | H14: =G14*E14 -> 0 | I14: =G14*F14 -> 0
A15: 300511741 | C15: DS-2CE16D0T-ITPFS(2.8mm)(O-STD) | D15: 2MP CMOS Sensor. 1080P@25fps(P)(Default)/30fps(N).EXIR. 25m IR. Outdoor EXIR Bullet. ICR. 0.01 Lux/F1.2. 12 VDC. Smart IR. DNR. Built-in Mic.Audio up Coaxial(Only TVI).OSD Menu(Up the Coax). IP67.2.8/3.6/6mm Lens，Support TVI/AHD/CVI/CVBS video signal output | E15: =VLOOKUP(C15,'Короткий прайс'!A:B,2,0) -> 21 | F15: =ROUNDUP(E15*$J$1,0) -> 273000 | H15: =G15*E15 -> 0 | I15: =G15*F15 -> 0
A16: 300512639 | C16: DS-2CE16D0T-EXIPF 2,8mm | D16: 2MP CMOS Sensor, 1 pcs EXIR LEDs, 20m IR, Outdoor EXIR Bullet, ICR, 0.02 Lux/F1.2, 12 VDC, Smart IR, DNR, IP66, 2.8/3.6mm Lens, Support TVI/AHD/CVI/CVBS video signal output | E16: =VLOOKUP(C16,'Короткий прайс'!A:B,2,0) -> 16 | F16: =ROUNDUP(E16*$J$1,0) -> 208000 | H16: =G16*E16 -> 0 | I16: =G16*F16 -> 0
A17: 300509599 | C17: DS-2CE16H0T-IT3F(6mm)(O-STD) | D17: 5MP@20fps. 4MP@25fps(P)/30fps(N)(Default). EXIR. 40m IR. Outdoor EXIR Bullet. ICR. 0.01 Lux/F1.2. 12 VDC. Smart IR. DNR. OSD Menu(Up the Coax). IP67. 2.8/3.6/6/8/12mm Lens，Support TVI/AHD/CVI/CVBS video signal output | E17: =VLOOKUP(C17,'Короткий прайс'!A:B,2,0) -> 27 | F17: =ROUNDUP(E17*$J$1,0) -> 351000 | H17: =G17*E17 -> 0 | I17: =G17*F17 -> 0
A18: 300512121 | C18: DS-2CE16H0T-ITPF(2.8mm)(O-STD)(C) | D18: 5MP@20fps. 4MP@25fps(P)/30fps(N)(Default). EXIR. 25m IR. Outdoor EXIR Bullet. ICR. 0.01 Lux/F1.2. 12 VDC. Smart IR. DNR. OSD Menu(Up the Coax). IP67. 2.4/2.8/3.6/6mm Lens，Support TVI/AHD/CVI/CVBS video signal output | E18: =VLOOKUP(C18,'Короткий прайс'!A:B,2,0) -> 26 | F18: =ROUNDUP(E18*$J$1,0) -> 338000 | H18: =G18*E18 -> 0 | I18: =G18*F18 -> 0
A19: 300511757 | C19: DS-2CE16H0T-ITPFS(2.8mm)(O-STD) | D19: 5MP@20fps. 4MP@25fps(P)/30fps(N)(Default). EXIR. 25m IR. Outdoor EXIR Bullet. ICR. 0.01 Lux/F1.2. 12 VDC. Smart IR. DNR. Built-in Mic.Audio up Coaxial(Only TVI).OSD Menu(Up the Coax). IP67.2.8/3.6/6mm Lens，Support TVI/AHD/CVI/CVBS video signal output | E19: =VLOOKUP(C19,'Короткий прайс'!A:B,2,0) -> 27 | F19: =ROUNDUP(E19*$J$1,0) -> 351000 | H19: =G19*E19 -> 0 | I19: =G19*F19 -> 0
C20: DS-2CE17D0T-IT1F 2.8MM C | D20: 2 MP Fixed Bullet Camera High quality imaging with 2 MP, 1920 × 1080 resolution 2.8 mm, 3.6 mm, 6 mm fixed focal lens Up to 30 m IR distance for bright night imaging One port for four switchable signals (TVI/AHD/CVI/CVBS) Water and dust resistant (IP67) | E20: =VLOOKUP(C20,'Короткий прайс'!A:B,2,0) -> 21 | F20: =ROUNDUP(E20*$J$1,0) -> 273000 | H20: =G20*E20 -> 0 | I20: =G20*F20 -> 0
A21: 301801383 | C21: DS-2CE17D0T-IT5 3,6mm | D21: 2MP CMOS Sensor.EXIR 80m IR. Outdoor EXIR Bullet. ICR. 0.01 Lux/F1.2. 12 VDC. Smart IR. DNR. IP67. 3.6/6/8/12mm Lens. Support TVI/AHD/CVI/CVBS video signal output | E21: =VLOOKUP(C21,'Короткий прайс'!A:B,2,0) -> 22 | F21: =ROUNDUP(E21*$J$1,0) -> 286000 | H21: =G21*E21 -> 0 | I21: =G21*F21 -> 0
C22: DS-2CE56D0T-IPF 2.8mm | D22: 2 MP Indoor Fixed Turret Camera High quality imaging with 2 MP, 1920 × 1080 resolution 2.8 mm, 3.6 mm fixed lens Up to 20 m IR distance for bright night imaging One port for four switchable signals (TVI/AHD/CVI/CVBS) | E22: =VLOOKUP(C22,'Короткий прайс'!A:B,2,0) -> 13 | F22: =ROUNDUP(E22*$J$1,0) -> 169000 | H22: =G22*E22 -> 0 | I22: =G22*F22 -> 0
A23: 300607867 | C23: DS-2CE56D8T-IRS(2.8mm)(O-STD) | D23: 2M Smart FSI CMOS Sensor. 20m IR. Outdoor ICR. 0.005 Lux/F1.2. 12 VDC. Smart IR. 3D DNR. built-in Mic .OSD Menu(Up the Coax). True WDR. 2.8/3.6/6mm Lens | E23: =VLOOKUP(C23,'Короткий прайс'!A:B,2,0) -> 20 | F23: =ROUNDUP(E23*$J$1,0) -> 260000 | H23: =G23*E23 -> 0 | I23: =G23*F23 -> 0
A24: 300614305 | C24: DS-2CE72DF3T-F(2.8mm)(O-STD) | D24: 2M BSI CMOS Sensor.Outdoor Turret.0.0005Lux/F1.0. 0 Lux with Friendly Lighting.40M.3D DNR.DC 12V.OSD Menu(Up the Coax). 130dB True WDR. IP67. 2.8/3.6/6mm Lens.24H Color.Support TVI/AHD/CVI/CVBS video signal output | E24: =VLOOKUP(C24,'Короткий прайс'!A:B,2,0) -> 32 | F24: =ROUNDUP(E24*$J$1,0) -> 416000 | H24: =G24*E24 -> 0 | I24: =G24*F24 -> 0
A25: 300613399 | C25: DS-2CE72DFT-PIRXOF(3.6mm)(O-STD) | D25: 2M Smart FSI CMOS Sensor.Outdoor Turret.0.0005Lux/F1.0.0 Lux with Friendly Lighting.20m.3D DNR.12 VDC.OSD Menu(Up the Coax). 130dB True WDR. IP67. 3.6/6mm Lens.24H Color，PIR Detection，Blue&Red Light Alarm，Built in Siren，Alarm Out ，Support TVI/AHD/CVI/CVBS video signal output | E25: =VLOOKUP(C25,'Короткий прайс'!A:B,2,0) -> 26 | F25: =ROUNDUP(E25*$J$1,0) -> 338000 | H25: =G25*E25 -> 0 | I25: =G25*F25 -> 0
A26: 300613382 | C26: DS-2CE72HFT-F(3.6mm)(O-STD) | D26: 5M BSI CMOS Sensor.5MP@20fps. 4MP@25fps(P)/30fps(N)(Default).Outdoor Turret.0.0005Lux/F1.0. 0 Lux with Friendly Lighting.20m.3D DNR.12 VDC.OSD Menu(Up the Coax). 130dB True WDR. IP67. 3.6/6mm Lens.24H Color ，Support TVI/AHD/CVI/CVBS video signal output | E26: =VLOOKUP(C26,'Короткий прайс'!A:B,2,0) -> 34 | F26: =ROUNDUP(E26*$J$1,0) -> 442000 | H26: =G26*E26 -> 0 | I26: =G26*F26 -> 0
A27: 300614205 | C27: DS-2CE76D0T-EXIPF(2.8mm)(O-STD) | D27: 2MP CMOS Sensor. 1 pcs EXIR LEDs. 20m IR. Indoor EXIR Turret. ICR. 0.02 Lux/F1.2. 12 VDC. Smart IR. DNR. 2.8/3.6mm Lens. Support TVI/AHD/CVI/CVBS video signal output | E27: =VLOOKUP(C27,'Короткий прайс'!A:B,2,0) -> 16 | F27: =ROUNDUP(E27*$J$1,0) -> 208000 | H27: =G27*E27 -> 0 | I27: =G27*F27 -> 0
A28: 300613302 | C28: DS-2CE76D0T-ITPFS(2.8mm)(O-STD) | D28: 2MP CMOS Sensor. 1080P@25fps(P)(Default)/30fps(N).EXIR. 20m IR. Outdoor EXIR Turret. ICR. 0.01 Lux/F1.2. 12 VDC. Smart IR. DNR. Built-in Mic.Audio up Coaxial(Only TVI).OSD Menu(Up the Coax). 2.8/3.6/6mm Lens，Support TVI/AHD/CVI/CVBS video signal output | E28: =VLOOKUP(C28,'Короткий прайс'!A:B,2,0) -> 18 | F28: =ROUNDUP(E28*$J$1,0) -> 234000 | H28: =G28*E28 -> 0 | I28: =G28*F28 -> 0
A29: 300613619 | C29: DS-2CE76H0T-ITPF(2.8mm)(O-STD)(C) | D29: 5MP@20fps. 4MP@25fps(P)/30fps(N)(Default). EXIR. 20m IR. Indoor EXIR Turret. ICR. 0.01 Lux/F1.2. 12 VDC. Smart IR. DNR. OSD Menu(Up the Coax). 2.4/2.8/3.6/6mm Lens.Support TVI/AHD/CVI/CVBS video signal output | E29: =VLOOKUP(C29,'Короткий прайс'!A:B,2,0) -> 25 | F29: =ROUNDUP(E29*$J$1,0) -> 325000 | H29: =G29*E29 -> 0 | I29: =G29*F29 -> 0
A30: 300613327 | C30: DS-2CE76H0T-ITPFS 2,8mm | D30: 5MP@20fps. 4MP@25fps(P)/30fps(N)(Default). EXIR. 20m IR. Outdoor EXIR Turret. ICR. 0.01 Lux/F1.2. 12 VDC. Smart IR. DNR. Built-in Mic.Audio up Coaxial(Only TVI).OSD Menu(Up the Coax). 2.8/3.6/6mm Lens，Support TVI/AHD/CVI/CVBS video signal output | E30: =VLOOKUP(C30,'Короткий прайс'!A:B,2,0) -> 32 | F30: =ROUNDUP(E30*$J$1,0) -> 416000 | H30: =G30*E30 -> 0 | I30: =G30*F30 -> 0

Sheet DVR
A1: Артикул | B1: Изображение | C1: Модель | D1: Характеристика | E1: Цена USD | F1: Цена с НДС | G1: Кол-во | H1: Сумма USD | I1: Сумма НДС | J1: 13000
A2: 300225510 | C2: DS-7104HGHI-K1 | D2: 4 Turbo HD/AHD/Analog interface input. 4-ch HDTVI coaxial video&audio input. 1-ch RCA audio input. 1 SATA interface. HD1080P Lite: 25(P)/30(N) fps/ch. mini 1U case | E2: =VLOOKUP(C2,'Короткий прайс'!A:B,2,0) -> 29.5 | F2: =ROUNDUP(E2*$J$1,0) -> 383500 | H2: =G2*E2 -> 0 | I2: =G2*F2 -> 0
A3: 300227172 | C3: DS-7104HQHI-K1(STD)(C)(S)/RUS | D3: 4 Turbo HD/AHD/Analog interface input. 4-ch HDTVI coaxial video&audio input. 1-ch RCA audio input. 2-ch IP video input(up to 6-ch IP).1 SATA interface.CH01: 3MP@15fps. CH01-04:1920×1080P/4MP Lite@15fps/ch. mini 1U case | E3: =VLOOKUP(C3,'Короткий прайс'!A:B,2,0) -> 45 | F3: =ROUNDUP(E3*$J$1,0) -> 585000 | H3: =G3*E3 -> 0 | I3: =G3*F3 -> 0
A4: 300224913 | C4: DS-7104HUHI-K1(STD)(S) | D4: 4 Turbo HD/CVI / AHD / CVBS self-adaptive interfaces input. 4-ch HDTVI coaxial video&audio input. 1-ch RCA audio input. 4-ch IP video input(up to 8-ch IP). 1 SATA interface. H.265/H.265+ compression. 5MP: 12fps. 4MP: 15fps. 3MP: 18fps. 1920×1080P: 25(P)/30(N) fps/ch. mini 1U case | E4: =VLOOKUP(C4,'Короткий прайс'!A:B,2,0) -> 51 | F4: =ROUNDUP(E4*$J$1,0) -> 663000 | H4: =G4*E4 -> 0 | I4: =G4*F4 -> 0
A5: 300225513 | C5: DS-7108HGHI-K1 | D5: 8 Turbo HD/AHD/Analog interface input. 8-ch video&1-ch audio input. 2-ch IP video input. HDMI & VGA Output. 1 SATA interface. HD1080P Lite: : 25(P)/30(N) fps/ch. mini 1U case | E5: =VLOOKUP(C5,'Короткий прайс'!A:B,2,0) -> 47 | F5: =ROUNDUP(E5*$J$1,0) -> 611000 | H5: =G5*E5 -> 0 | I5: =G5*F5 -> 0
A6: 300226918 | C6: DS-7108HQHI-K1(STD)(C)(S) | D6: 8 Turbo HD/AHD/Analog interface input. 8-ch HDTVI coaxial video&audio input. 1-ch RCA audio input. 4-ch IP video input(up to 12-ch IP).1 SATA interface.CH01&02:3MP@15fps. CH01-08:1920×1080P/4MP Lite@15fps/ch. mini 1U case | E6: =VLOOKUP(C6,'Короткий прайс'!A:B,2,0) -> 62 | F6: =ROUNDUP(E6*$J$1,0) -> 806000 | H6: =G6*E6 -> 0 | I6: =G6*F6 -> 0
A7: 300226914 | C7: DS-7116HGHI-K1(STD)(C)(S) | D7: Deep learning based human and vehicle targets classification of Motion Detection 2.0 H.265 Pro+/H.265 Pro/H.265 video compression HDTVI/AHD/CVI/CVBS/IP video input Audio via coaxial cable Up to 18-ch IP camera inputs (up to 5 MP) Up to 1080p Lite@15 fps encoding capability Max. 1200 m for 720p HDTVI signal | E7: =VLOOKUP(C7,'Короткий прайс'!A:B,2,0) -> 71 | F7: =ROUNDUP(E7*$J$1,0) -> 923000 | H7: =G7*E7 -> 0 | I7: =G7*F7 -> 0
A8: 300227875 | C8: iDS-7116HQHI-M1/S | D8: 16-ch motion detection2.0 or 4-ch false alarm filter. 16 Turbo HD/CVI / AHD / CVBS self-adaptive interfaces input. 16-ch video&1-ch audio input. H.265/H.265+ compression. 1 SATA interface.:1920×1080P @15 fps. 4MP Lite@15fps/ch. 4K UHD output，Mini 1U case | E8: =VLOOKUP(C8,'Короткий прайс'!A:B,2,0) -> 125 | F8: =ROUNDUP(E8*$J$1,0) -> 1625000 | H8: =G8*E8 -> 0 | I8: =G8*F8 -> 0
A9: 300226811 | C9: iDS-7208HQHI-M1/S | D9: 8-ch Motion Detection 2.0 or 4-ch false alarm filter. 8 Turbo HD/CVI / AHD / CVBS self-adaptive interfaces input. 8-ch video&1-ch audio input. H.265/H.265+ compression. 1 SATA interface.CH01 & 02: 3MP @ 15fps. CH01-08:1920×1080P @15 fps. 4MP Lite@15fps/ch. support CVBS output. standalone 1U case | E9: =VLOOKUP(C9,'Короткий прайс'!A:B,2,0) -> 80 | F9: =ROUNDUP(E9*$J$1,0) -> 1040000 | H9: =G9*E9 -> 0 | I9: =G9*F9 -> 0
A10: 300226811 | C10: IDS-7108HQHI-M1/S | D10: full-channel motion detection 2.0 or 4-ch false alarm filter, 8 Turbo HD/CVI / AHD / CVBS self-adaptive interfaces input, 8-ch video&1-ch audio input, H.265/H.265+ compression, 4-ch IP video input(up to 12-ch IP),1 SATA interface CH01-08:1920×1080P @15 fps, 4MP Lite@15fps/ch, mini 1U case | E10: =VLOOKUP(C10,'Короткий прайс'!A:B,2,0) -> 78 | F10: =ROUNDUP(E10*$J$1,0) -> 1014000 | H10: =G10*E10 -> 0 | I10: =G10*F10 -> 0

Sheet IP камеры
A1: Артикул | B1: Изображение | C1: Модель | D1: Характеристика | E1: Цена USD | F1: Цена с НДС | G1: Кол-во | H1: Сумма USD | I1: Сумма НДС | J1: 13000
A2: 311320661 | C2: DS-2CD1043G2-I 2,8MM | D2: Support Human and Vehicle Detection High quality imaging with 4 MP resolution Efficient H.265+ compression technology Clear imaging even with strong back lighting due to 120 dB WDR Water and dust resistant (IP67) EXIR 2.0: advanced infrared technology with long IR range -UF: Built-in microphone for real-time audio security | E2: =VLOOKUP(C2,'Короткий прайс'!A:B,2,0) -> 38.4 | F2: =ROUNDUP(E2*$J$1,0) -> 499200 | H2: =G2*E2 -> 0 | I2: =G2*F2 -> 0
C3: DS-2CD1043G0-I 2.8MM C | D3: 4MP Fixed Bullet Network Camera High quality imaging with 4 MP resolution Efficient H.265+ compression technology Clear imaging even with strong back lighting due to 120 dB WDR Water and dust resistant (IP67) EXIR 2.0: advanced infrared technology with long IR range -UF: Built-in microphone for real-time audio security | E3: =VLOOKUP(C3,'Короткий прайс'!A:B,2,0) -> 38 | F3: =ROUNDUP(E3*$J$1,0) -> 494000 | H3: =G3*E3 -> 0 | I3: =G3*F3 -> 0
C4: DS-2CD1043G2-IUF 2.8mm | D4: Support Human and Vehicle Detection High quality imaging with 4 MP resolution Efficient H.265+ compression technology Clear imaging even with strong back lighting due to 120 dB WDR Water and dust resistant (IP67) EXIR 2.0: advanced infrared technology with long IR range -UF: Built-in microphone for real-time audio security | E4: =VLOOKUP(C4,'Короткий прайс'!A:B,2,0) -> 43.3 | F4: =ROUNDUP(E4*$J$1,0) -> 562900 | H4: =G4*E4 -> 0 | I4: =G4*F4 -> 0
A5: 311320800 | C5: DS-2CD1047G2-L 2,8MM | D5: High quality imaging with 4 MP resolution 24/7 colorful imaging Support Human and Vehicle Detection Water and dust resistant (IP67) Clear imaging even with strong back lighting due to 120 dB WDR Efficient H.265+ compression technology Support on-board storage up to 256GB (SD card slot)(Optional) Built-in microphone for real-time audio security(Optional) | E5: =VLOOKUP(C5,'Короткий прайс'!A:B,2,0) -> 68 | F5: =ROUNDUP(E5*$J$1,0) -> 884000 | H5: =G5*E5 -> 0 | I5: =G5*F5 -> 0
C6: DS-2CD1047G2H-LIU 2.8MM | D6: 1/3" Progressive CMOS, ICR,2560 × 1440: 20fps(P)/(N), H.265+/H.265/H.264+&H.264, DWDR, 3D DNR, BLC, IR or white light range: up to 30m, Built-in microphone, DC12V & PoE, Support mobile monitoring via Hik-Connect; *-F: SD Card Slot (up to 512GB) *power supply is not included | E6: =VLOOKUP(C6,'Короткий прайс'!A:B,2,0) -> 68 | F6: =ROUNDUP(E6*$J$1,0) -> 884000 | H6: =G6*E6 -> 0 | I6: =G6*F6 -> 0
C7: DS-2CD1047G2H-LIUF 2.8MM | D7: 1/3" Progressive CMOS, ICR,2560 × 1440: 20fps(P)/(N), H.265+/H.265/H.264+&H.264, DWDR, 3D DNR, BLC, IR or white light range: up to 30m, Built-in microphone, DC12V & PoE, Support mobile monitoring via Hik-Connect; *-F: SD Card Slot (up to 512GB) *power supply is not included | E7: =VLOOKUP(C7,'Короткий прайс'!A:B,2,0) -> 72 | F7: =ROUNDUP(E7*$J$1,0) -> 936000 | H7: =G7*E7 -> 0 | I7: =G7*F7 -> 0
A8: 311320709 | C8: DS-2CD1143G2-I 2,8MM | D8: High quality imaging with 4 MP resolution Support Human and Vehicle Detection Water and dust resistant (IP67) and vandal resistant (IK10) Clear imaging even with strong back lighting due to 120 dB WDR Efficient H.265+ compression technology EXIR 2.0: advanced infrared technology with long IR range | E8: =VLOOKUP(C8,'Короткий прайс'!A:B,2,0) -> 44 | F8: =ROUNDUP(E8*$J$1,0) -> 572000 | H8: =G8*E8 -> 0 | I8: =G8*F8 -> 0
C9: DS-2CD1143G2-IUF 2.8mm | D9: 1/3" Progressive CMOS, ICR,2560x1440: 20fps(P)/(N), H.265+/H.265/H.264+&H.264, WDR, 3D DNR, BLC, IR range: up to 30m, DC12V & PoE, Support mobile monitoring via Hik-Connect; Build-in microphone & SD Card Slot (up to 256GB); *power supply is not included | E9: =VLOOKUP(C9,'Короткий прайс'!A:B,2,0) -> 47 | F9: =ROUNDUP(E9*$J$1,0) -> 611000 | H9: =G9*E9 -> 0 | I9: =G9*F9 -> 0
A10: 311312917 | C10: DS-2CV2041G2-IDW(2.8mm)(D)(O-STD)/FUS | D10: High quality imaging with 4 MP resolution Realizing Wi-Fi connection and easy installation Provides real-time security via built-in two-way audio Efficient H.265 compression technology EXIR 2.0. advanced infrared technology with long IR distance Wi-Fi connection with Hik-Connect directly is not possible Water and dust resistant (IP66) Built-in memory card slot. support microSD/microSDHC/microSDXC card. up to 256 GB | E10: =VLOOKUP(C10,'Короткий прайс'!A:B,2,0) -> 52 | F10: =ROUNDUP(E10*$J$1,0) -> 676000 | H10: =G10*E10 -> 0 | I10: =G10*F10 -> 0
A11: 311315990 | C11: DS-2CD1023G0E-I(2.8mm)(C)(O-STD) | D11: 1/2.8" Progressive CMOS. ICR. 1920x1080:25fps(P)/30fps(N). H.265+/H.264+&H.264. DWDR. 3D DNR. BLC. IR range: up to 30m. DC12V & PoE.Support mobile monitoring via Hik-Connect *power supply no included | E11: =VLOOKUP(C11,'Короткий прайс'!A:B,2,0) -> 27 | F11: =ROUNDUP(E11*$J$1,0) -> 351000 | H11: =G11*E11 -> 0 | I11: =G11*F11 -> 0
A12: 311315994 | C12: DS-2CD1023G0-IUF(2.8mm)(C)(O-STD) | D12: 1/2.8" Progressive CMOS. ICR. 1920x1080:25fps(P)/30fps(N). H.265+/H.265/H.264+&H.264. DWDR. 3D DNR. BLC. IR range: up to 30m. DC12V & PoE.Build-in microphone & SD Card Slot (up to 256GB). Support mobile monitoring via Hik-Connect *power supply not included | E12: =VLOOKUP(C12,'Короткий прайс'!A:B,2,0) -> 35.5 | F12: =ROUNDUP(E12*$J$1,0) -> 461500 | H12: =G12*E12 -> 0 | I12: =G12*F12 -> 0
C13: DS-2CD1027G2-LUF 2.8MM | D13: High quality imaging with 2 MP resolution 24/7 colorful imaging Support Human and Vehicle Detection Water and dust resistant (IP67) Efficient H.265+ compression technology Support on-board storage up to 256GB (SD card slot)(Optional) | E13: =VLOOKUP(C13,'Короткий прайс'!A:B,2,0) -> 46.5 | F13: =ROUNDUP(E13*$J$1,0) -> 604500 | H13: =G13*E13 -> 0 | I13: =G13*F13 -> 0
C14: DS-2CD1047G2-LUF 2.8MM | D14: High quality imaging with 4 MP resolution 24/7 colorful imaging Support Human and Vehicle Detection Water and dust resistant (IP67) Clear imaging even with strong back lighting due to 120 dB WDR Efficient H.265+ compression technology Support on-board storage up to 256GB (SD card slot)(Optional) | E14: =VLOOKUP(C14,'Короткий прайс'!A:B,2,0) -> 70 | F14: =ROUNDUP(E14*$J$1,0) -> 910000 | H14: =G14*E14 -> 0 | I14: =G14*F14 -> 0
A15: 311320796 | C15: DS-2CD1027G2-L 2,8MM | D15: 1/2.8" Progressive CMOS. Color: 0.001 Lux @ (F1.0. AGC ON)，1920x1080:25fps(P)/30fps(N). H.265+/H.265/H.264+&H.264. DWDR. 3D DNR. BLC. up to 30m warm light. DC12V & PoE. Full Metal. Support mobile monitoring via Hik-Connect *power supply no included | E15: =VLOOKUP(C15,'Короткий прайс'!A:B,2,0) -> 41 | F15: =ROUNDUP(E15*$J$1,0) -> 533000 | H15: =G15*E15 -> 0 | I15: =G15*F15 -> 0
A16: 311317399 | C16: DS-2CD1053G0-I(2.8mm)(C)(O-STD) | D16: 1/2.7" Progressive CMOS. ICR. 2560*1920:15fps(P)/(N). 2304x1296:25fps(P)/30fps(N). H.265+/H.265/H.264+&H.264. WDR. 3D DNR. BLC. IR range: up to 30m. DC12V & PoE.Support mobile monitoring via Hik-Connect *power supply no included | E16: =VLOOKUP(C16,'Короткий прайс'!A:B,2,0) -> 45.5 | F16: =ROUNDUP(E16*$J$1,0) -> 591500 | H16: =G16*E16 -> 0 | I16: =G16*F16 -> 0
A17: 311316327 | C17: DS-2CD1063G0-I(2.8mm)(Distribution) | D17: 1/2.5" Progressive CMOS. ICR. 3840 × 2160: 12.5fps(P)/15fps(N).H.265+/H.265. WDR. 3D DNR. BLC. HLC. IR range: up to 30m. DC12V & PoE. Support mobile monitoring via Hik-Connect; *power supply no included | E17: =VLOOKUP(C17,'Короткий прайс'!A:B,2,0) -> 54 | F17: =ROUNDUP(E17*$J$1,0) -> 702000 | H17: =G17*E17 -> 0 | I17: =G17*F17 -> 0
A18: 311317914 | C18: DS-2CD1083G0-I(2.8mm)(C)(O-STD) | D18: 1/2.5" Progressive CMOS. ICR. 3840 × 2160: 12.5fps(P)/15fps(N). H.265+/H.265. WDR. 3D DNR. BLC. HLC. IR range: up to 30m. DC12V & PoE. Support mobile monitoring via Hik-Connect; *power supply no included | E18: =VLOOKUP(C18,'Короткий прайс'!A:B,2,0) -> 82 | F18: =ROUNDUP(E18*$J$1,0) -> 1066000 | H18: =G18*E18 -> 0 | I18: =G18*F18 -> 0
C19: DS-2CD1083G2-LIU 2.8MM | D19: High quality imaging with 8 MP resolution Support Human and Vehicle Detection Smart Hybrid Light: advanced technology with long range Efficient H.265+ compression technology Support on-board storage up to 512 GB (SD card slot) (Optional) Built-in microphone for real-time audio security Water and dust resistant (IP67) | E19: =VLOOKUP(C19,'Короткий прайс'!A:B,2,0) -> 79 | F19: =ROUNDUP(E19*$J$1,0) -> 1027000 | H19: =G19*E19 -> 0 | I19: =G19*F19 -> 0
C20: DS-2CD1083G2-LIUF 2.8MM | D20: High quality imaging with 8 MP resolution Support Human and Vehicle Detection Smart Hybrid Light: advanced technology with long range Efficient H.265+ compression technology Support on-board storage up to 512 GB (SD card slot) (Optional) Built-in microphone for real-time audio security Water and dust resistant (IP67) | E20: =VLOOKUP(C20,'Короткий прайс'!A:B,2,0) -> 80 | F20: =ROUNDUP(E20*$J$1,0) -> 1040000 | H20: =G20*E20 -> 0 | I20: =G20*F20 -> 0
A21: 311315934 | C21: DS-2CD1123G0E-I(2.8mm)(C)(O-STD) | D21: 1/2.8" Progressive CMOS. ICR. 1920x1080:25fps(P)/30fps(N). H.265+/H.264+&H.264. DWDR. 3D DNR. BLC. IR range: up to 30m. DC12V & PoE.Support mobile monitoring via Hik-Connect *power supply no included | E21: =VLOOKUP(C21,'Короткий прайс'!A:B,2,0) -> 33 | F21: =ROUNDUP(E21*$J$1,0) -> 429000 | H21: =G21*E21 -> 0 | I21: =G21*F21 -> 0
C22: DS-2CD1123G2-LIU 2.8MM | D22: High quality imaging with 2 MP resolution Support Human and Vehicle Detection Smart Hybrid Light: advanced technology with long range Built-in microphone for real-time audio security Efficient H.265+ compression technology Support on-board storage up to 512 GB (SD card slot) (Optional) Water and dust resistant (IP67) and vandal resistant (IK08) | E22: =VLOOKUP(C22,'Короткий прайс'!A:B,2,0) -> 40 | F22: =ROUNDUP(E22*$J$1,0) -> 520000 | H22: =G22*E22 -> 0 | I22: =G22*F22 -> 0
C23: DS-2CD1143G2-LIU 2.8MM | D23: High quality imaging with 4 MP resolution Support Human and Vehicle Detection Smart Hybrid Light: advanced technology with long range Built-in microphone for real-time audio security Efficient H.265+ compression technology Support on-board storage up to 512 GB (SD card slot) (Optional) Water and dust resistant (IP67) and vandal resistant (IK08) | E23: =VLOOKUP(C23,'Короткий прайс'!A:B,2,0) -> 46.7 | F23: =ROUNDUP(E23*$J$1,0) -> 607100 | H23: =G23*E23 -> 0 | I23: =G23*F23 -> 0
A24: 311320709 | C24: DS-2CD1143G2-I 2,8MM | D24: 1/3" Progressive CMOS. ICR. 2560x1440:20fps(P)/(N). 2304x1296:25fps(P)/30fps(N). H.265+/H.265/H.264+&H.264. WDR. 3D DNR. BLC. IR range: up to 30m. DC12V & PoE.Support mobile monitoring via Hik-Connect *power supply no included Motion detection 2.0 | E24: =VLOOKUP(C24,'Короткий прайс'!A:B,2,0) -> 44 | F24: =ROUNDUP(E24*$J$1,0) -> 572000 | H24: =G24*E24 -> 0 | I24: =G24*F24 -> 0
A25: 311303659 | C25: DS-2CD1153G0-I(2.8mm)(O-STD) | D25: 1/2.7" Progressive CMOS. ICR. 2560*1920:15fps(P)/(N). 2304x1296:25fps(P)/30fps(N). H.265+/H.265/H.264+&H.264. WDR. 3D DNR. BLC. IR range: up to 30m. DC12V & PoE.Support mobile monitoring via Hik-Connect *power supply no included | E25: =VLOOKUP(C25,'Короткий прайс'!A:B,2,0) -> 52 | F25: =ROUNDUP(E25*$J$1,0) -> 676000 | H25: =G25*E25 -> 0 | I25: =G25*F25 -> 0
A26: 311316329 | C26: DS-2CD1163G0-I(2.8mm)(Distribution) | D26: 1/2.5" Progressive CMOS. ICR. 3840 × 2160: 12.5fps(P)/15fps(N).H.265+/H.265/. WDR. 3D DNR. BLC. HLC. IR range: up to 30m. DC12V & PoE. Support mobile monitoring via Hik-Connect; *power supply no included | E26: =VLOOKUP(C26,'Короткий прайс'!A:B,2,0) -> 52.5 | F26: =ROUNDUP(E26*$J$1,0) -> 682500 | H26: =G26*E26 -> 0 | I26: =G26*F26 -> 0
A27: 311316015 | C27: DS-2CD1323G0E-I(2.8mm)(C)(O-STD) | D27: 1/2.8" Progressive CMOS. ICR. 1920x1080:25fps(P)/30fps(N). H.265+/H.264+&H.264. DWDR. 3D DNR. BLC. IR range: up to 30m. DC12V & PoE.Support mobile monitoring via Hik-Connect *power supply no included | E27: =VLOOKUP(C27,'Короткий прайс'!A:B,2,0) -> 29 | F27: =ROUNDUP(E27*$J$1,0) -> 377000 | H27: =G27*E27 -> 0 | I27: =G27*F27 -> 0
A28: 311316011 | C28: DS-2CD1323G0-IUF(2.8mm)(C)(O-STD) | D28: 1/2.8" Progressive CMOS. ICR. 1920x1080:25fps(P)/30fps(N). H.265+/H.265/H.264+&H.264. DWDR. 3D DNR. BLC. IR range: up to 30m. DC12V & PoE.Build-in microphone & SD Card Slot (up to 256GB). Support mobile monitoring via Hik-Connect *power supply not included | E28: =VLOOKUP(C28,'Короткий прайс'!A:B,2,0) -> 35.8 | F28: =ROUNDUP(E28*$J$1,0) -> 465400 | H28: =G28*E28 -> 0 | I28: =G28*F28 -> 0
C29: DS-2CD1323G2-LIU 2.8MM | D29: High quality imaging with 2 MP resolution Support Human and Vehicle Detection Smart Hybrid Light: advanced technology with long range Built-in microphone for real-time audio security Efficient H.265+ compression technology Support on-board storage up to 512 GB (SD card slot) (Optional) Water and dust resistant (IP67) | E29: =VLOOKUP(C29,'Короткий прайс'!A:B,2,0) -> 44 | F29: =ROUNDUP(E29*$J$1,0) -> 572000 | H29: =G29*E29 -> 0 | I29: =G29*F29 -> 0
A30: 311316792 | C30: DS-2CD1327G0-L(2.8mm)(C)(O-STD) | D30: 1/2.7" Progressive CMOS. ICR.1920 × 1080: 25fps(P)/30fps(N). H.265+/H.265/H.264+&H.264. DWDR. 3D DNR. BLC. Warm light range: up to 30m. DC12V & PoE. Support mobile monitoring via Hik-Connect *-UF: Build-in microphone & SD Card Slot (up to 256GB). *power supply is not included | E30: =VLOOKUP(C30,'Короткий прайс'!A:B,2,0) -> 43 | F30: =ROUNDUP(E30*$J$1,0) -> 559000 | H30: =G30*E30 -> 0 | I30: =G30*F30 -> 0
A31: 311320738 | C31: DS-2CD1343G2-I 2,8MM | D31: 1/3" Progressive CMOS. ICR. 2560x1440:20fps(P)/(N). 2304x1296:25fps(P)/30fps(N). H.265+/H.265/H.264+&H.264. WDR. 3D DNR. BLC. IR range: up to 30m. DC12V & PoE.Support mobile monitoring via Hik-Connect *power supply no included | E31: =VLOOKUP(C31,'Короткий прайс'!A:B,2,0) -> 41 | F31: =ROUNDUP(E31*$J$1,0) -> 533000 | H31: =G31*E31 -> 0 | I31: =G31*F31 -> 0
C32: DS-2CD1343G2-IUF 2.8mm | D32: 1/3" Progressive CMOS, ICR,2560x1440: 20fps(P)/(N), H.265+/H.265/H.264+&H.264, WDR, 3D DNR, BLC, IR range: up to 30m, DC12V & PoE, Support mobile monitoring via Hik-Connect *-UF: Build-in microphone & SD Card Slot (up to 256GB), *power supply is not included | E32: =VLOOKUP(C32,'Короткий прайс'!A:B,2,0) -> 46.5 | F32: =ROUNDUP(E32*$J$1,0) -> 604500 | H32: =G32*E32 -> 0 | I32: =G32*F32 -> 0
C33: DS-2CD1343G2-LIU 2.8MM | D33: High quality imaging with 4 MP resolution Support Human and Vehicle Detection Smart Hybrid Light: advanced technology with long range Built-in microphone for real-time audio security Efficient H.265+ compression technology Support on-board storage up to 512 GB (SD card slot) (Optional) Water and dust resistant (IP67) | E33: =VLOOKUP(C33,'Короткий прайс'!A:B,2,0) -> 47 | F33: =ROUNDUP(E33*$J$1,0) -> 611000 | H33: =G33*E33 -> 0 | I33: =G33*F33 -> 0
A34: 311316796 | C34: DS-2CD1347G0-L(2.8mm)(C)(O-STD) | D34: 1/2.7" Progressive CMOS. ICR.2560 × 1440: 20fps(P)/(N). H.265+/H.265/H.264+&H.264. WDR. 3D DNR. BLC. Warm light range: up to 30m. DC12V & PoE. Support mobile monitoring via Hik-Connect *-UF: Build-in microphone & SD Card Slot (up to 256GB). *power supply is not included | E34: =VLOOKUP(C34,'Короткий прайс'!A:B,2,0) -> 64 | F34: =ROUNDUP(E34*$J$1,0) -> 832000 | H34: =G34*E34 -> 0 | I34: =G34*F34 -> 0
A35: 311317761 | C35: DS-2CD1383G0-I 2.8MM C | D35: 1/2.5" Progressive CMOS, ICR, 3840 × 2160: 12.5fps(P)/15fps(N), H.265+/H.265, WDR, 3D DNR, BLC, HLC, IR range: up to 30m, DC12V & PoE, Support mobile monitoring via Hik-Connect; *power supply no included | E35: =VLOOKUP(C35,'Короткий прайс'!A:B,2,0) -> 85.5 | F35: =ROUNDUP(E35*$J$1,0) -> 1111500 | H35: =G35*E35 -> 0 | I35: =G35*F35 -> 0
A36: 311316237 | C36: DS-2CD1643G0-IZ(2.8-12mm)(C)(O-STD) | D36: 1/3" Progressive CMOS. ICR. 2560x1440:20fps(P)/(N). 2304x1296:25fps(P)/30fps(N). H.265+/H.265/H.264+&H.264. WDR. 3D DNR. BLC. IR range: up to 30m. DC12V & PoE. TF card slot. Support mobile monitoring via Hik-Connect *power supply no included -Z: motorized vari-focal lens | E36: =VLOOKUP(C36,'Короткий прайс'!A:B,2,0) -> #N/A | F36: =ROUNDUP(E36*$J$1,0) -> #N/A | H36: =G36*E36 -> #N/A | I36: =G36*F36 -> #N/A
C37: DS-2CD1643G2-IZ 2.8-12mm | D37: High quality imaging with 4 MP resolution Support Human and Vehicle Detection 2.8 to 12 mm motorized varifocal lens for easy installation and monitoring Up to 256 GB memory card slot for storage Water and dust resistant (IP67) EXIR 2.0: advanced infrared technology with long IR range Clear imaging even with strong back lighting due to 120 dB WDR technology Efficient H.265+ compression technology | E37: =VLOOKUP(C37,'Короткий прайс'!A:B,2,0) -> 92 | F37: =ROUNDUP(E37*$J$1,0) -> 1196000 | H37: =G37*E37 -> 0 | I37: =G37*F37 -> 0
A38: 311304044 | C38: DS-2CD1653G0-IZ(2.8-12mm)(O-STD) | D38: 1/2.7" Progressive CMOS. ICR. 2560*1920:15fps(P)/(N). 2304x1296:25fps(P)/30fps(N). H.265+/H.265/H.264+&H.264. WDR. 3D DNR. BLC. IR range: up to 30m. DC12V & PoE. TF card slot. Support mobile monitoring via Hik-Connect *power supply no included -Z: motorized vari-focal lens | E38: =VLOOKUP(C38,'Короткий прайс'!A:B,2,0) -> 95.9 | F38: =ROUNDUP(E38*$J$1,0) -> 1246700 | H38: =G38*E38 -> 0 | I38: =G38*F38 -> 0
A39: 311310905 | C39: DS-2CD2027G1-L(2.8mm)(O-STD) | D39: 1/2.8" Progressive Scan CMOS; H.265+/H.265/H.264+/H.264/MJPEG; Color: 0.0005 lux @(F1.0. AGC ON). 0 lux with LED on; 25fps/30fps(1920×1080); VCA functions; 3 streams; 3D DNR; BLC; ICR; 3000K Warm LED; DC12V&PoE; Built-in micro SD/SDHC/SDXC slot; HIK-Connect cloud service -U:Built-in micphone | E39: =VLOOKUP(C39,'Короткий прайс'!A:B,2,0) -> 77 | F39: =ROUNDUP(E39*$J$1,0) -> 1001000 | H39: =G39*E39 -> 0 | I39: =G39*F39 -> 0
C40: DS-2CD2027G2-L 2.8MM C | D40: 1/2.8" Progressive Scan CMOS; H.265+/H.265/H.264+/H.264/MJPEG; Color: 0.0005 lux @(F1.0. AGC ON). 0 lux with LED on; 25fps/30fps(1920×1080); VCA functions; 3 streams; 3D DNR; BLC; ICR; 3000K Warm LED; DC12V&PoE; Built-in micro SD/SDHC/SDXC slot; HIK-Connect cloud service -U:Built-in micphone | E40: =VLOOKUP(C40,'Короткий прайс'!A:B,2,0) -> 77 | F40: =ROUNDUP(E40*$J$1,0) -> 1001000 | H40: =G40*E40 -> 0 | I40: =G40*F40 -> 0
A41: 311313535 | C41: DS-2CD2043G2-I(2.8mm)(O-STD) | D41: 1/3" Progressive Scan CMOS; H.265+/H.265/H.264+/H.264/MJPEG; Color: 0.005 Lux @ (F1.6. AGC ON). 0 lux with IR; 25fps/30fps(2688×1520. 1920×1080); VCA functions; 3 streams; 3D DNR; BLC/HLC; ICR; EXIR. up to 40m; DC12V&PoE; Built-in micro SD/SDHC/SDXC slot; HIK-Connect cloud service * -U:Built-in Microphone | E41: =VLOOKUP(C41,'Короткий прайс'!A:B,2,0) -> 73 | F41: =ROUNDUP(E41*$J$1,0) -> 949000 | H41: =G41*E41 -> 0 | I41: =G41*F41 -> 0
A42: 311313535 | C42: DS-2CD2043G2-IU 2.8mm | D42: 1/3" Progressive Scan CMOS; H.265+/H.265/H.264+/H.264/MJPEG; Color: 0.005 Lux @ (F1.6. AGC ON). 0 lux with IR; 25fps/30fps(2688×1520. 1920×1080); VCA functions; 3 streams; 3D DNR; BLC/HLC; ICR; EXIR. up to 40m; DC12V&PoE; Built-in micro SD/SDHC/SDXC slot; HIK-Connect cloud service * -U:Built-in Microphone | E42: =VLOOKUP(C42,'Короткий прайс'!A:B,2,0) -> 75 | F42: =ROUNDUP(E42*$J$1,0) -> 975000 | H42: =G42*E42 -> 0 | I42: =G42*F42 -> 0
A43: 311314429 | C43: DS-2CD2047G2-L(2.8mm)(C)(O-STD) | D43: 1/1.8" Progressive Scan CMOS; H.265+/H.265/H.264+/H.264/MJPEG; Color: 0.0005 lux @(F1.0. AGC ON). 0 lux with LED on; 25fps/30fps(2688×1520. 2304×1296. 1920×1080); VCA functions; 3 streams; 3D DNR; BLC; ICR; 3000K Warm LED; DC12V&PoE; Built-in micro SD/SDHC/SDXC slot; HIK-Connect cloud service; -U:Built-in micphone | E43: =VLOOKUP(C43,'Короткий прайс'!A:B,2,0) -> 92.6 | F43: =ROUNDUP(E43*$J$1,0) -> 1203800 | H43: =G43*E43 -> 0 | I43: =G43*F43 -> 0
A44: 311307392 | C44: DS-2CD2047G2-LU(2.8mm)(C)(O-STD) | D44: 1/1.8" Progressive Scan CMOS; H.265+/H.265/H.264+/H.264/MJPEG; Color: 0.0005 lux @(F1.0. AGC ON). 0 lux with LED on; 25fps/30fps(2688×1520. 2304×1296. 1920×1080); VCA functions; 3 streams; 3D DNR; BLC; ICR; 3000K Warm LED; DC12V&PoE; Built-in micro SD/SDHC/SDXC slot; HIK-Connect cloud service; -U:Built-in micphone | E44: =VLOOKUP(C44,'Короткий прайс'!A:B,2,0) -> 92.3 | F44: =ROUNDUP(E44*$J$1,0) -> 1199900 | H44: =G44*E44 -> 0 | I44: =G44*F44 -> 0
A45: 311315161 | C45: DS-2CD2047G2-LU/SL 2.8MM C | D45: 1/1.8" Progressive Scan CMOS; H.265+/H.265/H.264+/H.264/MJPEG; Color: 0.0005 lux @(F1.0, AGC ON), 0 lux with LED on; 25fps/30fps(2688×1520, 1920×1080); VCA functions; 3 streams; 3D DNR; BLC; ICR; 3000K Warm LED; DC12V&PoE; Built-in micro SD/SDHC/SDXC slot; HIK-Connect cloud service; Built-in microphone and speaker | E45: =VLOOKUP(C45,'Короткий прайс'!A:B,2,0) -> 97 | F45: =ROUNDUP(E45*$J$1,0) -> 1261000 | H45: =G45*E45 -> 0 | I45: =G45*F45 -> 0
C46: DS-2CD2047G2H-LIU 2.8MM EF | D46: High quality imaging with 4 MP resolution Smart Hybrid Light: advanced technology with long range Clear imaging against strong back light due to 130 dB WDR technology Efficient H.265+ compression technology Focus on human and vehicle classification based on deep learning -U: Built-in microphone for real-time audio security Water and dust resistant (IP67) | E46: =VLOOKUP(C46,'Короткий прайс'!A:B,2,0) -> 97 | F46: =ROUNDUP(E46*$J$1,0) -> 1261000 | H46: =G46*E46 -> 0 | I46: =G46*F46 -> 0
A47: 311316027 | C47: DS-2CD2063G2-I(2.8mm)(O-STD) | D47: 1/2.8" Progressive Scan CMOS; H.265+/H.265/H.264+/H.264/MJPEG; Color: 0.005 lux@(F1.6. AGC ON). 0 lux with IR; 20fps(3200x1800). 25fps/30fps (2688×1520. 1920×1080); VCA functions; 3 streams; 3D DNR; BLC/HLC; ICR; EXIR. up to 40m; DC12V&PoE; Built-in micro SD/SDHC/SDXC slot; HIK-Connect cloud service; *-U: built-in microphone | E47: =VLOOKUP(C47,'Короткий прайс'!A:B,2,0) -> 74 | F47: =ROUNDUP(E47*$J$1,0) -> 962000 | H47: =G47*E47 -> 0 | I47: =G47*F47 -> 0
A48: 311316039 | C48: DS-2CD2083G2-I(2.8mm)(O-STD) | D48: 1/2.8" Progressive Scan CMOS; H.265+/H.265/H.264+/H.264/MJPEG; Color: 0.005 lux@(F1.6. AGC ON). 0 lux with IR; 20fps(3840×2160). 25fps/30fps (3200x1800. 2688×1520. 1920×1080); VCA functions; 3 streams; 3D DNR; BLC/HLC; ICR; EXIR. up to 40m; DC12V&PoE; Built-in micro SD/SDHC/SDXC slot; HIK-Connect cloud service; *-U: built-in microphone | E48: =VLOOKUP(C48,'Короткий прайс'!A:B,2,0) -> 90 | F48: =ROUNDUP(E48*$J$1,0) -> 1170000 | H48: =G48*E48 -> 0 | I48: =G48*F48 -> 0
C49: DS-2CD2083G2-IU 2.8MM | D49: 1/2.8" Progressive Scan CMOS; H.265+/H.265/H.264+/H.264/MJPEG; Color: 0.005 lux@(F1.6, AGC ON), 0 lux with IR; 20fps(3840×2160), 25fps/30fps (3200x1800, 2688×1520, 1920×1080); VCA functions; 3 streams; 3D DNR; BLC/HLC; ICR; EXIR, up to 40m; DC12V&PoE; Built-in micro SD/SDHC/SDXC slot; HIK-Connect cloud service; *-U: built-in microphone | E49: =VLOOKUP(C49,'Короткий прайс'!A:B,2,0) -> 92 | F49: =ROUNDUP(E49*$J$1,0) -> 1196000 | H49: =G49*E49 -> 0 | I49: =G49*F49 -> 0
A50: 311304813 | C50: DS-2CD2085G1-I(2.8mm)(O-STD) | D50: 1/2" Progressive Scan CMOS; H.265+/H.265/H.264+/H.264/MJPEG; Powered by Darkfighter technology. Color: 0.014 lux@(F1.6. AGC ON). 0 lux with IR; 20fps(3840×2160). 25fps/30fps (3072×1728. 2560×1440. 2048×1536.1920×1080); VCA functions; 3 streams; 3D DNR; BLC/HLC; ICR; EXIR. up to 30m; DC12V&PoE; Built-in micro SD/SDHC/SDXC slot; HIK-Connect cloud service | E50: =VLOOKUP(C50,'Короткий прайс'!A:B,2,0) -> 95 | F50: =ROUNDUP(E50*$J$1,0) -> 1235000 | H50: =G50*E50 -> 0 | I50: =G50*F50 -> 0
C51: DS-2CD2087G2-L 2.8mm C | D51: 1/1.2" Progressive Scan CMOS; H.265+/H.265/H.264+/H.264/MJPEG; Color: 0.0005 lux @(F1.0, AGC ON), 0 lux with LED on; 25/24fps(3840×2160), 25fps/30fps(3200x1800, 2688×1520, 1920×1080); VCA functions; 3 streams; 3D DNR; BLC; ICR; 3000K Warm LED; DC12V&PoE; Built-in micro SD/SDHC/SDXC slot; HIK-Connect cloud service; -U:Built-in micphone | E51: =VLOOKUP(C51,'Короткий прайс'!A:B,2,0) -> 157 | F51: =ROUNDUP(E51*$J$1,0) -> 2041000 | H51: =G51*E51 -> 0 | I51: =G51*F51 -> 0
A52: 311317297 | C52: DS-2CD2087G2-LU 2,8mm C | D52: 1/1.2" Progressive Scan CMOS; H.265+/H.265/H.264+/H.264/MJPEG; Color: 0.0005 lux @(F1.0, AGC ON), 0 lux with LED on; 25/24fps(3840×2160), 25fps/30fps(3200x1800, 2688×1520, 1920×1080); VCA functions; 3 streams; 3D DNR; BLC; ICR; 3000K Warm LED; DC12V&PoE; Built-in micro SD/SDHC/SDXC slot; HIK-Connect cloud service; -U:Built-in micphone | E52: =VLOOKUP(C52,'Короткий прайс'!A:B,2,0) -> 163 | F52: =ROUNDUP(E52*$J$1,0) -> 2119000 | H52: =G52*E52 -> 0 | I52: =G52*F52 -> 0
A53: 311313649 | C53: DS-2CD2143G2-I(2.8mm)(O-STD) | D53: 1/3" Progressive Scan CMOS; H.265+/H.265/H.264+/H.264/MJPEG; Color: 0.005 Lux @ (F1.6. AGC ON). 0 lux with IR; 25fps/30fps(2688×1520. 1920×1080); VCA functions; 3 streams; 3D DNR; BLC/HLC; ICR; EXIR. up to 30m; DC12V&PoE; Built-in micro SD/SDHC/SDXC slot; HIK-Connect cloud service *-S model: Audio/Alarm IO | E53: =VLOOKUP(C53,'Короткий прайс'!A:B,2,0) -> 73.7 | F53: =ROUNDUP(E53*$J$1,0) -> 958100 | H53: =G53*E53 -> 0 | I53: =G53*F53 -> 0
A54: 311313653 | C54: DS-2CD2143G2-IU(2.8mm)(O-STD) | D54: 1/3" Progressive Scan CMOS; H.265+/H.265/H.264+/H.264/MJPEG; Color: 0.005 Lux @ (F1.6. AGC ON). 0 lux with IR; 25fps/30fps(2688×1520. 1920×1080); VCA functions; 3 streams; 3D DNR; BLC/HLC; ICR; EXIR. up to 30m; DC12V&PoE; Built-in micro SD/SDHC/SDXC slot; HIK-Connect cloud service Built-in microphone | E54: =VLOOKUP(C54,'Короткий прайс'!A:B,2,0) -> 78 | F54: =ROUNDUP(E54*$J$1,0) -> 1014000 | H54: =G54*E54 -> 0 | I54: =G54*F54 -> 0
A55: 311315946 | C55: DS-2CD2163G2-I(2.8mm)(O-STD) | D55: 1/2.8" Progressive Scan CMOS; H.265+/H.265/H.264+/H.264/MJPEG; Color: 0.005 lux@(F1.6. AGC ON). 0 lux with IR; 20fps(3200x1800). 25fps/30fps (2688×1520. 1920×1080); VCA functions; 3 streams; 3D DNR; BLC/HLC; ICR; EXIR. up to 30m; DC12V&PoE; Built-in micro SD/SDHC/SDXC slot; HIK-Connect cloud service; *-S model: Audio/Alarm IO | E55: =VLOOKUP(C55,'Короткий прайс'!A:B,2,0) -> 75.8 | F55: =ROUNDUP(E55*$J$1,0) -> 985400 | H55: =G55*E55 -> 0 | I55: =G55*F55 -> 0
A56: 311315958 | C56: DS-2CD2183G2-I(2.8mm)(O-STD) | D56: 1/2.8" Progressive Scan CMOS; H.265+/H.265/H.264+/H.264/MJPEG; Color: 0.005 lux@(F1.6. AGC ON). 0 lux with IR; 20fps(3840×2160). 25fps/30fps (3200x1800. 2688×1520. 1920×1080); VCA functions; 3 streams; 3D DNR; BLC/HLC; ICR; EXIR. up to 30m; DC12V&PoE; Built-in micro SD/SDHC/SDXC slot; HIK-Connect cloud service; *-S model: Audio/Alarm IO | E56: =VLOOKUP(C56,'Короткий прайс'!A:B,2,0) -> 93 | F56: =ROUNDUP(E56*$J$1,0) -> 1209000 | H56: =G56*E56 -> 0 | I56: =G56*F56 -> 0
A57: 311315966 | C57: DS-2CD2183G2-IU(2.8mm)(O-STD) | D57: 1/2.8" Progressive Scan CMOS; H.265+/H.265/H.264+/H.264/MJPEG; Color: 0.005 lux@(F1.6. AGC ON). 0 lux with IR; 20fps(3840×2160). 25fps/30fps (3200x1800. 2688×1520. 1920×1080); VCA functions; 3 streams; 3D DNR; BLC/HLC; ICR; EXIR. up to30m; DC12V&PoE; Built-in micro SD/SDHC/SDXC slot; HIK-Connect cloud service; Builit-in microphone | E57: =VLOOKUP(C57,'Короткий прайс'!A:B,2,0) -> 97.8 | F57: =ROUNDUP(E57*$J$1,0) -> 1271400 | H57: =G57*E57 -> 0 | I57: =G57*F57 -> 0
A58: 311309711 | C58: DS-2CD2345G0P-I(1.68mm)(O-STD) | D58: 1/2.7" Progressive Scan CMOS; H.265+/H.265/H.264+/H.264/MJPEG; Color: 0.028 lux@(F2.0. AGC ON). 0 lux with IR; 25fps/24fps (2688×1520); VCA functions; dual streams; 3D DNR; BLC/HLC; ICR; EXIR. up to 10m; DC12V&PoE; Built-in micro SD/SDHC/SDXC slot; HIK-Connect cloud service | E58: =VLOOKUP(C58,'Короткий прайс'!A:B,2,0) -> 92 | F58: =ROUNDUP(E58*$J$1,0) -> 1196000 | H58: =G58*E58 -> 0 | I58: =G58*F58 -> 0
A59: 311315181 | C59: DS-2CD2347G2-L(2.8mm)(C) | D59: 1/1.8" Progressive Scan CMOS; H.265+/H.265/H.264+/H.264/MJPEG; Color: 0.0005 lux @(F1.0. AGC ON). 0 lux with LED on; 25fps/30fps(2688×1520. 2304×1296. 1920×1080); VCA functions; 3 streams; 3D DNR; BLC; ICR; 3000K Warm LED; DC12V&PoE; Built-in micro SD/SDHC/SDXC slot; HIK-Connect cloud service; -U:Built-in micphone | E59: =VLOOKUP(C59,'Короткий прайс'!A:B,2,0) -> 104 | F59: =ROUNDUP(E59*$J$1,0) -> 1352000 | H59: =G59*E59 -> 0 | I59: =G59*F59 -> 0
A60: 311315187 | C60: DS-2CD2347G2-LU(2.8mm)(C)(O-STD) | D60: 1/1.8" Progressive Scan CMOS; H.265+/H.265/H.264+/H.264/MJPEG; Color: 0.0005 lux @(F1.0. AGC ON). 0 lux with LED on; 25fps/30fps(2688×1520. 2304×1296. 1920×1080); VCA functions; 3 streams; 3D DNR; BLC; ICR; 3000K Warm LED; DC12V&PoE; Built-in micro SD/SDHC/SDXC slot; HIK-Connect cloud service; -U:Built-in micphone | E60: =VLOOKUP(C60,'Короткий прайс'!A:B,2,0) -> 105 | F60: =ROUNDUP(E60*$J$1,0) -> 1365000 | H60: =G60*E60 -> 0 | I60: =G60*F60 -> 0
A61: 311317482 | C61: DS-2CD2387G2-LU 2,8mm C | D61: 1/1.2" Progressive Scan CMOS; H.265+/H.265/H.264+/H.264/MJPEG; Color: 0.0005 lux @(F1.0. AGC ON). 0 lux with LED on; 25/24fps(3840×2160). 25fps/30fps(3200x1800. 2688×1520. 1920×1080); VCA functions; 3 streams; 3D DNR; BLC; ICR; 3000K Warm LED; DC12V&PoE; Built-in micro SD/SDHC/SDXC slot; HIK-Connect cloud service; -U:Built-in micphone | E61: =VLOOKUP(C61,'Короткий прайс'!A:B,2,0) -> 173 | F61: =ROUNDUP(E61*$J$1,0) -> 2249000 | H61: =G61*E61 -> 0 | I61: =G61*F61 -> 0
A62: 311316166 | C62: DS-2CD2421G0-I(2.8mm)(C)(O-STD) | D62: 1/2.8" Progressive Scan CMOS; H.265+/H.265/H.264+/H.264/MJPEG; Color: 0.028 Lux @ (F2.0. AGC ON). 0 lux with IR; 25Fps/30fps(1920×1080); VCA functions; 2 streams; DWDR; 3D DNR; BLC; ICR; EXIR. up to 10m; support on-board storage up to 128GB(SD card slot). Hik-Connect cloud service. Build-in microphone and speaker; Built-in 2.4G Wi-Fi. 802.11b/g/n; 12VDC&PoE power supply. *SD card is not included. | E62: =VLOOKUP(C62,'Короткий прайс'!A:B,2,0) -> 39 | F62: =ROUNDUP(E62*$J$1,0) -> 507000 | H62: =G62*E62 -> 0 | I62: =G62*F62 -> 0
C63: DS-2CD2421G0-IW 2.8mm W | D63: 1/2.8" Progressive Scan CMOS; H.265+/H.265/H.264+/H.264/MJPEG; Color: 0.028 Lux @ (F2.0. AGC ON). 0 lux with IR; 25Fps/30fps(1920×1080); VCA functions; 2 streams; DWDR; 3D DNR; BLC; ICR; EXIR. up to 10m; support on-board storage up to 128GB(SD card slot). Hik-Connect cloud service. Build-in microphone and speaker; Built-in 2.4G Wi-Fi. 802.11b/g/n; 12VDC&PoE power supply. *SD card is not included. WiFi | E63: =VLOOKUP(C63,'Короткий прайс'!A:B,2,0) -> 52 | F63: =ROUNDUP(E63*$J$1,0) -> 676000 | H63: =G63*E63 -> 0 | I63: =G63*F63 -> 0
A64: 311319977 | C64: DS-2CD2443G0E-I(C) 2,8mm | D64: 1/3" Progressive Scan CMOS; H.265+/H.265/H.264+/H.264/MJPEG; Color: 0.01 Lux @ (F1.6. AGC ON). 0 lux with IR; 20fps (2560×1440); VCA functions; 2 streams; WDR; 3D DNR; BLC; ICR; EXIR. up to 10m; DC12V&PoE; Built-in mic&speaker; Built-in micro SD/SDHC/SDXC slot. up to 256GB; HIK-Connect cloud service *-W model: built-in Wi-Fi | E64: =VLOOKUP(C64,'Короткий прайс'!A:B,2,0) -> 48 | F64: =ROUNDUP(E64*$J$1,0) -> 624000 | H64: =G64*E64 -> 0 | I64: =G64*F64 -> 0
C65: DS-2CD2443G0-IW 2.8MM W | D65: 1/3" Progressive Scan CMOS; H.265+/H.265/H.264+/H.264/MJPEG; Color: 0.01 Lux @ (F1.6. AGC ON). 0 lux with IR; 20fps (2560×1440); VCA functions; 2 streams; WDR; 3D DNR; BLC; ICR; EXIR. up to 10m; DC12V&PoE; Built-in mic&speaker; Built-in micro SD/SDHC/SDXC slot. up to 256GB; HIK-Connect cloud service *-W model: built-in Wi-Fi | E65: =VLOOKUP(C65,'Короткий прайс'!A:B,2,0) -> 69 | F65: =ROUNDUP(E65*$J$1,0) -> 897000 | H65: =G65*E65 -> 0 | I65: =G65*F65 -> 0
A66: 311316104 | C66: DS-2CD2443G2-I(2.8mm)(O-STD) | D66: 1/3" Progressive Scan CMOS; H.265+/H.265/H.264+/H.264/MJPEG; 2.8/4mm: Color: 0.005 Lux @ (F1.6. AGC ON). 0 lux with IR; 2mm: 0.008 Lux @ (F2.0. AGC ON) . 0 lux with IR; 25fps/30fps(2688×1520. 1920×1080); VCA functions; 3 streams; 3D DNR; BLC/HLC; ICR; EXIR. up to 10m; DC12V&PoE; Built-in mic&speaker; Built-in micro SD/SDHC/SDXC slot; HIK-Connect cloud service | E66: =VLOOKUP(C66,'Короткий прайс'!A:B,2,0) -> 62 | F66: =ROUNDUP(E66*$J$1,0) -> 806000 | H66: =G66*E66 -> 0 | I66: =G66*F66 -> 0
A67: 311302820 | C67: DS-2CD2463G2-I(2.8mm)(O-STD) | D67: 1/2.9" Progressive Scan CMOS; H.265+/H.265/H.264+/H.264/MJPEG; Color: 0.028 lux @(F2.0. AGC ON). 0 lux with IR; 20fps(2944×1656). 25Fps/30fps(2560×1440. 2048×1536. 1920×1080); VCA functions; 3 streams; 3D DNR; BLC; BLC/HLC; ICR; EXIR. up to 10m; DC12V&PoE; Built-in mic&speaker; Built-in micro SD/SDHC/SDXC slot; HIK-Connect cloud service *-W model: built-in Wi-Fi | E67: =VLOOKUP(C67,'Короткий прайс'!A:B,2,0) -> 65 | F67: =ROUNDUP(E67*$J$1,0) -> 845000 | H67: =G67*E67 -> 0 | I67: =G67*F67 -> 0
A68: 311303257 | C68: DS-2CD2543G0-I(2.8mm)(O-STD) | D68: 1/3" Progressive Scan CMOS; H.265+/H.265/H.264+/H.264/MJPEG; Color: 0.018 Lux @ (F1.6. AGC ON). 0 lux with IR; 25fps/30fps(2688×1520. 1920×1080); VCA functions; 3 streams; 3D DNR; BLC/HLC; ICR; EXIR. up to 10m; DC12V&PoE; Built-in micro SD/SDHC/SDXC slot; HIK-Connect cloud service *-S model: built-in mic. Audio/Alarm IO *-W model: built-in Wi-Fi. cannot be directly connected by Hik-Connect App in wireless way | E68: =VLOOKUP(C68,'Короткий прайс'!A:B,2,0) -> 86 | F68: =ROUNDUP(E68*$J$1,0) -> 1118000 | H68: =G68*E68 -> 0 | I68: =G68*F68 -> 0
A69: 311318089 | C69: DS-2CD2543G2-I(2.8mm) | D69: 1/3" Progressive Scan CMOS; H.265+/H.265/H.264+/H.264/MJPEG; Color: 0.005 Lux @ (F1.6. AGC ON). 0 lux with IR; 25fps/30fps(2688×1520. 1920×1080); VCA functions; 3 streams; 3D DNR; BLC/HLC; ICR; EXIR. up to 30m; DC12V&PoE; Built-in micro SD/SDHC/SDXC slot; HIK-Connect cloud service;Built-in microphone *-S model: Audio/Alarm IO *-W model:Wi-Fi | E69: =VLOOKUP(C69,'Короткий прайс'!A:B,2,0) -> 88 | F69: =ROUNDUP(E69*$J$1,0) -> 1144000 | H69: =G69*E69 -> 0 | I69: =G69*F69 -> 0
C70: DS-2CD2543G2-IS 2,8mm | D70: 1/3" Progressive Scan CMOS; H.265+/H.265/H.264+/H.264/MJPEG; Color: 0.005 Lux @ (F1.6, AGC ON), 0 lux with IR; 25fps/30fps(2688×1520, 1920×1080); VCA functions; 3 streams; 3D DNR; BLC/HLC; ICR; EXIR, up to 30m; DC12V&PoE; Built-in micro SD/SDHC/SDXC slot; HIK-Connect cloud service;Built-in microphone *-S model: Audio/Alarm IO *-W model:Wi-Fi | E70: =VLOOKUP(C70,'Короткий прайс'!A:B,2,0) -> 92 | F70: =ROUNDUP(E70*$J$1,0) -> 1196000 | H70: =G70*E70 -> 0 | I70: =G70*F70 -> 0
A71: 311318008 | C71: DS-2CD2566G2-I(2.8mm)(C)(O-STD) | D71: 1/2.4" Progressive Scan CMOS; H.265+/H.265/H.264+/H.264/MJPEG; Powered by Darkfighter technology. Color: 0.003 lux@(F1.6. AGC ON). 0 lux with IR; 25fps/30fps (3200x1800. 2688×1520. 1920×1080); VCA functions; 3 streams; 3D DNR; BLC/HLC; ICR; EXIR. up to 30m; DC12V&PoE; Built-in micro SD/SDHC/SDXC slot; HIK-Connect cloud service;Built-in microphone *-S model: Audio/Alarm I/O | E71: =VLOOKUP(C71,'Короткий прайс'!A:B,2,0) -> 121 | F71: =ROUNDUP(E71*$J$1,0) -> 1573000 | H71: =G71*E71 -> 0 | I71: =G71*F71 -> 0
A72: 311312061 | C72: DS-2CD2643G2-IZS(2.8-12mm)(O-STD) | D72: 1/3" Progressive Scan CMOS; H.265+/H.265/H.264+/H.264/MJPEG; Color: 0.005 Lux @ (F1.6. AGC ON). 0 lux with IR; 25fps/30fps(2688×1520. 1920×1080); VCA functions; 3 streams; 3D DNR; BLC/HLC; ICR; EXIR. up to 60m; Audio/Alarm IO; DC12V&PoE; Built-in micro SD/SDHC/SDXC slot; HIK-Connect cloud service | E72: =VLOOKUP(C72,'Короткий прайс'!A:B,2,0) -> 164 | F72: =ROUNDUP(E72*$J$1,0) -> 2132000 | G72: 260 | H72: =G72*E72*0.85 -> 36244 | I72: =G72*F72 -> 554320000
A73: 311306644 | C73: DS-2CD2663G1-IZ(2.8-12mm)(O-STD) | D73: 1/2.9" Progressive Scan CMOS; H.265+/H.265/H.264+/H.264/MJPEG; Color: 0.018 Lux @ (F1.6. AGC ON). 0 lux with IR; 20fps(3072×2048. 3072×1728). 25fps/30fps (2560×1440. 1920×1080); VCA functions; 3 streams; 3D DNR; BLC/HLC; ICR; EXIR. up to 50m; DC12V&PoE; Built-in micro SD/SDHC/SDXC slot; HIK-Connect cloud service *-S model: Audio/Alarm IO | E73: =VLOOKUP(C73,'Короткий прайс'!A:B,2,0) -> 164 | F73: =ROUNDUP(E73*$J$1,0) -> 2132000 | H73: =G73*E73 -> 0 | I73: =G73*F73 -> 0
A74: 311316090 | C74: DS-2CD2663G2-IZS 2.8-12MM | D74: 1/2.8" Progressive Scan CMOS; H.265+/H.265/H.264+/H.264/MJPEG; Color: 0.005 lux@(F1.6, AGC ON), 0 lux with IR; 20fps(3200x1800), 25fps/30fps (2688×1520, 1920×1080); VCA functions; 3 streams; 3D DNR; BLC/HLC; ICR; EXIR, up to 60m; DC12V&PoE; Built-in micro SD/SDHC/SDXC slot; HIK-Connect cloud service; Audio/Alarm IO | E74: =VLOOKUP(C74,'Короткий прайс'!A:B,2,0) -> 165 | F74: =ROUNDUP(E74*$J$1,0) -> 2145000 | H74: =G74*E74 -> 0 | I74: =G74*F74 -> 0
A75: 311304030 | C75: DS-2CD2685G0-IZS(2.8-12mm)(O-STD) | D75: 1/2" Progressive Scan CMOS; H.265+/H.265/H.264+/H.264/MJPEG; Powered by Darkfighter technology. Color: 0.011 Lux @ (F1.4. AGC ON). 0 lux with IR; 20fps(3840×2160). 25fps/30fps (3072×1728. 2560×1440. 2048×1536.1920×1080); VCA functions; 3 streams; 3D DNR; BLC/HLC; ICR; EXIR. up to 50m; DC12V&PoE; Built-in micro SD/SDHC/SDXC slot; Built-in Audio/Alarm I/O. HIK-Connect cloud service | E75: =VLOOKUP(C75,'Короткий прайс'!A:B,2,0) -> 220 | F75: =ROUNDUP(E75*$J$1,0) -> 2860000 | H75: =G75*E75 -> 0 | I75: =G75*F75 -> 0
A76: 311315508 | C76: DS-2CD2686G2-IZS(2.8-12mm)(C)(O-STD) | D76: 1/1.8" Progressive Scan CMOS; H.265+/H.265/H.264+/H.264/MJPEG; Powered by Darkfighter technology. Color: 0.003 Lux @ (F1.4. AGC ON). 0 lux with IR; 25fps/24fps(3840×2160). 25fps/30fps (3200x1800. 2688×1520. 1920×1080); VCA functions; 3 streams; 3D DNR; BLC/HLC; ICR; EXIR. up to 60m; DC12V&PoE; Built-in micro SD/SDHC/SDXC slot; HIK-Connect cloud service; Audio/Alarm I/O | E76: =VLOOKUP(C76,'Короткий прайс'!A:B,2,0) -> 228 | F76: =ROUNDUP(E76*$J$1,0) -> 2964000 | H76: =G76*E76 -> 0 | I76: =G76*F76 -> 0
A77: 311318326 | C77: DS-2CD2D25G1-D/NF(2.8mm)(O-STD) | D77: 1/2.8" Progressive Scan CMOS ，60 fps@ 1920 × 1080.2.8 mm/3.7 mm， H.264 and H.265 encoding ，G.711/G.722.1/G.726/MP2L2/PCM/AAC，true WDR，12 VDC ± 20%. 0.13 A. max. 1.5 W. Ø5.5 mm coaxial power plug，31.5 mm × 31.5 mm × 22 mm | E77: =VLOOKUP(C77,'Короткий прайс'!A:B,2,0) -> 77 | F77: =ROUNDUP(E77*$J$1,0) -> 1001000 | H77: =G77*E77 -> 0 | I77: =G77*F77 -> 0
A78: 311318328 | C78: DS-2CD2D25G1-D/NF(3.7mm)(O-STD) | D78: 1/2.8" Progressive Scan CMOS ，60 fps@ 1920 × 1080.2.8 mm/3.7 mm， H.264 and H.265 encoding ，G.711/G.722.1/G.726/MP2L2/PCM/AAC，true WDR，12 VDC ± 20%. 0.13 A. max. 1.5 W. Ø5.5 mm coaxial power plug，31.5 mm × 31.5 mm × 22 mm | E78: =VLOOKUP(C78,'Короткий прайс'!A:B,2,0) -> 77 | F78: =ROUNDUP(E78*$J$1,0) -> 1001000 | H78: =G78*E78 -> 0 | I78: =G78*F78 -> 0
A79: 311313638 | C79: DS-2CD2T43G2-2I(4mm)(O-STD) | D79: 1/3" Progressive Scan CMOS; H.265+/H.265/H.264+/H.264/MJPEG; Color: 0.005 Lux @ (F1.6. AGC ON). 0 lux with IR; 25fps/30fps(2688×1520. 1920×1080); VCA functions; 3 streams; 3D DNR; BLC/HLC; ICR; DC12V&PoE; Built-in micro SD/SDHC/SDXC slot; HIK-Connect cloud service *-2I/4I model: up to 60m/80m IR distance | E79: =VLOOKUP(C79,'Короткий прайс'!A:B,2,0) -> 95 | F79: =ROUNDUP(E79*$J$1,0) -> 1235000 | H79: =G79*E79 -> 0 | I79: =G79*F79 -> 0
C80: DS-2CD2T43G2-4I 2.8mm | D80: 1/3" Progressive Scan CMOS; H.265+/H.265/H.264+/H.264/MJPEG; Color: 0.005 Lux @ (F1.6. AGC ON). 0 lux with IR; 25fps/30fps(2688×1520. 1920×1080); VCA functions; 3 streams; 3D DNR; BLC/HLC; ICR; DC12V&PoE; Built-in micro SD/SDHC/SDXC slot; HIK-Connect cloud service *-2I/4I model: up to 60m/80m IR distance | E80: =VLOOKUP(C80,'Короткий прайс'!A:B,2,0) -> 91 | F80: =ROUNDUP(E80*$J$1,0) -> 1183000 | H80: =G80*E80 -> 0 | I80: =G80*F80 -> 0
A81: 311308434 | C81: DS-2CD2T45G0P-I(1.68mm)(O-STD) | D81: 1/2.7" Progressive Scan CMOS; H.265+/H.265/H.264+/H.264/MJPEG; Color: 0.028 lux@(F2.0. AGC ON). 0 lux with IR; 25fps/24fps (2688×1520); VCA functions; dual streams; 3D DNR; BLC/HLC; ICR; EXIR. up to 10m; DC12V&PoE; Built-in micro SD/SDHC/SDXC slot; HIK-Connect cloud service | E81: =VLOOKUP(C81,'Короткий прайс'!A:B,2,0) -> 115 | F81: =ROUNDUP(E81*$J$1,0) -> 1495000 | H81: =G81*E81 -> 0 | I81: =G81*F81 -> 0
C82: DS-2CD2T46G2-2I 2.8mm C | D82: 1/3" Progressive Scan CMOS; H.265+/H.265/H.264+/H.264/MJPEG; Powered by Darkfighter technology,Color: 0.003 lux @(F1.4, AGC ON), 0 lux with IR; 25fps/30fps(2688×1520,1920×1080); VCA functions; 3 streams; 3D DNR; BLC; ICR; EXIR; DC12V&PoE; Built-in micro SD/SDHC/SDXC slot; HIK-Connect cloud service; *-2I/4I model: up to 60m(2Leds)/80m(4Leds) IR distance | E82: =VLOOKUP(C82,'Короткий прайс'!A:B,2,0) -> 105 | F82: =ROUNDUP(E82*$J$1,0) -> 1365000 | H82: =G82*E82 -> 0 | I82: =G82*F82 -> 0
A83: 311306593 | C83: DS-2CD2T47G2-L(2.8mm)(C)(O-STD) | D83: 1/1.8" Progressive Scan CMOS; H.265+/H.265/H.264+/H.264/MJPEG; Color: 0.0005 lux @(F1.0. AGC ON). 0 lux with LED on; 25fps/30fps(2688×1520. 2304×1296. 1920×1080); VCA functions; 3 streams; 3D DNR; BLC; ICR; 3000K Warm LED; DC12V&PoE; Built-in micro SD/SDHC/SDXC slot; HIK-Connect cloud service; | E83: =VLOOKUP(C83,'Короткий прайс'!A:B,2,0) -> 120 | F83: =ROUNDUP(E83*$J$1,0) -> 1560000 | H83: =G83*E83 -> 0 | I83: =G83*F83 -> 0
C84: DS-2CD2T47G2-L 4MM | D84: 1/1.8" Progressive Scan CMOS; H.265+/H.265/H.264+/H.264/MJPEG; Color: 0.0005 lux @(F1.0. AGC ON). 0 lux with LED on; 25fps/30fps(2688×1520. 2304×1296. 1920×1080); VCA functions; 3 streams; 3D DNR; BLC; ICR; 3000K Warm LED; DC12V&PoE; Built-in micro SD/SDHC/SDXC slot; HIK-Connect cloud service; | E84: =VLOOKUP(C84,'Короткий прайс'!A:B,2,0) -> 117 | F84: =ROUNDUP(E84*$J$1,0) -> 1521000 | H84: =G84*E84 -> 0 | I84: =G84*F84 -> 0
A85: 311302067 | C85: DS-2CD2T63G0-I5(4mm)(O-STD) | D85: 1/2.9" Progressive Scan CMOS; H.265+/H.265/H.264+/H.264/MJPEG; Color: 0.028 lux @(F2.0. AGC ON). 0 lux with IR; 20fps(3072×2048. 3072×1728). 25fps/30fps (2560×1440. 1920×1080); VCA functions; 3 streams; 3D DNR; BLC/HLC; ICR; EXIR; DC12V&PoE; Built-in micro SD/SDHC/SDXC slot; HIK-Connect cloud service *-I5/I8 model: up to 50m/80m IR distance | E85: =VLOOKUP(C85,'Короткий прайс'!A:B,2,0) -> 100 | F85: =ROUNDUP(E85*$J$1,0) -> 1300000 | H85: =G85*E85 -> 0 | I85: =G85*F85 -> 0
A86: 311315976 | C86: DS-2CD2T63G2-4I(2.8mm)(O-STD) | D86: 1/2.8" Progressive Scan CMOS; H.265+/H.265/H.264+/H.264/MJPEG; Color: 0.005 lux@(F1.6. AGC ON). 0 lux with IR; 20fps(3200x1800). 25fps/30fps (2688×1520. 1920×1080); VCA functions; 3 streams; 3D DNR; BLC/HLC; ICR; EXIR; DC12V&PoE; Built-in micro SD/SDHC/SDXC slot; HIK-Connect cloud service; *-2I/4I model: up to 60m(2Leds)/80m(4Leds) IR distance | E86: =VLOOKUP(C86,'Короткий прайс'!A:B,2,0) -> 110 | F86: =ROUNDUP(E86*$J$1,0) -> 1430000 | H86: =G86*E86 -> 0 | I86: =G86*F86 -> 0
A87: 311302143 | C87: DS-2CD2T63G2-2I 2.8MM | D87: 1/2.5" Progressive Scan CMOS; H.265+/H.265/H.264+/H.264/MJPEG; Color: 0.028 lux @(F2.0. AGC ON). 0 lux with IR; 12.5/15fps(3840×2160). 20fps(3072×1728). 25fps/30fps (2560×1440. 1920×1080. 1280×720); VCA functions; 3 streams; 3D DNR; BLC/HLC; ICR; EXIR. up to 30m; DC12V&PoE; Built-in micro SD/SDHC/SDXC slot; HIK-Connect cloud service *-I5/I8 model: up to 50m/80m IR distance | E87: =VLOOKUP(C87,'Короткий прайс'!A:B,2,0) -> 110 | F87: =ROUNDUP(E87*$J$1,0) -> 1430000 | H87: =G87*E87 -> 0 | I87: =G87*F87 -> 0
A88: 311305661 | C88: DS-2CD2T65G1-I8(2.8mm)(O-STD) | D88: 1/2.4" Progressive Scan CMOS; H.265+/H.265/H.264+/H.264/MJPEG; Powered by Darkfighter technology. Color: 0.014 lux@(F1.6. AGC ON). 0 lux with IR; 20fps(3072×2048). 25fps/30fps(2560×1440. 2048×1536. 1920×1080); VCA functions; 3 streams; 3D DNR; BLC/HLC; ICR; EXIR; DC12V&PoE; Built-in micro SD/SDHC/SDXC slot; HIK-Connect cloud service *-I5/I8 model: up to 50m(2Leds)/80m(4Leds) IR distance | E88: =VLOOKUP(C88,'Короткий прайс'!A:B,2,0) -> 118 | F88: =ROUNDUP(E88*$J$1,0) -> 1534000 | H88: =G88*E88 -> 0 | I88: =G88*F88 -> 0
A89: 311302143 | C89: DS-2CD2T83G0-I5(4mm)(O-STD) | D89: 1/2.5" Progressive Scan CMOS; H.265+/H.265/H.264+/H.264/MJPEG; Color: 0.028 lux @(F2.0. AGC ON). 0 lux with IR; 12.5/15fps(3840×2160). 20fps(3072×1728). 25fps/30fps (2560×1440. 1920×1080. 1280×720); VCA functions; 3 streams; 3D DNR; BLC/HLC; ICR; EXIR. up to 30m; DC12V&PoE; Built-in micro SD/SDHC/SDXC slot; HIK-Connect cloud service *-I5/I8 model: up to 50m/80m IR distance | E89: =VLOOKUP(C89,'Короткий прайс'!A:B,2,0) -> 120 | F89: =ROUNDUP(E89*$J$1,0) -> 1560000 | H89: =G89*E89 -> 0 | I89: =G89*F89 -> 0
A90: 311315431 | C90: DS-2CD2T86G2-2I(2.8mm)(C) | D90: 1/1.8" Progressive Scan CMOS; H.265+/H.265/H.264+/H.264/MJPEG; Powered by Darkfighter technology. Color: 0.003 lux@(F1.6. AGC ON). 0 lux with IR; 25fps/24fps(3840×2160). 25fps/30fps (3200x1800. 2688×1520. 1920×1080); VCA functions; 3 streams; 3D DNR; BLC/HLC; ICR; EXIR; DC12V&PoE; Built-in micro SD/SDHC/SDXC slot; HIK-Connect cloud service; *-2I/4I model: up to 60m(2Leds)/80m(4Leds) IR distance | E90: =VLOOKUP(C90,'Короткий прайс'!A:B,2,0) -> 135 | F90: =ROUNDUP(E90*$J$1,0) -> 1755000 | H90: =G90*E90 -> 0 | I90: =G90*F90 -> 0
A91: 311315432 | C91: DS-2CD2T86G2-2I(4mm)(C)(O-STD) | D91: 1/1.8" Progressive Scan CMOS; H.265+/H.265/H.264+/H.264/MJPEG; Powered by Darkfighter technology. Color: 0.003 lux@(F1.6. AGC ON). 0 lux with IR; 25fps/24fps(3840×2160). 25fps/30fps (3200x1800. 2688×1520. 1920×1080); VCA functions; 3 streams; 3D DNR; BLC/HLC; ICR; EXIR; DC12V&PoE; Built-in micro SD/SDHC/SDXC slot; HIK-Connect cloud service; *-2I/4I model: up to 60m(2Leds)/80m(4Leds) IR distance | E91: =VLOOKUP(C91,'Короткий прайс'!A:B,2,0) -> 145 | F91: =ROUNDUP(E91*$J$1,0) -> 1885000 | H91: =G91*E91 -> 0 | I91: =G91*F91 -> 0
A92: 311315434 | C92: DS-2CD2T86G2-4I 2,8MM | D92: 1/1.8" Progressive Scan CMOS; H.265+/H.265/H.264+/H.264/MJPEG; Powered by Darkfighter technology. Color: 0.003 lux@(F1.6. AGC ON). 0 lux with IR; 25fps/24fps(3840×2160). 25fps/30fps (3200x1800. 2688×1520. 1920×1080); VCA functions; 3 streams; 3D DNR; BLC/HLC; ICR; EXIR; DC12V&PoE; Built-in micro SD/SDHC/SDXC slot; HIK-Connect cloud service; *-2I/4I model: up to 60m(2Leds)/80m(4Leds) IR distance | E92: =VLOOKUP(C92,'Короткий прайс'!A:B,2,0) -> 145 | F92: =ROUNDUP(E92*$J$1,0) -> 1885000 | H92: =G92*E92 -> 0 | I92: =G92*F92 -> 0
C93: DS-2CD2746G2-IZS | D93: 1/3" Progressive Scan CMOS((C) model); H.265+/H.265/H.264+/H.264/MJPEG; Powered by Darkfighter technology,Color: 0.003 lux @(F1.4, AGC ON), 0 lux with IR; 25fps/30fps(2688×1520,1920×1080); VCA functions; 3 streams; 3D DNR; BLC; ICR; EXIR; DC12V&PoE; Built-in micro SD/SDHC/SDXC slot; HIK-Connect cloud service; Audio/Alarm I/O *non-(C) model:1/2.7" Progressive Scan CMOS | E93: =VLOOKUP(C93,'Короткий прайс'!A:B,2,0) -> 90 | F93: =ROUNDUP(E93*$J$1,0) -> 1170000 | H93: =G93*E93 -> 0 | I93: =G93*F93 -> 0
C94: DS-2CD2147G2-LSU 2.8MM C | D94: 1/1.8" Progressive Scan CMOS; H.265+/H.265/H.264+/H.264/MJPEG; Color: 0.0005 lux @(F1.0, AGC ON), 0 lux with LED on; 25fps/30fps(2688×1520, 1920×1080); VCA functions; 3 streams; 3D DNR; BLC; ICR; DC12V&PoE; Built-in micro SD/SDHC/SDXC slot; HIK-Connect cloud service; *-SU model: Audio/Alarm I/O, Built-in microphone | E94: =VLOOKUP(C94,'Короткий прайс'!A:B,2,0) -> 114 | F94: =ROUNDUP(E94*$J$1,0) -> 1482000 | H94: =G94*E94 -> 0 | I94: =G94*F94 -> 0
C95: DS-2CD1063G2-LIU 2.8MM | D95: High quality imaging with 6 MP resolution Support Human and Vehicle Detection Smart Hybrid Light: advanced technology with long range Water and dust resistant (IP67) Efficient H.265+ compression technology | E95: =VLOOKUP(C95,'Короткий прайс'!A:B,2,0) -> 52 | F95: =ROUNDUP(E95*$J$1,0) -> 676000 | H95: =G95*E95 -> 0 | I95: =G95*F95 -> 0
C96: DS-2CD1023G2-LIU 2.8MM | D96: High quality imaging with 2 MP resolution Support Human and Vehicle Detection Smart Hybrid Light: advanced technology with long range Built-in microphone for real-time audio security Water and dust resistant (IP67) Efficient H.265+ compression technology | E96: =VLOOKUP(C96,'Короткий прайс'!A:B,2,0) -> 36.5 | F96: =ROUNDUP(E96*$J$1,0) -> 474500 | H96: =G96*E96 -> 0 | I96: =G96*F96 -> 0
C97: DS-2CD1043G2-LIU 2.8MM | D97: High quality imaging with 4 MP resolution Support Human and Vehicle Detection Smart Hybrid Light: advanced technology with long range Built-in microphone for real-time audio security Water and dust resistant (IP67) Efficient H.265+ compression technology | E97: =VLOOKUP(C97,'Короткий прайс'!A:B,2,0) -> 45.9 | F97: =ROUNDUP(E97*$J$1,0) -> 596700 | H97: =G97*E97 -> 0 | I97: =G97*F97 -> 0
C98: DS-2CD2183G2-LI 2.8MM | D98: High quality imaging with 8 MP resolution Acusense: Focus on human and vehicle classification based on deep learning Smart Hybrid Light: Integrates IR and White lights, 4 supplemental lighting modes -2U: Built-in dual microphone for real-time high quality audio security Clear imaging against strong back light due to 120 dB true WDR technology Efficient H.265+ compression technology Water and dust resistant (IP67) and vandal-resistant (IK10) | E98: =VLOOKUP(C98,'Короткий прайс'!A:B,2,0) -> 96 | F98: =ROUNDUP(E98*$J$1,0) -> 1248000 | H98: =G98*E98 -> 0 | I98: =G98*F98 -> 0
C99: DS-2CD2T63G2-2LI 2.8MM | D99: High quality imaging with 6 MP resolution Acusense: Focus on human and vehicle classification based on deep learning Smart Hybrid Light: Integrates IR and White lights, 4 supplemental lighting modes -2U: Built-in dual microphone for real-time high quality audio security Clear imaging against strong back light due to 120 dB true WDR technology Efficient H.265+ compression technology Water and dust resistant (IP67) and vandal-resistant (IK10) | E99: =VLOOKUP(C99,'Короткий прайс'!A:B,2,0) -> 110 | F99: =ROUNDUP(E99*$J$1,0) -> 1430000 | H99: =G99*E99 -> 0 | I99: =G99*F99 -> 0
C100: DS-2CD1147G2-LUF 2.8MM | D100: High quality imaging with 4 MP resolution 24/7 colorful imaging Support Human and Vehicle Detection Water and dust resistant (IP67) and vandal resistant (IK08) Clear imaging even with strong back lighting due to 120 dB WDR Efficient H.265+ compression technology Support on-board storage up to 256GB (SD card slot)(Optional) Built-in microphone for real-time audio security(Optional) | E100: =VLOOKUP(C100,'Короткий прайс'!A:B,2,0) -> 75 | F100: =ROUNDUP(E100*$J$1,0) -> 975000 | H100: =G100*E100 -> 0 | I100: =G100*F100 -> 0
...

Sheet NVR
A1: Артикул | B1: Изображение | C1: Модель | D1: Характеристика | E1: Цена USD | F1: Цена с НДС | G1: Кол-во | H1: Сумма USD | I1: Сумма НДС | J1: 13000
A2: 303613783 | C2: DS-7104NI-Q1(STD)(C) | D2: 40Mbps Bit Rate Input Max (up to 4-ch IP video). 1 SATA interface. mini 1U case(Plastic) | E2: =VLOOKUP(C2,'Короткий прайс'!A:B,2,0) -> 37 | F2: =ROUNDUP(E2*$J$1,0) -> 481000 | H2: =G2*E2 -> 0 | I2: =G2*F2 -> 0
A3: 303613785 | C3: DS-7108NI-Q1(STD)(C) | D3: 60Mbps Bit Rate Input Max (up to 8-ch IP video). 1 SATA interface. mini 1U case(Plastic) | E3: =VLOOKUP(C3,'Короткий прайс'!A:B,2,0) -> 41.5 | F3: =ROUNDUP(E3*$J$1,0) -> 539500 | H3: =G3*E3 -> 0 | I3: =G3*F3 -> 0
A4: 303613785 | C4: DS-7108NI-Q1/8P | D4: H.265+/H.265/H.264+/H.264 video compression Up to 60 Mbps incoming bandwidth, and 60 Mbps outgoing bandwidth Up to 8-ch network camera inputs Up to 4-ch 1080p decoding capability HDMI and VGA simultaneous output | E4: =VLOOKUP(C4,'Короткий прайс'!A:B,2,0) -> 67 | F4: =ROUNDUP(E4*$J$1,0) -> 871000 | H4: =G4*E4 -> 0 | I4: =G4*F4 -> 0
A5: 303613785 | C5: DS-7116NI-Q1/M | D5: 4-ch 1080P. or 1-ch 4K.160Mbps Bit Rate Input Max (up to 16-ch IP video). 1 SATA interface. standalone 1U case | E5: =VLOOKUP(C5,'Короткий прайс'!A:B,2,0) -> 70 | F5: =ROUNDUP(E5*$J$1,0) -> 910000 | H5: =G5*E5 -> 0 | I5: =G5*F5 -> 0
A6: 303613462 | C6: DS-7604NI-K1(STD)(C) | D6: 40Mbps Bit Rate Input Max (up to 4-ch IP video). 1 SATA interface. standalone 1U case | E6: =VLOOKUP(C6,'Короткий прайс'!A:B,2,0) -> 57.9 | F6: =ROUNDUP(E6*$J$1,0) -> 752700 | H6: =G6*E6 -> 0 | I6: =G6*F6 -> 0
A7: 303613392 | C7: DS-7604NI-Q1(STD)(C) | D7: 4-ch 1080P. or 1-ch 4K.40Mbps Bit Rate Input Max (up to 4-ch IP video). 1 SATA interface. standalone 1U case | E7: =VLOOKUP(C7,'Короткий прайс'!A:B,2,0) -> 52 | F7: =ROUNDUP(E7*$J$1,0) -> 676000 | H7: =G7*E7 -> 0 | I7: =G7*F7 -> 0
C8: DS-7604NXI-K1 | D8: Up to 4-ch IP camera inputs H.265+/H.265/H.264+/H.264 video formats Up to 1-ch@12 MP or 2-ch@8 MP or 4-ch@4 MP or 8-ch@1080p decoding capacity Up to 40 Mbps incoming bandwidth Adopt Hikvision Acusense technology to minimize manual effort and security costs | E8: =VLOOKUP(C8,'Короткий прайс'!A:B,2,0) -> 57.9 | F8: =ROUNDUP(E8*$J$1,0) -> 752700 | H8: =G8*E8 -> 0 | I8: =G8*F8 -> 0
A9: 303613466 | C9: DS-7608NI-K1(STD)(C) | D9: 80Mbps Bit Rate Input Max (up to 8-ch IP video). 1 SATA interfaces. standalone 1U case | E9: =VLOOKUP(C9,'Короткий прайс'!A:B,2,0) -> 60 | F9: =ROUNDUP(E9*$J$1,0) -> 780000 | H9: =G9*E9 -> 0 | I9: =G9*F9 -> 0
A10: 303613396 | C10: DS-7608NI-Q1(STD)(C) | D10: 4-ch 1080P. or 1-ch 4K.80Mbps Bit Rate Input Max (up to 8-ch IP video). 1 SATA interfaces. standalone 1U case | E10: =VLOOKUP(C10,'Короткий прайс'!A:B,2,0) -> 55.3 | F10: =ROUNDUP(E10*$J$1,0) -> 718900 | H10: =G10*E10 -> 0 | I10: =G10*F10 -> 0
A11: 303613384 | C11: DS-7608NI-Q2 | D11: 80Mbps Bit Rate Input Max (up to 8-ch IP video). 2 SATA interfaces. 380 1U case | E11: =VLOOKUP(C11,'Короткий прайс'!A:B,2,0) -> 80 | F11: =ROUNDUP(E11*$J$1,0) -> 1040000 | H11: =G11*E11 -> 0 | I11: =G11*F11 -> 0
C12: DS-7608NXI-K1 | D12: 8-ch 1U K Series AcuSense 4K NVR Up to 8-ch IP camera inputs H.265+/H.265/H.264+/H.264 video formats Up to 1-ch@12 MP or 2-ch@8 MP or 4-ch@4 MP or 8-ch@1080p decoding capacity Up to 80 Mbps incoming bandwidth Adopt Hikvision Acusense technology to minimize manual effort and security costs | E12: =VLOOKUP(C12,'Короткий прайс'!A:B,2,0) -> 61 | F12: =ROUNDUP(E12*$J$1,0) -> 793000 | H12: =G12*E12 -> 0 | I12: =G12*F12 -> 0
C13: DS-7608NXI-K2 | D13: 8-ch 1U K Series AcuSense 4K NVR Up to 8-ch IP camera inputs H.265+/H.265/H.264+/H.264 video formats Up to 2-ch@12 MP or 3-ch@8 MP or 6-ch@4 MP or 12-ch@1080p decoding capacity Up to 80 Mbps incoming bandwidth Adopt Hikvision Acusense technology to minimize manual effort and security costs | E13: =VLOOKUP(C13,'Короткий прайс'!A:B,2,0) -> 90 | F13: =ROUNDUP(E13*$J$1,0) -> 1170000 | H13: =G13*E13 -> 0 | I13: =G13*F13 -> 0
A14: 303613470 | C14: DS-7616NI-K1(STD)(C) | D14: 160Mbps Bit Rate Input Max (up to 16-ch IP video). 1 SATA interface. standalone 1U case | E14: =VLOOKUP(C14,'Короткий прайс'!A:B,2,0) -> 78.2 | F14: =ROUNDUP(E14*$J$1,0) -> 1016600 | H14: =G14*E14 -> 0 | I14: =G14*F14 -> 0
A15: 303603692 | C15: DS-7616NI-K2(STD) | D15: 160Mbps Bit Rate Input Max (up to 16-ch IP video). 2 SATA interfaces. 380 1U case. alarm I/O: 4/1 | E15: =VLOOKUP(C15,'Короткий прайс'!A:B,2,0) -> 108 | F15: =ROUNDUP(E15*$J$1,0) -> 1404000 | H15: =G15*E15 -> 0 | I15: =G15*F15 -> 0
A16: 303613400 | C16: DS-7616NI-Q1(STD)(C) | D16: 4-ch 1080P. or 1-ch 4K.160Mbps Bit Rate Input Max (up to 16-ch IP video). 1 SATA interface. standalone 1U case | E16: =VLOOKUP(C16,'Короткий прайс'!A:B,2,0) -> 68.5 | F16: =ROUNDUP(E16*$J$1,0) -> 890500 | H16: =G16*E16 -> 0 | I16: =G16*F16 -> 0
A17: 303613388 | C17: DS-7616NI-Q2(STD)(C) | D17: 160Mbps Bit Rate Input Max (up to 16-ch IP video). 2 SATA interfaces. 380 1U case | E17: =VLOOKUP(C17,'Короткий прайс'!A:B,2,0) -> 82 | F17: =ROUNDUP(E17*$J$1,0) -> 1066000 | H17: =G17*E17 -> 0 | I17: =G17*F17 -> 0
C18: DS-7616NXI-K1 | D18: Up to 16-ch IP camera inputs H.265+/H.265/H.264+/H.264 video formats Up to 1-ch@12 MP or 2-ch@8 MP or 4-ch@4 MP or 8-ch@1080p decoding capacity Up to 160 Mbps incoming bandwidth Adopt Hikvision Acusense technology to minimize manual effort and security costs | E18: =VLOOKUP(C18,'Короткий прайс'!A:B,2,0) -> 78.2 | F18: =ROUNDUP(E18*$J$1,0) -> 1016600 | H18: =G18*E18 -> 0 | I18: =G18*F18 -> 0
C19: DS-7616NXI-K2 | D19: Up to 16-ch IP camera inputs H.265+/H.265/H.264+/H.264 video formats Up to 2-ch@12 MP or 3-ch@8 MP or 6-ch@4 MP or 12-ch@1080p decoding capacity Up to 160 Mbps incoming bandwidth Adopt Hikvision Acusense technology to minimize manual effort and security costs | E19: =VLOOKUP(C19,'Короткий прайс'!A:B,2,0) -> 115 | F19: =ROUNDUP(E19*$J$1,0) -> 1495000 | H19: =G19*E19 -> 0 | I19: =G19*F19 -> 0
A20: 303603694 | C20: DS-7632NI-K2(STD) | D20: 160Mbps Bit Rate Input Max(up to 16-ch IP video). 4 SATA Interfaces.2 HDMI ouputs.1 VGA port. 1 CVBS output. alarm I/O: 16/4. 1.5U case.19" | E20: =VLOOKUP(C20,'Короткий прайс'!A:B,2,0) -> 160 | F20: =ROUNDUP(E20*$J$1,0) -> 2080000 | H20: =G20*E20 -> 0 | I20: =G20*F20 -> 0
A21: 303607718 | C21: DS-7716NI-I4(B)(STD) | D21: 160Mbps Bit Rate Input Max(up to 16-ch IP video). 4 SATA Interfaces.2 HDMI ouputs.1 VGA port. 1 CVBS output. alarm I/O: 16/4. 1.5U case.19" | E21: =VLOOKUP(C21,'Короткий прайс'!A:B,2,0) -> 300 | F21: =ROUNDUP(E21*$J$1,0) -> 3900000 | H21: =G21*E21 -> 0 | I21: =G21*F21 -> 0
A22: 303609054 | C22: DS-7716NI-Q4(STD) | D22: 160Mbps Bit Rate Input Max(up to 16-ch IP video). 4 SATA Interfaces. alarm I/O: 16/4. 1.5U case.19" | E22: =VLOOKUP(C22,'Короткий прайс'!A:B,2,0) -> 175 | F22: =ROUNDUP(E22*$J$1,0) -> 2275000 | H22: =G22*E22 -> 0 | I22: =G22*F22 -> 0
A23: 303607722 | C23: DS-7732NI-I4(B)(STD) | D23: 256Mbps Bit Rate Input Max(up to 32-ch IP video). 4 SATA Interfaces. 2 HDMI ouputs.1 VGA port. 1 CVBS output.1 eSATA.alarm I/O: 16/4. 1.5U case.19" | E23: =VLOOKUP(C23,'Короткий прайс'!A:B,2,0) -> 326 | F23: =ROUNDUP(E23*$J$1,0) -> 4238000 | H23: =G23*E23 -> 0 | I23: =G23*F23 -> 0
A24: 303603706 | C24: DS-7732NI-K4(STD) | D24: 256Mbps Bit Rate Input Max(up to 32-ch IP video). 4 SATA Interfaces. alarm I/O: 16/4. 1.5U case.19" | E24: =VLOOKUP(C24,'Короткий прайс'!A:B,2,0) -> 189.8 | F24: =ROUNDUP(E24*$J$1,0) -> 2467400 | H24: =G24*E24 -> 0 | I24: =G24*F24 -> 0
C25: DS-7764NI-M4 | D25: H.265+/H.265/H.264+/H.264 video formats Up to 64-ch IP camera inputs Up to 2-ch@32 MP/2-ch@24 MP/4-ch@12 MP/8-ch@8 MP/16-ch@4 MP/32-ch@1080p decoding capacity Up to 400 Mbps incoming bandwidth and 400 Mbps outgoing bandwidth 2 HDMI and 1 VGA interfaces, 8K or dual 4K video outputs | E25: =VLOOKUP(C25,'Короткий прайс'!A:B,2,0) -> 545 | F25: =ROUNDUP(E25*$J$1,0) -> 7085000 | H25: =G25*E25 -> 0 | I25: =G25*F25 -> 0
C26: DS-7716NI-M4 | D26: H.265+/H.265/H.264+/H.264 video formats Up to 16-ch IP camera inputs Up to 16-ch@4 MP decoding capacity Up to 256 Mbps incoming bandwidth | E26: =VLOOKUP(C26,'Короткий прайс'!A:B,2,0) -> 330 | F26: =ROUNDUP(E26*$J$1,0) -> 4290000 | H26: =G26*E26 -> 0 | I26: =G26*F26 -> 0
C27: DS-7104NI-S1/W | D27: 4-ch Mini Wi-Fi NVS Equipped with Wi Fi hotspot, one click to add wireless IPC Supports Micro SD card storage, up to 512GB Through the HC App, initialization configurations such as scanning and adding devices, formatting storage media, and adding IPC with just one click are completed, enabling remote preview and playback, channel intercom, pan tilt control, and other operations Through the HC App, device sharing, channel management, storage media management, recording plan settings, message settings, video encryption, and other configurations can be performed | E27: =VLOOKUP(C27,'Короткий прайс'!A:B,2,0) -> 26 | F27: =ROUNDUP(E27*$J$1,0) -> 338000 | H27: =G27*E27 -> 0 | I27: =G27*F27 -> 0
C28: NKS422W0H | D28: 2MP H.265 TWO bullet WiFi NVS Kit Easy and quick wireless installation All cameras can be linked with NVS at one time Secure and integrated video storage, all videos are stored in NVS Up to 512 GB Micro SD card storage capacity Remote mobile phone management, all functions can be performed through Hik-Connect, such as camera adding, two-way audio, live view, playback, etc. Accurate motion detection function Smart IR and white light Built-in mic and speaker for two-way audio 2 fixed bullet cameras with 2 MP resolution and 2.8 mm focal length | E28: =VLOOKUP(C28,'Короткий прайс'!A:B,2,0) -> 96 | F28: =ROUNDUP(E28*$J$1,0) -> 1248000 | H28: =G28*E28 -> 0 | I28: =G28*F28 -> 0
C29: NKS422W03H | D29: 2MP H.265 One bullet + One PTDome WiFi NVS Kit Easy and quick wireless installation All cameras can be linked with NVS at one time Secure and integrated video storage, all videos are stored in NVS Up to 512 GB Micro SD card storage capacity Remote mobile phone management, all functions can be performed through Hik-Connect, such as camera adding, two-way audio, live view, playback, etc. Accurate motion detection function Smart IR and white light Built-in mic and speaker for two-way audio 1 fixed PT turret camera and 1 fixed Speed Dome camera, both with 2 MP resolution and 2.8 mm focal length | E29: =VLOOKUP(C29,'Короткий прайс'!A:B,2,0) -> 135 | F29: =ROUNDUP(E29*$J$1,0) -> 1755000 | H29: =G29*E29 -> 0 | I29: =G29*F29 -> 0
C30: DS-7102NI-S1/W | D30: 2-ch Mini Wi-Fi NVS Equipped with Wi Fi hotspot, one click to add wireless IPC Supports Micro SD card storage, up to 512GB Through the HC App, initialization configurations such as scanning and adding devices, formatting storage media, and adding IPC with just one click are completed, enabling remote preview and playback, channel intercom, pan tilt control, and other operations Through the HC App, device sharing, channel management, storage media management, recording plan settings, message settings, video encryption, and other configurations can be performed | E30: =VLOOKUP(C30,'Короткий прайс'!A:B,2,0) -> 25 | F30: =ROUNDUP(E30*$J$1,0) -> 325000 | H30: =G30*E30 -> 0 | I30: =G30*F30 -> 0
C31: DS-7632NXI-K2 | D31: 32-ch 1U K Series AcuSense 4K NVR Up to 32-ch IP camera inputs H.265+/H.265/H.264+/H.264 video formats Up to 2-ch@12 MP or 3-ch@8 MP or 6-ch@4 MP or 12-ch@1080p decoding capacity Up to 256 Mbps incoming bandwidth Adopt Hikvision Acusense technology to minimize manual effort and security costs | E31: =VLOOKUP(C31,'Короткий прайс'!A:B,2,0) -> 165 | F31: =ROUNDUP(E31*$J$1,0) -> 2145000 | H31: =G31*E31 -> 0 | I31: =G31*F31 -> 0
C32: NKS422W02H | D32: 2MP H.265 One bullet + One turret WiFi NVS Kit Easy and quick wireless installation All cameras can be linked with NVS at one time Secure and integrated video storage, all videos are stored in NVS Up to 512 GB Micro SD card storage capacity Remote mobile phone management, all functions can be performed through Hik-Connect, such as camera adding, two-way audio, live view, playback, etc. Accurate motion detection function Smart IR and white light Built-in mic and speaker for two-way audio 1 fixed PT turret camera and 1 fixed bullet camera, both with 2 MP resolution and 2.8 mm focal length | E32: =VLOOKUP(C32,'Короткий прайс'!A:B,2,0) -> 102 | F32: =ROUNDUP(E32*$J$1,0) -> 1326000 | H32: =G32*E32 -> 0 | I32: =G32*F32 -> 0
C33: NKS424W02H | D33: 4MP H.265 One bullet + One turret WiFi NVS Kit Easy and quick wireless installation All cameras can be linked with NVS at one time Secure and integrated video storage, all videos are stored in NVS Up to 512 GB Micro SD card storage capacity Remote mobile phone management, all functions can be performed through Hik-Connect, such as camera adding, two-way audio, live view, playback, etc. Accurate motion detection function Smart IR and white light Built-in mic and speaker for two-way audio 1 fixed PT turret camera and 1 fixed bullet camera, both with 4 MP resolution and 2.8 mm focal length | E33: =VLOOKUP(C33,'Короткий прайс'!A:B,2,0) -> 110 | F33: =ROUNDUP(E33*$J$1,0) -> 1430000 | H33: =G33*E33 -> 0 | I33: =G33*F33 -> 0
C34: NKS424W03H | D34: 4MP H.265 One bullet + One PTDome WiFi NVS Kit Easy and quick wireless installation All cameras can be linked with NVS at one time Secure and integrated video storage, all videos are stored in NVS Up to 512 GB Micro SD card storage capacity Remote mobile phone management, all functions can be performed through Hik-Connect, such as camera adding, two-way audio, live view, playback, etc. Accurate motion detection function Smart IR and white light Built-in mic and speaker for two-way audio 1 fixed PT turret camera and 1 fixed Speed Dome camera, both with 4 MP resolution and 2.8 mm focal length | E34: =VLOOKUP(C34,'Короткий прайс'!A:B,2,0) -> 128 | F34: =ROUNDUP(E34*$J$1,0) -> 1664000 | H34: =G34*E34 -> 0 | I34: =G34*F34 -> 0
C35: NKS424W0H | D35: 4MP H.265 TWO bullet WiFi NVS Kit Easy and quick wireless installation All cameras can be linked with NVS at one time Secure and integrated video storage, all videos are stored in NVS Up to 512 GB Micro SD card storage capacity Remote mobile phone management, all functions can be performed through Hik-Connect, such as camera adding, two-way audio, live view, playback, etc. Accurate motion detection function Smart IR and white light Built-in mic and speaker for two-way audio 2 fixed bullet cameras with 4 MP resolution and 2.8 mm focal length | E35: =VLOOKUP(C35,'Короткий прайс'!A:B,2,0) -> 106 | F35: =ROUNDUP(E35*$J$1,0) -> 1378000 | H35: =G35*E35 -> 0 | I35: =G35*F35 -> 0

Sheet Проектное оборудование
A1: Артикул | B1: Изображение | C1: Модель | D1: Характеристика | E1: Цена USD | F1: Цена с НДС | G1: Кол-во | H1: Сумма USD | I1: Сумма НДС | J1: 13000
A2: 303613590 | C2: DS-7608NXI-I2/S(STD)(C) | D2: 4-ch false alarm reduction through human and vehicle target classification based on deep learning Up to 1-ch video stream face recognition based on deep learning algorithm Up to 16 face databases with 10.000 face images in total Up to 16-ch @ 1080p decoding capacity 1 HDMI and 1 VGA interfaces: both interfaces support independent video output Up to 12 MP high-definition live view. storage and playback 2 HDDs for continuous video recording | E2: =VLOOKUP(C2,'Короткий прайс'!A:B,2,0) -> 250 | F2: =ROUNDUP(E2*$J$1,0) -> 3250000 | H2: =G2*E2 -> 0 | I2: =G2*F2 -> 0
A3: 303613591 | C3: DS-7716NXI-K4 | D3: All-ch Motion Detection 2.0 Up to 2-ch false alarm reduction through human and vehicle target classification based on deep learning Up to 1-ch video stream face recognition based on deep learning algorithm Up to 16 face databases with 20,000 face images in total Up to 2-ch @ 12MP or 3-ch @ 8MP or 6-ch @ 4MP or 12-ch @ 1080P decoding capacity | E3: =VLOOKUP(C3,'Короткий прайс'!A:B,2,0) -> 192 | F3: =ROUNDUP(E3*$J$1,0) -> 2496000 | H3: =G3*E3 -> 0 | I3: =G3*F3 -> 0
A4: 303613591 | C4: DS-7616NXI-I2/S(STD)(C) | D4: 4-ch false alarm reduction through human and vehicle target classification based on deep learning Up to 1-ch video stream face recognition based on deep learning algorithm Up to 16 face databases with 10.000 face images in total Up to 16-ch @ 1080p decoding capacity 1 HDMI and 1 VGA interfaces: both interfaces support independent video output Up to 12 MP high-definition live view. storage and playback 2 HDDs for continuous video recording | E4: =VLOOKUP(C4,'Короткий прайс'!A:B,2,0) -> По запросу | F4: =ROUNDUP(E4*$J$1,0) -> #VALUE! | H4: =G4*E4 -> #VALUE! | I4: =G4*F4 -> #VALUE!
A5: 303611984 | C5: DS-7732NXI-I4/S(STD) | D5: 4-ch false alarm reduction through human and vehicle target classification based on deep learning Up to 1-ch video stream face recognition based on deep learning algorithm Up to 16 face databases with 10.000 face images in total Up to 16-ch @ 1080p decoding capacity 1 HDMI and 1 VGA interfaces: both interfaces support independent video output Up to 12 MP high-definition live view. storage and playback 4 HDDs for continuous video recording | E5: =VLOOKUP(C5,'Короткий прайс'!A:B,2,0) -> По запросу | F5: =ROUNDUP(E5*$J$1,0) -> #VALUE! | H5: =G5*E5 -> #VALUE! | I5: =G5*F5 -> #VALUE!
C6: DS-8632NI-I8 | D6: Up to 32 channel IP cameras can be connected Up to 12 MP high-definition live view, storage and playback Up to 320 Mbps (or 200 Mbps when RAID is enabled) high incoming bandwidth ensures IP cameras can be connected 2 HDMI (different source) and 2 VGA (different source) interfaces 8 HDD can be used for continuous video recording Supports some specialist cameras, including people counting camera/ANPR (automatic number plate recognition) camera/fisheye camera Advanced streaming technology enables smooth live view in poor network conditions Supports RAID 0, 1, 5, 6, 10 and N+1 hot spare for even more reliable data storage, effectively avoids data loss risks | E6: =VLOOKUP(C6,'Короткий прайс'!A:B,2,0) -> По запросу | F6: =ROUNDUP(E6*$J$1,0) -> #VALUE! | H6: =G6*E6 -> #VALUE! | I6: =G6*F6 -> #VALUE!
C7: DS-8632NXI-K8 | D7: Up to 32 channel IP cameras can be connected Supports decoding H.265+/H.265/H.264+/H.264/MPEG4 video formats Up to 4K high-definition live view, storage and playback Up to 160 Mbps high incoming bandwidth ensures IP cameras can be connected 2 HDMI (different source) and 2 VGA (different source) interfaces 8 HDD can be used for continuous video recording Supports some specialist cameras, including people counting camera/ANPR (automatic number plate recognition) camera | E7: =VLOOKUP(C7,'Короткий прайс'!A:B,2,0) -> По запросу | F7: =ROUNDUP(E7*$J$1,0) -> #VALUE! | H7: =G7*E7 -> #VALUE! | I7: =G7*F7 -> #VALUE!
C8: DS-9632NI-M16 | D8: 32-ch 3U 4K NVR Up to 32-ch IP camera inputs Up to 2-ch@32 MP/2-ch@24 MP/4-ch@12 MP/8-ch@8 MP/16-ch@4 MP/32-ch@1080p decoding capacity Up to 320 Mbps incoming bandwidth and 400 Mbps outgoing bandwidth 2 HDMI (different source) and 2 VGA (different source) interfaces, 8K or dual 4K video outputs Supports special cameras, including people counting camera, ANPR (automatic number plate recognition) camera, and fisheye camera Advanced streaming technology enables smooth live view in poor network conditions Supports RAID 0, 1, 5, 6, 10 and N+M hot spare for even more reliable data storage, effectively avoids data loss risks Up to 8-ch IP speakers can be connected | E8: =VLOOKUP(C8,'Короткий прайс'!A:B,2,0) -> 1320 | F8: =ROUNDUP(E8*$J$1,0) -> 17160000 | H8: =G8*E8 -> 0 | I8: =G8*F8 -> 0
C9: DS-9632NI-M8 | D9: 32-ch 2U 8K NVR Up to 32-ch IP camera inputs Up to 2-ch@32 MP/2-ch@24 MP/4-ch@12 MP/8-ch@8 MP/16-ch@4 MP/32-ch@1080p decoding capacity Up to 320 Mbps incoming bandwidth and 400 Mbps outgoing bandwidth 2 HDMI (different source) and 2 VGA (different source) interfaces, 8K or dual 4K video outputs Supports special cameras, including people counting camera, ANPR (automatic number plate recognition) camera, and fisheye camera Advanced streaming technology enables smooth live view in poor network conditions Supports RAID 0, 1, 5, 6, 10 and N+M hot spare for even more reliable data storage, effectively avoids data loss risks Up to 8-ch IP speakers can be connected | E9: =VLOOKUP(C9,'Короткий прайс'!A:B,2,0) -> 780 | F9: =ROUNDUP(E9*$J$1,0) -> 10140000 | H9: =G9*E9 -> 0 | I9: =G9*F9 -> 0
A10: 303604447 | C10: DS-96128NI-I16(STD) | D10: 576Mbps Bit Rate Input Max(up to 128-ch IP video). 16 SATA Interfaces. alarm I/O: 16/8. RAID0.1.5.6.10 supported. 3U case.19" | E10: =VLOOKUP(C10,'Короткий прайс'!A:B,2,0) -> 2490 | F10: =ROUNDUP(E10*$J$1,0) -> 32370000 | H10: =G10*E10 -> 0 | I10: =G10*F10 -> 0
C11: DS-9664NI-M8 | D11: Up to 64-ch IP camera inputs Up to 2-ch@32 MP/2-ch@24 MP/4-ch@12 MP/8-ch@8 MP/16-ch@4 MP/32-ch@1080p decoding capacity Up to 400 Mbps incoming bandwidth and 400 Mbps outgoing bandwidth 2 HDMI (different source) and 2 VGA (different source) interfaces, 8K or dual 4K video outputs Supports special cameras, including people counting camera, ANPR (automatic number plate recognition) camera, and fisheye camera Advanced streaming technology enables smooth live view in poor network conditions Supports RAID 0, 1, 5, 6, 10 and N+M hot spare for even more reliable data storage, effectively avoids data loss risks | E11: =VLOOKUP(C11,'Короткий прайс'!A:B,2,0) -> 1050 | F11: =ROUNDUP(E11*$J$1,0) -> 13650000 | H11: =G11*E11 -> 0 | I11: =G11*F11 -> 0
C12: DS-9664NI-M16 | D12: Up to 64-ch IP camera inputs Up to 2-ch@32 MP/2-ch@24 MP/4-ch@12 MP/8-ch@8 MP/16-ch@4 MP/32-ch@1080p decoding capacity Up to 400 Mbps incoming bandwidth and 400 Mbps outgoing bandwidth 2 HDMI (different source) and 2 VGA (different source) interfaces, 8K or dual 4K video outputs Supports special cameras, including people counting camera, ANPR (automatic number plate recognition) camera, and fisheye camera Advanced streaming technology enables smooth live view in poor network conditions Supports RAID 0, 1, 5, 6, 10 and N+M hot spare for even more reliable data storage, effectively avoids data loss risks | E12: =VLOOKUP(C12,'Короткий прайс'!A:B,2,0) -> 1900 | F12: =ROUNDUP(E12*$J$1,0) -> 24700000 | H12: =G12*E12 -> 0 | I12: =G12*F12 -> 0
C13: DS-96256NI-I24 | D13: Up to 256 channel IP cameras can be connected Up to 768 Mbps high incoming bandwidth ensures IP cameras can be connected 2 HDMI (different source) and 1 VGA interfaces 24 HDD can be used for continuous video recording Supports some specialist cameras, including people counting camera/ANPR (automatic number plate recognition) camera/fisheye camera Advanced streaming technology enables smooth live view in poor network conditions Supports RAID 0, 1, 5, 6, 10 and N+1 hot spare for even more reliable data storage, effectively avoids data loss risks | E13: =VLOOKUP(C13,'Короткий прайс'!A:B,2,0) -> 5000 | F13: =ROUNDUP(E13*$J$1,0) -> 65000000 | H13: =G13*E13 -> 0 | I13: =G13*F13 -> 0
C14: DS-A81016S/160 | D14: Economical and Stable Hardware Platform HDD detection and repair/RAID optimization Surveillance-specialized direct storage (Direct Streaming mode+IP SAN mode) Advanced data protection (synchronous backup of key information in system disks) Energy efficient and user-friendly UI | E14: =VLOOKUP(C14,'Короткий прайс'!A:B,2,0) -> По запросу | F14: =ROUNDUP(E14*$J$1,0) -> #VALUE! | H14: =G14*E14 -> #VALUE! | I14: =G14*F14 -> #VALUE!
C15: IDS-2CD7026G0-AP C | D15: High quality imaging with 2 MP resolution Excellent low-light performance via DarkFighter technology Clear imaging against strong back light due to 140 dB WDR technology Efficient H.265+ compression technology to save bandwidth and storage 5 streams to meet a wide variety of applications Built-in microphone for real-time audio security | E15: =VLOOKUP(C15,'Короткий прайс'!A:B,2,0) -> По запросу | F15: =ROUNDUP(E15*$J$1,0) -> #VALUE! | H15: =G15*E15 -> #VALUE! | I15: =G15*F15 -> #VALUE!
A16: 311307447 | C16: DS-2CD5AC5G0-IZHS(2.8-12mm)(B)(O-STD) | D16: 1/1.7" Progressive Scan CMOS. ICR. Color:0.009Lux/F1.2. B/W:0.0009Lux/F1.2. slow shutter. 12MP 20fps/20fps;: H.265+/H.265/H.264+/H.264/MJPEG， DWDR; 2*AlarmIn. 2*AlarmOut; 5streams+5 custom streams; (-H:build-in Heater); IP67;IK10; | E16: =VLOOKUP(C16,'Короткий прайс'!A:B,2,0) -> 850 | F16: =ROUNDUP(E16*$J$1,0) -> 11050000 | H16: =G16*E16 -> 0 | I16: =G16*F16 -> 0
A17: 311318354 | C17: DS-2CD6425G1-30(2.8mm)8m(O-STD) | D17: 1/2.8" Progressive Scan CMOS; 1920 × 1080 @ 30fps; H.265/H.264/MJPEG; Three streams;120dB WDR;3D DNR;4 behavior analyses ;Audio and alarm I/O;Smart encoding: low bit rate. low latency;ROI ; DC12V & PoE. Support on-board storage up to 256GB. Bracket included. Audio/Alarm IO 2m: 2m lens cable. 8m: 8m lens cable. Main body: 77.5 mm × 69 mm × 26 mm (3.1" × 2.7" × 1.0") L10: Ø26 mm × 40 mm (Ø1.0" × 1.6") L20: 37 mm × 26 mm × 25 mm (1.5" × 1.0" × 1.0") L30: Ø26 mm × 50 mm (Ø1.0" × 2.0") | E17: =VLOOKUP(C17,'Короткий прайс'!A:B,2,0) -> 370 | F17: =ROUNDUP(E17*$J$1,0) -> 4810000 | H17: =G17*E17 -> 0 | I17: =G17*F17 -> 0
A18: 311320165 | C18: iDS-2CD7146G0-IZS 2,8-12mm | D18: Darkfighter Ultra-low light technology. H.265+/H.265/H.264+/H.264/MJPEG; Color:0.001Lux/F1.2. BW:0.0003Lux/F1.2; 1/1.8""CMOS;4MP 50fps/60fps;140dB WDR; 1*AudioOut.1*AudioIn;2*build-in Mic;1*Speaker;2*AlarmIn.2*AlarmOut;RS485;DC12Vout;5stream s;IK10;IP67; Perimeter detection;Face recognition;Multi-target-type detection | E18: =VLOOKUP(C18,'Короткий прайс'!A:B,2,0) -> По запросу | F18: =ROUNDUP(E18*$J$1,0) -> #VALUE! | H18: =G18*E18 -> #VALUE! | I18: =G18*F18 -> #VALUE!
A19: 311317289 | C19: DS iDS-2CD7A26G0-IZHS(2.8-12mm)(C)(O-STD) | D19: The DS-2CD7A26G0-ISF (2.8-12mm) IP camera is a 2 MP cylindrical IP camera with a variofocal lens and IR illumination • High image quality with a resolution of 2 MP • Excellent performance in low light thanks to DarkFighter technology • Clear image in bright back light thanks to 140 dB WDR technology • Efficient H.265+ compression technology to save bandwidth and storage space • Smooth streaming for high-quality real-time viewing and auto-correction of images with a weak network signal • 5 installed threads and up to 5 configurable threads to meet a wide range of applications • Moisture and dust protection (IP67) and vandal-proof protection (IK10) • Built-in microSD/SDHC/SDXC slot: yes. up to 256 GB • Built-in microphone: No | E19: =VLOOKUP(C19,'Короткий прайс'!A:B,2,0) -> По запросу | F19: =ROUNDUP(E19*$J$1,0) -> #VALUE! | H19: =G19*E19 -> #VALUE! | I19: =G19*F19 -> #VALUE!
A20: 311317294 | C20: iDS-2CD7A26G0/P-IZHS(8-32mm)(C)(O-STD) | D20: Darkfighter Ultra-low light technology. 1/1.8" Progressive Scan CMOS. ICR. Color: 0.001 Lux/F1.2; B/W: 0.0003 Lux /F1.2; 1080P up to 50fps/60fps;H.265+/H.265/H.264+/H.264/MJPEG， 140dB WDR; 1*AudioOut.1*AudioIn(-Y support ); 1*Wiegand(-Y support) 2*AlarmIn. 2*AlarmOut; 5streams+5custom streams; (-Y: anti-corrosion); IP67;IK10; ANPR base in deeplearning technology; | E20: =VLOOKUP(C20,'Короткий прайс'!A:B,2,0) -> По запросу | F20: =ROUNDUP(E20*$J$1,0) -> #VALUE! | H20: =G20*E20 -> #VALUE! | I20: =G20*F20 -> #VALUE!
A21: 311317283 | C21: DS iDS-2CD7A46G0-IZHSY(2.8-12mm)(C)(O-STD) | D21: High quality imaging with 4 MP resolution Excellent low-light performance via DarkFighter technology Clear imaging against strong back light due to 140 dB WDR technology Efficient H.265+ compression technology to save bandwidth and storage 5 streams to meet a wide variety of applications Water and dust resistant (IP67) and vandal proof (IK10) | E21: =VLOOKUP(C21,'Короткий прайс'!A:B,2,0) -> По запросу | F21: =ROUNDUP(E21*$J$1,0) -> #VALUE! | H21: =G21*E21 -> #VALUE! | I21: =G21*F21 -> #VALUE!
C22: IDS-2CD7A46G0-IZHS 2.8-12MM C | D22: Darkfighter Ultra-low light technology, 1/1.8" Progressive Scan CMOS, ICR, Color: 0.001 Lux/F1.2; B/W: 0.0003 Lux /F1.2; 4MP 50fps/60fps;H.265+/H.265/H.264+/H.264/MJPEG， 140dB WDR; 1*AudioOut,1*AudioIn; 2*AlarmIn, 2*AlarmOut; 5streams; -Y: anti-corrosion; IP67;IK10; Perimeter detection;Face recognition;Multi-target-type detection | E22: =VLOOKUP(C22,'Короткий прайс'!A:B,2,0) -> По запросу | F22: =ROUNDUP(E22*$J$1,0) -> #VALUE! | H22: =G22*E22 -> #VALUE! | I22: =G22*F22 -> #VALUE!
C23: IDS-2CD7A46G0/P-IZHS 8-32MM C | D23: Darkfighter Ultra-low light technology, 1/1.8" Progressive Scan CMOS, ICR, Color: 0.001 Lux/F1.2; B/W: 0.0003 Lux /F1.2; 4MP 25fps/30fps;H.265+/H.265/H.264+/H.264/MJPEG， 140dB WDR; 1*AudioOut,1*AudioIn(-Y support ); 1*Wiegand(-Y support); 2*AlarmIn, 2*AlarmOut; 5streams+5custom streams; (-Y: anti-corrosion); IP67;IK10; ANPR base in deeplearning technology; | E23: =VLOOKUP(C23,'Короткий прайс'!A:B,2,0) -> 494 | F23: =ROUNDUP(E23*$J$1,0) -> 6422000 | H23: =G23*E23 -> 0 | I23: =G23*F23 -> 0
C24: IDS-2CD7A46G0/P-IZHSY 2.8-12MM | D24: High quality imaging with 4 MP resolution Excellent low-light performance via DarkFighter technology Clear imaging against strong back light due to 140 dB WDR technology License Plate Recognition Efficient H.265+ compression technology to save bandwidth and storage 5 streams to meet a wide variety of applications Water and dust resistant (IP67) and vandal proof (IK10) | E24: =VLOOKUP(C24,'Короткий прайс'!A:B,2,0) -> 470 | F24: =ROUNDUP(E24*$J$1,0) -> 6110000 | H24: =G24*E24 -> 0 | I24: =G24*F24 -> 0
C25: DS-TCG405-E | D25: 4MP ANPR Intelligent Entrance Video Unit 1/3" Progressive Scan CMOS Up to 2688 × 1520 resolution with real-time video 2x pics high-performance LEDs (integrated white light and IR) 3.1 to 6mm motorized vari-focal lens Support relay output to control vehicle barrier Support loop triggering or radar triggering Support multi-frame LPR Support dirty license plate recognition Support quick pass of multiple vehicles Support vehicle type, vehicle color and vehicle brand recognition Integrated shield, lights, TF Card (up to 128 G) Up to 30,000 whitelists Offline control PoE (802.3af) One-touch focus Manual capture and ANPR | E25: =VLOOKUP(C25,'Короткий прайс'!A:B,2,0) -> По запросу | F25: =ROUNDUP(E25*$J$1,0) -> #VALUE! | H25: =G25*E25 -> #VALUE! | I25: =G25*F25 -> #VALUE!
C26: DS-TCG406-E | D26: 4 MP Access ANPR Camera 1/1.8" progressive scan CMOS. Up to 2688 × 1520 resolution with real-time video. 4 built-in high-performance LEDs (integrated white light and IR). 2.8 to 12 mm/8 to 32 mm motorized vari-focal lens. Supports relay output to control vehicle barrier gate. Supports Wiegand, connectable with access control system. Supports loop triggering, radar triggering, and video triggering LPR. Supports multi-frame LPR, improving LPR rate. Supports dirty license plate recognition. Equipped with vehicles passing detection algorithm to realize auto switch of barrier gate normally open mode during continuous vehicles passing and improve passing efficiency. Supports vehicle type, vehicle color, and vehicle brand recognition. Integrated shield, lights, and TF card slot (up to 1 TB). Up to 100,000 blocklist and allowlist. Supports offline control of barrier gate under allowlist mode. Supports a variety of installation methods: pole mounting, wall mounting, pendant mounting, and universal joint installation. Equipped with concealed wire box. Adopts entrance and exit dedicated exposure algorithm to adapt to the front/back light and inconsistent front and rear license plates scenes to improve LPR accuracy. | E26: =VLOOKUP(C26,'Короткий прайс'!A:B,2,0) -> 580 | F26: =ROUNDUP(E26*$J$1,0) -> 7540000 | H26: =G26*E26 -> 0 | I26: =G26*F26 -> 0
A27: 300903304 | C27: DS iDS-TCM203-A/R/2812(850nm)(B)(Хиквижн) | D27: Resolution 2 MP • 1/1.8’ CMOS matrix • ANPR (range up to 50 m) • IP67. IK10 • Wiegand • Wide temperature range: -30°C...+70°C • * Power supply DC 24V | E27: =VLOOKUP(C27,'Короткий прайс'!A:B,2,0) -> По запросу | F27: =ROUNDUP(E27*$J$1,0) -> #VALUE! | H27: =G27*E27 -> #VALUE! | I27: =G27*F27 -> #VALUE!
A28: 317500077 | C28: DS-D5022FN10 | D28: Ultra-thin device body with ultra-thin border for 3 sides. 2 channels of 8 bit/10 bit LVDS HD (1920 × 1080) display. 178° ultra-wide view screen. 3D noise reduction. Low blue light design for eye care. Dual interface of HDMI and VGA. Support VESA wall mount. | E28: =VLOOKUP(C28,'Короткий прайс'!A:B,2,0) -> 77 | F28: =ROUNDUP(E28*$J$1,0) -> 1001000 | H28: =G28*E28 -> 0 | I28: =G28*F28 -> 0
C29: DS-D5024FN11 | D29: Ultra-thin device body with ultra-thin border for 3 sides. 8 bit LVDS HD (1920 × 1080) display. 178° ultra-wide view screen. 3D noise reduction. Low blue light design for eye care. Dual interface of HDMI and VGA. Support VESA wall mount. | E29: =VLOOKUP(C29,'Короткий прайс'!A:B,2,0) -> 90 | F29: =ROUNDUP(E29*$J$1,0) -> 1170000 | H29: =G29*E29 -> 0 | I29: =G29*F29 -> 0
A30: 302501817 | C30: DS-D5032FC-A | D30: 31.5" 1080P. HDMI/DVI/VGA/BNC input. BNC output. build-in speaker. USB. view angle:178°/178°. plastic casing.VESA. 7*24h | E30: =VLOOKUP(C30,'Короткий прайс'!A:B,2,0) -> 400 | F30: =ROUNDUP(E30*$J$1,0) -> 5200000 | H30: =G30*E30 -> 0 | I30: =G30*F30 -> 0
C31: DS-D2055UL-1B | D31:  4K signal input, auto loop up to 30 screens with HDMI interfaces  Switching between three picture modes: Monitoring, Meeting, and Movie  Factory calibration for color and brightness uniformity  Direct-lit LED backlight with uniform brightness and no boundary shadows  1920 × 1080 resolution, 178° viewing angle  Ultra-narrow 3.5 mm bezel design  Anti-glare, high definition, high brightness, high color gamut, and vivid images with rich colors  Stable and 24-hour continuous working  Metal casing for preventing from radiation and magnetic & electric field interference  Wall-mount and modular brackets available to meet various installation requirements | E31: =VLOOKUP(C31,'Короткий прайс'!A:B,2,0) -> По запросу | F31: =ROUNDUP(E31*$J$1,0) -> #VALUE! | H31: =G31*E31 -> #VALUE! | I31: =G31*F31 -> #VALUE!
C32: DS-D5043QE | D32: 42.5-inch FHD Monitor 8 bit LVDS FHD (1920 × 1080) display. 178° ultra-wide view screen. Auto signal input Detection Dual interface of HDMI and VGA. Support VESA wall mount. Built-in speaker | E32: =VLOOKUP(C32,'Короткий прайс'!A:B,2,0) -> 480 | F32: =ROUNDUP(E32*$J$1,0) -> 6240000 | H32: =G32*E32 -> 0 | I32: =G32*F32 -> 0
C33: DS-D5043UC | D33: 42.5-inch 4K Monitor Designed for surveillance, high reliability and stability. 42.5" LED backlight with wide display equipment. 4K resolution is 4 times the resolution of 1080p, providing a wider view and finer details. Multiple inputs: HDMI, VGA, USB. Narrow front bezel. Wide view angle: horizontal 178°, vertical 178°. 24/7 operation. | E33: =VLOOKUP(C33,'Короткий прайс'!A:B,2,0) -> 685 | F33: =ROUNDUP(E33*$J$1,0) -> 8905000 | H33: =G33*E33 -> 0 | I33: =G33*F33 -> 0
C34: DS-D5055UC-C | D34: 55-inch 4K Monitor Designed for video security, high reliability and stability 55" LED backlight with wide display equipment 4K resolution is 4 times the resolution of 1080p, providing a wider view and more fine detail Multiple inputs: HDMI, VGA, USB Narrow front bezel Wide view angle: Horizontal 178°, Vertical 178° 24/7 operation | E34: =VLOOKUP(C34,'Короткий прайс'!A:B,2,0) -> 1200 | F34: =ROUNDUP(E34*$J$1,0) -> 15600000 | H34: =G34*E34 -> 0 | I34: =G34*F34 -> 0
A35: 321000275 | C35: DS-D5B86RB/D | D35: 86". 4K. Android 11. memory 4GB. build-in 64GB storage. 45 points infrared touch. Type-C*1. HDMI input *2. HDMI output*1. Dual wifi. Buletooth 5.0. industrial screen protection. Built-in 8 MP camera ensures clearer images. and 6 microphone arrays | E35: =VLOOKUP(C35,'Короткий прайс'!A:B,2,0) -> 2650 | F35: =ROUNDUP(E35*$J$1,0) -> 34450000 | H35: =G35*E35 -> 0 | I35: =G35*F35 -> 0
A36: 321200162 | C36: DS-D5AC9C5-8S2 | D36: i5-9400 . 8GB memory. 256GB SSD. default build-in Win 10 | E36: =VLOOKUP(C36,'Короткий прайс'!A:B,2,0) -> 800 | F36: =ROUNDUP(E36*$J$1,0) -> 10400000 | H36: =G36*E36 -> 0 | I36: =G36*F36 -> 0
A37: 321200048 | C37: DS-D5ABKY2-B | D37: Mobile Bracket. suitable for 86" | E37: =VLOOKUP(C37,'Короткий прайс'!A:B,2,0) -> 340 | F37: =ROUNDUP(E37*$J$1,0) -> 4420000 | H37: =G37*E37 -> 0 | I37: =G37*F37 -> 0
A38: 302504475 | C38: DS-D2055LU-Y(O-STD) | D38: 55".1080P.500cd/㎡.bezelwidth:3.5mm.Input: VGA/DVI/DP/HDMI. output: HDMI. support 4K input and loop up to 30 screens with HDMI interface. support VESA | E38: =VLOOKUP(C38,'Короткий прайс'!A:B,2,0) -> По запросу | F38: =ROUNDUP(E38*$J$1,0) -> #VALUE! | H38: =G38*E38 -> #VALUE! | I38: =G38*F38 -> #VALUE!
A39: 190140078 | C39: DS-DN4655W/U | D39: Wall-mounted bracket. suitable for all 46". 49" and 55" LCD models. | E39: =VLOOKUP(C39,'Короткий прайс'!A:B,2,0) -> По запросу | F39: =ROUNDUP(E39*$J$1,0) -> #VALUE! | H39: =G39*E39 -> #VALUE! | I39: =G39*F39 -> #VALUE!
A40: 313700032 | C40: DS-65VA300L | D40: 360-degree mic coverage 256ms acoustic echo cancellation Full duplex Dynamic Noise Reduction(DNR) Supporting Skype, Wechat, MSN and other online communication software Connecting by 3.5mm earphone plug, communication will be more private and do not trouble colleague No need driver; clear, unmixed and not harsh sound quality; Elegant business appearance | E40: =VLOOKUP(C40,'Короткий прайс'!A:B,2,0) -> По запросу | F40: =ROUNDUP(E40*$J$1,0) -> #VALUE! | H40: =G40*E40 -> #VALUE! | I40: =G40*F40 -> #VALUE!
A41: 315100307 | C41: DS-TMG034 | D41: DS-TMG034 series anti-fall radar with barrier gates with advanced microwave technology and high-speed digital signal processing technology. features high accuracy. free debugging. high reliability. etc. garage for effectively preventing the fall of the barrier rod when passing vehicles or pedestrians. It plays an important role in the intelligent parking system. Convenient installation and maintenance with low manual load and short working time. Advanced signal processing technology is used for steady detection of pedestrians and vehicles and to prevent the fall of the gate barrier rod when pedestrians and vehicles pass. Adopted with LED indicators to indicate the operational status of the radar. The ability to automatically record radar configuration parameters. The working state can be restored after the radar power is turned off and the radar is restarted. High adaptability to the environment without the influence of electromagnetic interference. lighting. dust. rain. snow. etc. | E41: =VLOOKUP(C41,'Короткий прайс'!A:B,2,0) -> По запросу | F41: =ROUNDUP(E41*$J$1,0) -> #VALUE! | H41: =G41*E41 -> #VALUE! | I41: =G41*F41 -> #VALUE!
C42: DS-TMG012-5 | D42: Barrier Gate Remote Controller | E42: =VLOOKUP(C42,'Короткий прайс'!A:B,2,0) -> По запросу | F42: =ROUNDUP(E42*$J$1,0) -> #VALUE! | H42: =G42*E42 -> #VALUE! | I42: =G42*F42 -> #VALUE!
C43: DS-TMG035 | D43: 60/79 GHz MMIC with higher resolution and more stable detection. Able to recognize the target moving direction, applicable to mixed entrance and exit scenes. Adjustable detection distance and width with convenient operation and strong universality. | E43: =VLOOKUP(C43,'Короткий прайс'!A:B,2,0) -> По запросу | F43: =ROUNDUP(E43*$J$1,0) -> #VALUE! | H43: =G43*E43 -> #VALUE! | I43: =G43*F43 -> #VALUE!
C44: DS-TMG035 | E44: =VLOOKUP(C44,'Короткий прайс'!A:B,2,0) -> По запросу | F44: =ROUNDUP(E44*$J$1,0) -> #VALUE! | H44: =G44*E44 -> #VALUE! | I44: =G44*F44 -> #VALUE!
C45: DS-TMG300-DL DR Шлагбаум (3 серия) | D45: Supports convenient side installation with compact structure.  Adopts small DC brushless motor with low noise to increase output torque and realize precise intelligent control.  Supports multiple anti-fall modes such as IR, vehicle detectors, and radars.  Delayed boom pole closing. Supports 1 to 99 seconds. | E45: =VLOOKUP(C45,'Короткий прайс'!A:B,2,0) -> 390 | F45: =ROUNDUP(E45*$J$1,0) -> 5070000 | H45: =G45*E45 -> 0 | I45: =G45*F45 -> 0
A46: 315100517 | C46: DS-TMG4B0-LA(6m)(O-STD) Шлагбаум (4 серия) | D46: Hand wheel on motor design. When power fails. rotate the hand wheel to raise or lower the pole. Three buttons to control the boom pole to rise. fall. or stop. Contactless monitoring with more accurate control and more stable running. Multiple interfaces. connectable to IR cable (low level signal input). induction. and toll connection system. Simple wiring. No need to arrange or distribute cables. Wireless remote control via 430.5 MHz remote controller. Strong environment adaptability. It can be used safely in -30 °C environment. | E46: =VLOOKUP(C46,'Короткий прайс'!A:B,2,0) -> 390 | F46: =ROUNDUP(E46*$J$1,0) -> 5070000 | H46: =G46*E46 -> 0 | I46: =G46*F46 -> 0
A47: 315101191 | C47: DS-TMG510-H Шлагбаум (5 серия) | D47: Digital barrier gate. 0.9-6.0s adjustable raising speed and 1.5-6s adjustable falling speed. straight boom pole. one device support left and right arm moving directions. Vehicle Coil Detector is included. | E47: =VLOOKUP(C47,'Короткий прайс'!A:B,2,0) -> По запросу | F47: =ROUNDUP(E47*$J$1,0) -> #VALUE! | H47: =G47*E47 -> #VALUE! | I47: =G47*F47 -> #VALUE!
C48: DS-TVL224-4-5Y | D48: Display available car lot, and license plate, audio remind.Can display 4 lines of characters, each line shows up to 8 characters | E48: =VLOOKUP(C48,'Короткий прайс'!A:B,2,0) -> По запросу | F48: =ROUNDUP(E48*$J$1,0) -> #VALUE! | H48: =G48*E48 -> #VALUE! | I48: =G48*F48 -> #VALUE!
C49: Актив для шлагбаум | D49: Актив для шлагбаум | E49: =VLOOKUP(C49,'Короткий прайс'!A:B,2,0) -> 8 | F49: =ROUNDUP(E49*$J$1,0) -> 104000 | H49: =G49*E49 -> 0 | I49: =G49*F49 -> 0
C50: Плата для пульта (Шлагбаум) remote(433) | E50: =VLOOKUP(C50,'Короткий прайс'!A:B,2,0) -> 10 | F50: =ROUNDUP(E50*$J$1,0) -> 130000 | H50: =G50*E50 -> 0 | I50: =G50*F50 -> 0
C51: DS-A71024R | D51: 4U, 180 Ch(2Mbps)Record+playback with IPSAN mode, 320 Ch(2Mbps)Record+playback with Direct steaming mode,24 HDD(SATA), Redundant power supply.With 24 pcs 10TB SATA IOT HDD. | E51: =VLOOKUP(C51,'Короткий прайс'!A:B,2,0) -> По запросу | F51: =ROUNDUP(E51*$J$1,0) -> #VALUE! | H51: =G51*E51 -> #VALUE! | I51: =G51*F51 -> #VALUE!
C52: L1300-R117 | D52: Pole For LPR Camera Unit Pole for entrance & exit LED screen Alloy with surface spray treatment Adopts waterproof design Design of the cap enables convenient wring | E52: =VLOOKUP(C52,'Короткий прайс'!A:B,2,0) -> По запросу | F52: =ROUNDUP(E52*$J$1,0) -> #VALUE! | H52: =G52*E52 -> #VALUE! | I52: =G52*F52 -> #VALUE!
C53: DS-TMG001-5(6m telescopic pole) | D53: Straight boom pole | E53: =VLOOKUP(C53,'Короткий прайс'!A:B,2,0) -> По запросу | F53: =ROUNDUP(E53*$J$1,0) -> #VALUE! | H53: =G53*E53 -> #VALUE! | I53: =G53*F53 -> #VALUE!
C54: DS-UPS1000 | D54: Compact size, Excellent microprocessor control guarantees high reliability 1000VA/600W, 12V/9Ah Battery x1 Typical recharge time: 10 to 16 hours | E54: =VLOOKUP(C54,'Короткий прайс'!A:B,2,0) -> 50 | F54: =ROUNDUP(E54*$J$1,0) -> 650000 | H54: =G54*E54 -> 0 | I54: =G54*F54 -> 0
C55: DS-UPS3000 | D55: Compact size, Excellent microprocessor control guarantees high reliability 3000VA/1800W, 12V/9Ah Battery x4 6-8 hours recover to 90% capacity | E55: =VLOOKUP(C55,'Короткий прайс'!A:B,2,0) -> 195 | F55: =ROUNDUP(E55*$J$1,0) -> 2535000 | H55: =G55*E55 -> 0 | I55: =G55*F55 -> 0
C56: DS-2XS2T47G1-LDH/4G/C18S40 4MM | D56: High quality imaging with 4 MP resolution Standalone with solar panel and built-in battery 24/7 colorful imaging Support Human Detection Efficient H.265+ compression technology Provide real-time security via built-in two-way audio Water and dust resistant (IP67) Stability against category 12 typhoon Support 4G (LTE-TDD/LTE-FDD/TD-SCDMA) communication | E56: =VLOOKUP(C56,'Короткий прайс'!A:B,2,0) -> 685 | F56: =ROUNDUP(E56*$J$1,0) -> 8905000 | H56: =G56*E56 -> 0 | I56: =G56*F56 -> 0
C57: HK-SFP-1.25G-20-1310-DF | D57: Single Power Supply 3.3V Small Form Factor Pluggable (SFP) MSA Compatible Duplex LC Connector Hot Pluggable Capability Compliant With ROHS Standard Cost effective SFP solution, enables higher port densities and greater bandwidth Support 1.25G Ethernet | E57: =VLOOKUP(C57,'Короткий прайс'!A:B,2,0) -> 20 | F57: =ROUNDUP(E57*$J$1,0) -> 260000 | H57: =G57*E57 -> 0 | I57: =G57*F57 -> 0
C58: IDS-2CD7A26G0/P-IZHS 2.8-12MM | D58: Darkfighter Ultra-low light technology. 1/1.8" Progressive Scan CMOS. ICR. Color: 0.001 Lux/F1.2; B/W: 0.0003 Lux /F1.2; 1080P up to 50fps/60fps;H.265+/H.265/H.264+/H.264/MJPEG， 140dB WDR; 1*AudioOut.1*AudioIn(-Y support ); 1*Wiegand(-Y support) 2*AlarmIn. 2*AlarmOut; 5streams+5custom streams; (-Y: anti-corrosion); IP67;IK10; ANPR base in deeplearning technology; | E58: =VLOOKUP(C58,'Короткий прайс'!A:B,2,0) -> По запросу | F58: =ROUNDUP(E58*$J$1,0) -> #VALUE! | H58: =G58*E58 -> #VALUE! | I58: =G58*F58 -> #VALUE!
C59: IDS-2CD7A26G0-IZHSY 2.8-12MM | D59: 2MP DeepinView Moto Varifocal Bullet Camera High quality imaging with 2 MP resolution Excellent low-light performance via DarkFighter technology Clear imaging against strong back light due to 140 dB WDR technology Efficient H.265+ compression technology to save bandwidth and storage 5 streams to meet a wide variety of applications Water and dust resistant (IP67) and vandal proof (IK10) | E59: =VLOOKUP(C59,'Короткий прайс'!A:B,2,0) -> По запросу | F59: =ROUNDUP(E59*$J$1,0) -> #VALUE! | H59: =G59*E59 -> #VALUE! | I59: =G59*F59 -> #VALUE!
C60: MKAC-76-242500V | D60: 24V AC Output Voltage 5A Output Current Desktop Mount Option | E60: =VLOOKUP(C60,'Короткий прайс'!A:B,2,0) -> 20 | F60: =ROUNDUP(E60*$J$1,0) -> 260000 | H60: =G60*E60 -> 0 | I60: =G60*F60 -> 0
C61: DS-K2M0016A | D61: Elevator Sub-Controller Distributed elevator controller Connectable with up to 16 relays to control floor buttons in the elevator RS-485 communication with the master elevator controller DIP switch settings for device address and relay types Up to 8 distributed elevator controllers can be linked to the master elevator controller Control the elevator via the relay | E61: =VLOOKUP(C61,'Короткий прайс'!A:B,2,0) -> 270 | F61: =ROUNDUP(E61*$J$1,0) -> 3510000 | H61: =G61*E61 -> 0 | I61: =G61*F61 -> 0
C62: DS-D5022F2-1V2 | D62: 21.5 inch FHD Borderless Monitor VA technology, 178° ultra-wide view screen. 8 bit LVDS FHD (1920 × 1080) display. 100 Hz refresh rate, more fluid and life-like video Ultra-thin device body with ultra-thin border for 3 sides. 3D noise reduction. Low blue light design for eye care. Dual interface of HDMI and VGA. Support VESA wall mount. | E62: =VLOOKUP(C62,'Короткий прайс'!A:B,2,0) -> 72 | F62: =ROUNDUP(E62*$J$1,0) -> 936000 | H62: =G62*E62 -> 0 | I62: =G62*F62 -> 0
... C67: DS-TMG023 | D67: HIKVISION DS-TMG023 Coil | E67: =VLOOKUP(C67,'Короткий прайс'!A:B,2,0) -> 40 | F67: =ROUNDUP(E67*$J$1,0) -> 520000 | H67: =G67*E67 -> 0 | I67: =G67*F67 -> 0

Sheet Домофоны и СКУД
A1: Артикул | B1: Изображение | C1: Модель | D1: Характеристика | E1: Цена USD | F1: Цена с НДС | G1: Кол-во | H1: Сумма USD | I1: Сумма НДС | J1: 13000
A2: 302903714 | C2: DS-K1201EF(O-STD) | D2: Reads EM card. Fingerpint(capacity: 5000). Supports RS485(HIK private); IP65. Wall mounting with screws. The Gang Box is not supported. Fingerprint devices are recommended for using in indoor environment | E2: =VLOOKUP(C2,'Короткий прайс'!A:B,2,0) -> 40 | F2: =ROUNDUP(E2*$J$1,0) -> 520000 | H2: =G2*E2 -> 0 | I2: =G2*F2 -> 0
C3: DS-K1201AEF | D3: A group of messy code encrypted data for the security of fingerprint storage Supports RS-485 communication with 19200bps-N-8-1 transmission rate. There are CRC test for the protocol Supports EM card reading Card induction distance is 30 mm to 100 mm Supports multiple authentication modes (card, fingerprint, and card + fingerprint) Optical CMOS fingerprint module. The characters of fingerprint can be export to the card reader Max. 5000 fingerprints storage Adopts the optical fingerprint module, supporting 1:N mode (fingerprint, card + fingerprint) and 1:1 mode (card + fingerprint) Fingerprint comparison time: 1:1 ≤ 1 s, 1:1000 ≤ 1 s; FRR ≤ 0.01%, FAR ≤ 0.001% Communication circuit is designed with optical coupling isolation and noise suppression function Built-in buzzer for status indication Accurate data and time display provided by built-in electronic clock and watchdog program to ensure the basic function of the terminal Tamper-proof function | E3: =VLOOKUP(C3,'Короткий прайс'!A:B,2,0) -> 48 | F3: =ROUNDUP(E3*$J$1,0) -> 624000 | H3: =G3*E3 -> 0 | I3: =G3*F3 -> 0
A4: 302901502 | C4: DS-K1802E(O-STD) | D4: Reads EM card. Supports Wiegand(W26/W34) protocol. Dust-proof. IP 65. | E4: =VLOOKUP(C4,'Короткий прайс'!A:B,2,0) -> 14.5 | F4: =ROUNDUP(E4*$J$1,0) -> 188500 | H4: =G4*E4 -> 0 | I4: =G4*F4 -> 0
C5: Считыватель | E5: =VLOOKUP(C5,'Короткий прайс'!A:B,2,0) -> 12 | F5: =ROUNDUP(E5*$J$1,0) -> 156000 | H5: =G5*E5 -> 0 | I5: =G5*F5 -> 0
C6: IBA 7612 | E6: =VLOOKUP(C6,'Короткий прайс'!A:B,2,0) -> 26 | F6: =ROUNDUP(E6*$J$1,0) -> 338000 | H6: =G6*E6 -> 0 | I6: =G6*F6 -> 0
A7: 302912491 | C7: DS-K1T331(O-STD) | D7: Face Recognition Access Control Terminal. 3.97-inch LCD touch screen.2 Mega pixel wide-angle lens; Max.300 faces capacity; Supports TCP/IP.communication.DC 12V/1.5A Application Situation: Indoor Configuration via the web client Supports ISUP5.0. ISAPI Supports 6 attendance status. including check in. check out. break in. break out. overtime in. overtime out multiple languages: English. Spanish. Arabic. Thai. Indonesian. Russian. and Vietnamese Power adapter included in the package（European Standard） | E7: =VLOOKUP(C7,'Короткий прайс'!A:B,2,0) -> 97 | F7: =ROUNDUP(E7*$J$1,0) -> 1261000 | H7: =G7*E7 -> 0 | I7: =G7*F7 -> 0
A8: 302912468 | C8: DS-K1T331W(O-STD) | D8: Face Recognition Access Control Terminal. 3.97-inch LCD touch screen.2 Mega pixel wide-angle lens; Max.300 faces capacity; Supports TCP/IP.Wi-Fi communication.DC 12V/1.5A Application Situation: Indoor Configuration via the web client Supports ISUP5.0. ISAPI Supports 6 attendance status. including check in. check out. break in. break out. overtime in. overtime out multiple languages: English. Spanish. Arabic. Thai. Indonesian. Russian. and Vietnamese Power adapter included in the package（European Standard） | E8: =VLOOKUP(C8,'Короткий прайс'!A:B,2,0) -> 101.3 | F8: =ROUNDUP(E8*$J$1,0) -> 1316900 | H8: =G8*E8 -> 0 | I8: =G8*F8 -> 0
A9: 302915629 | C9: DS-K1T341AM(O-STD) | D9: Face Recognition Terminal. 4.3-inch LCD touch screen.2 Mega pixel wide-angle lens.Built-in Mifare card reading module; Max.1500 faces capacity . Max.1500 cards; Face recognition in dark environment Two-way audio with client software. indoor station. and master station Supports TCP/IP.DC 12V/2A Supports ISUP5.0. ISAPI Configuration via the web client Supports 6 attendance status. including check in. check out. break in. break out. overtime in. overtime out multiple languages: English. Spanish. Arabic. Thai. Indonesian. Russian. and Vietnamese IP65 Face Recognition Accuracy Rate > 99% Face Recognition Duration(1:N) ≤0.2s Face Recognition Distance: 0.3m ~ 1.5m Power adapter included in the package（European Standard） | E9: =VLOOKUP(C9,'Короткий прайс'!A:B,2,0) -> 145 | F9: =ROUNDUP(E9*$J$1,0) -> 1885000 | H9: =G9*E9 -> 0 | I9: =G9*F9 -> 0
A10: 302915633 | C10: DS-K1T341AMF(O-STD) | D10: Face Recognition Terminal. 4.3-inch LCD touch screen.2 Mega pixel wide-angle lens.Built-in Mifare card reading module; Max.1500 faces capacity and Max.1500 fingerprints capacity. Max.1500 cards; Face recognition in dark environment Two-way audio with client software. indoor station. and master station Supports TCP/IP. DC 12V/2A Supports ISUP5.0. ISAPI Configuration via the web client Supports 6 attendance status. including check in. check out. break in. break out. overtime in. overtime out multiple languages: English. Spanish. Arabic. Thai. Indonesian. Russian. and Vietnamese IP65 Face Recognition Accuracy Rate > 99% Face Recognition Duration(1:N) ≤0.2s Face Recognition Distance: 0.3m ~ 1.5m Fingerprint devices are recommended for using in indoor environment Power adapter included in the package（European Standard） | E10: =VLOOKUP(C10,'Короткий прайс'!A:B,2,0) -> 158 | F10: =ROUNDUP(E10*$J$1,0) -> 2054000 | H10: =G10*E10 -> 0 | I10: =G10*F10 -> 0
C11: DS-K1T341CM | D11: System Operating System Linux Display Screen Size 4.3 inch Operation Method Capacitive touch screen Resolution 272 × 480 Video Lens 2 Resolution 2 MP (video stream: 720P) Video Standard PAL (Default) and NTSC Network Wired Network 10 M/100 M self-adaptive Interface Network Interface 1 Lock Control 1 Exit Button 1 Door Contact Input 1 TAMPER 1 RS-485 1 Wiegand 1 USB 1 Capacity Face Capacity 3,000 Card Capacity 3,000 Event Capacity 150,000 Authentication Face Recognition Distance > 2 m Face Recognition Duration < 0.2 s Card Type M1 card General Built-In Access Controller Yes Power Supply 2 A (DC 12 V ~ DC 24 V） Power Consumption ≤ 10 W Working Temperature -30 ℃ ~ ＋60 ℃ (-22 °F ~ +140 °F ) Protective Level IP65 Language English, Spanish (South America), Arabic, Thai, Indonesian, Russian, Vietnamese, Portuguese (Brazil), Korean | E11: =VLOOKUP(C11,'Короткий прайс'!A:B,2,0) -> 128 | F11: =ROUNDUP(E11*$J$1,0) -> 1664000 | H11: =G11*E11 -> 0 | I11: =G11*F11 -> 0
A12: 302919042 | C12: DS-K1T341CMF | D12: Face Recognition Terminal. 4.3-inch LCD touch screen.2 Mega pixel wide-angle lens.Built-in Mifare card reading module; Max.3000 faces capacity and Max.3000 fingerprints capacity. Max.3000 cards; Face recognition in dark environment Two-way audio with client software. indoor station. and master station Supports TCP/IP. DC 12V/2A Supports ISUP5.0. ISAPI Configuration via the web client Supports 6 attendance status. including check in. check out. break in. break out. overtime in. overtime out multiple languages: English. Spanish. Arabic. Thai. Indonesian. Russian. Vietnamese. Portuguese (Brazil) and Korean IP65 Face Recognition Accuracy Rate > 99% Face Recognition Duration(1:N) ≤0.2s Face Recognition Distance: 0.3m ~ 1.5m Fingerprint devices are recommended for using in indoor environment Power adapter included in the package（European Standard） | E12: =VLOOKUP(C12,'Короткий прайс'!A:B,2,0) -> 157.8 | F12: =ROUNDUP(E12*$J$1,0) -> 2051400 | H12: =G12*E12 -> 0 | I12: =G12*F12 -> 0
A13: 302918455 | C13: DS-K1T342EX(O-STD) | D13: Face Recognition Terminal. 4.3-inch LCD touch screen.2 Mega pixel wide-angle lens.Built-in EM card reading module; Max.1.500 faces capacity ，Max.3.000 cards; Face recognition in dark environment Two-way audio with client software. indoor station. and master station Supports TCP/IP.DC 12V/1A Supports ISUP5.0. ISAPI Supports 6 attendance status. including check in. check out. break in. break out. overtime in. overtime out multiple languages: English. Spanish (South America). Arabic. Thai. Indonesian. Russian. Vietnamese. Portuguese (Brazil) Configuration via the web client Face Recognition Accuracy Rate > 99% Face Recognition Duration(1:N) ≤0.2s Face Recognition Distance: 0.3m ~ 1.5m IP65 Power adapter included in the package（European Standard） | E13: =VLOOKUP(C13,'Короткий прайс'!A:B,2,0) -> 130 | F13: =ROUNDUP(E13*$J$1,0) -> 1690000 | H13: =G13*E13 -> 0 | I13: =G13*F13 -> 0
C14: DS-K1T342EFWX | D14: Face Recognition Terminal, 4.3-inch LCD touch screen,2 Mega pixel wide-angle lens,Built-in EM card reading module; Max.1,500 faces capacity ，Max.3,000 cards;Max.3,000 fingerprints capacity Face recognition in dark environment Two-way audio with client software, indoor station, and master station Supports TCP/IP, WiFi,DC 12V/1A Supports ISUP5.0, ISAPI Supports 6 attendance status, including check in, check out, break in, break out, overtime in, overtime out multiple languages: English, Spanish (South America), Arabic, Thai, Indonesian, Russian, Vietnamese, Portuguese (Brazil) Configuration via the web client Face Recognition Accuracy Rate > 99% Face Recognition Duration(1:N) ≤0.2s Face Recognition Distance: 0.3m ~ 1.5m IP65 Power adapter included in the package（European Standard） | E14: =VLOOKUP(C14,'Короткий прайс'!A:B,2,0) -> 145 | F14: =ROUNDUP(E14*$J$1,0) -> 1885000 | H14: =G14*E14 -> 0 | I14: =G14*F14 -> 0
C15: DS-K1T342MX | D15: Face Recognition Terminal, 4.3-inch LCD touch screen,2 Mega pixel wide-angle lens,Built-in Mifare card reading module; Max.1,500 faces capacity ，Max.3,000 cards; Face recognition in dark environment Two-way audio with client software, indoor station, and master station Supports TCP/IP,DC 12V/1A Supports ISUP5.0, ISAPI Supports 6 attendance status, including check in, check out, break in, break out, overtime in, overtime out multiple languages: English, Spanish (South America), Arabic, Thai, Indonesian, Russian, Vietnamese, Portuguese (Brazil) Configuration via the web client Face Recognition Accuracy Rate > 99% Face Recognition Duration(1:N) ≤0.2s Face Recognition Distance: 0.3m ~ 1.5m IP65 Power adapter included in the package（European Standard） | E15: =VLOOKUP(C15,'Короткий прайс'!A:B,2,0) -> 115 | F15: =ROUNDUP(E15*$J$1,0) -> 1495000 | H15: =G15*E15 -> 0 | I15: =G15*F15 -> 0
C16: DS-K1T343MX | D16: Face Recognition Terminal, 4.3-inch LCD touch screen,2 Mega pixel wide-angle lens,Built-in Mifare card reading module; Max.1,500 faces capacity ，Max.3,000 cards; Face recognition in dark environment Two-way audio with client software, indoor station, and master station Supports TCP/IP,DC 12V/1A Supports ISUP5.0, ISAPI Supports 6 attendance status, including check in, check out, break in, break out, overtime in, overtime out multiple languages: English, Spanish (South America), Arabic, Thai, Indonesian, Russian, Vietnamese, Portuguese (Brazil) Configuration via the web client Face Recognition Accuracy Rate > 99% Face Recognition Duration(1:N) ≤0.2s Face Recognition Distance: 0.3m ~ 1.5m Application Situation: Indoor Power adapter included in the package（European Standard） | E16: =VLOOKUP(C16,'Короткий прайс'!A:B,2,0) -> 90 | F16: =ROUNDUP(E16*$J$1,0) -> 1170000 | H16: =G16*E16 -> 0 | I16: =G16*F16 -> 0
A17: 302918001 | C17: DS-K1T343MWX | D17: Face Recognition Terminal, 4.3-inch LCD touch screen,2 Mega pixel wide-angle lens,Built-in Mifare card reading module; Max.1,500 faces capacity ，Max.3,000 cards; Face recognition in dark environment Two-way audio with client software, indoor station, and master station Supports TCP/IP,WiFi,DC 12V/1A Supports ISUP5.0, ISAPI Supports 6 attendance status, including check in, check out, break in, break out, overtime in, overtime out multiple languages: English, Spanish (South America), Arabic, Thai, Indonesian, Russian, Vietnamese, Portuguese (Brazil) Configuration via the web client Face Recognition Accuracy Rate > 99% Face Recognition Duration(1:N) ≤0.2s Face Recognition Distance: 0.3m ~ 1.5m Application Situation: Indoor Power adapter included in the package（European Standard） | E17: =VLOOKUP(C17,'Короткий прайс'!A:B,2,0) -> 102 | F17: =ROUNDUP(E17*$J$1,0) -> 1326000 | H17: =G17*E17 -> 0 | I17: =G17*F17 -> 0
A18: 302918009 | C18: DS-K1T343EWX(O-STD) | D18: Face Recognition Terminal. 4.3-inch LCD touch screen.2 Mega pixel wide-angle lens.Built-in EM card reading module; Max.1.500 faces capacity ，Max.3.000 cards; Face recognition in dark environment Two-way audio with client software. indoor station. and master station Supports TCP/IP.WiFi.DC 12V/1A Supports ISUP5.0. ISAPI Supports 6 attendance status. including check in. check out. break in. break out. overtime in. overtime out multiple languages: English. Spanish (South America). Arabic. Thai. Indonesian. Russian. Vietnamese. Portuguese (Brazil) Configuration via the web client Face Recognition Accuracy Rate > 99% Face Recognition Duration(1:N) ≤0.2s Face Recognition Distance: 0.3m ~ 1.5m Application Situation: Indoor Power adapter included in the package（European Standard） | E18: =VLOOKUP(C18,'Короткий прайс'!A:B,2,0) -> 94 | F18: =ROUNDUP(E18*$J$1,0) -> 1222000 | H18: =G18*E18 -> 0 | I18: =G18*F18 -> 0
C19: DS-K1T343EFWX | D19: Face Recognition Terminal, 4.3-inch LCD touch screen,2 Mega pixel wide-angle lens,Built-in EM card reading module; Max.1,500 faces capacity Max.3,000 fingerprints capacity，Max.3,000 cards; Face recognition in dark environment Two-way audio with client software, indoor station, and master station Supports TCP/IP,Wi-Fi,DC 12V/1A Supports ISUP5.0, ISAPI Supports 6 attendance status, including check in, check out, break in, break out, overtime in, overtime out multiple languages: English, Spanish (South America), Arabic, Thai, Indonesian, Russian, Vietnamese, Portuguese (Brazil) Configuration via the web client Face Recognition Accuracy Rate > 99% Face Recognition Duration(1:N) ≤0.2s Face Recognition Distance: 0.3m ~ 1.5m Application Situation: Indoor Power adapter included in the package（European Standard） | E19: =VLOOKUP(C19,'Короткий прайс'!A:B,2,0) -> 110 | F19: =ROUNDUP(E19*$J$1,0) -> 1430000 | H19: =G19*E19 -> 0 | I19: =G19*F19 -> 0
C20: DS-K1T343MFWX | D20: Face Recognition Terminal, 4.3-inch LCD touch screen,2 Mega pixel wide-angle lens,Built-in Mifare card reading module; Max.1,500 faces capacity Max.3,000 fingerprints capacity，Max.3,000 cards; Face recognition in dark environment Two-way audio with client software, indoor station, and master station Supports TCP/IP,Wi-Fi,DC 12V/1A Supports ISUP5.0, ISAPI Supports 6 attendance status, including check in, check out, break in, break out, overtime in, overtime out multiple languages: English, Spanish (South America), Arabic, Thai, Indonesian, Russian, Vietnamese, Portuguese (Brazil) Configuration via the web client Face Recognition Accuracy Rate > 99% Face Recognition Duration(1:N) ≤0.2s Face Recognition Distance: 0.3m ~ 1.5m Application Situation: Indoor Power adapter included in the package（European Standard） | E20: =VLOOKUP(C20,'Короткий прайс'!A:B,2,0) -> 105 | F20: =ROUNDUP(E20*$J$1,0) -> 1365000 | H20: =G20*E20 -> 0 | I20: =G20*F20 -> 0
A21: 302912706 | C21: DS-K1T671M(O-STD) | D21: Face Recognition Terminal. 7-inch LCD touch screen.2 Mega pixel wide-angle lens.Built-in Mifare card reading module; Max.6000 faces capacity and Max. Max.6000 cards; Two-way audio with client software. indoor station. and master station Supports TCP/IP.DC 12V/3A Supports 6 attendance status. including check in. check out. break in. break out. overtime in. overtime out IP65 Face Recognition Accuracy Rate > 99% Face Recognition Duration(1:N) ≤0.2s Face Recognition Distance: 0.3m ~ 3m | E21: =VLOOKUP(C21,'Короткий прайс'!A:B,2,0) -> По запросу | F21: =ROUNDUP(E21*$J$1,0) -> #VALUE! | H21: =G21*E21 -> #VALUE! | I21: =G21*F21 -> #VALUE!
A22: 302912707 | C22: DS-K1T671MF(O-STD) | D22: Face Recognition Terminal. 7-inch LCD touch screen.2 Mega pixel wide-angle lens.Built-in Mifare card reading module; Max.6000 faces capacity and Max.5000 fingerprints capacity，Max.6000 cards; Two-way audio with client software. indoor station. and master station Supports TCP/IP.DC 12V/3A Supports 6 attendance status. including check in. check out. break in. break out. overtime in. overtime out IP65 Face Recognition Accuracy Rate > 99% Face Recognition Duration(1:N) ≤0.2s Face Recognition Distance: 0.3m ~ 3m Fingerprint devices are recommended for using in indoor environment | E22: =VLOOKUP(C22,'Короткий прайс'!A:B,2,0) -> По запросу | F22: =ROUNDUP(E22*$J$1,0) -> #VALUE! | H22: =G22*E22 -> #VALUE! | I22: =G22*F22 -> #VALUE!
A23: 302918016 | C23: DS-K1T804BMF(O-STD) | D23: 2.4 inch LCD Display Standalone Access Control Terminal. Built-in Mifare card reading module. Storage with 3.000 cards. 3.000 fingerprints and 100.000 access control events; Support Access Control and Time Attendance Function. Optical Fingerprint Module; Uplink Communication: TCP-IP. WIFI; Supports Wiegand out(W26/W34) and Wiegand in(W26/W34). Supports ISUP5.0. ISAPI multiple languages: English. Spanish. Italian. French. Portuguese (Brazilian). Vietnamese. Arabic. Thai. Turkish. Indonesian. Ukrainian Power adapter included in the package（European Standard） | E23: =VLOOKUP(C23,'Короткий прайс'!A:B,2,0) -> 64 | F23: =ROUNDUP(E23*$J$1,0) -> 832000 | H23: =G23*E23 -> 0 | I23: =G23*F23 -> 0
C24: DS-K1T804BEF | D24: 2.4 inch LCD Display Standalone Access Control Terminal, Built-in EM card reading module, Storage with 3,000 cards, 3,000 fingerprints and 100,000 access control events; Support Access Control and Time Attendance Function, Optical Fingerprint Module; Uplink Communication: TCP-IP, WIFI; Supports Wiegand out(W26/W34) and Wiegand in(W26/W34). Supports ISUP5.0, ISAPI multiple languages: English, Spanish, Italian, French, Portuguese (Brazilian), Vietnamese, Arabic, Thai, Turkish, Indonesian, Ukrainian Power adapter included in the package（European Standard） | E24: =VLOOKUP(C24,'Короткий прайс'!A:B,2,0) -> 66 | F24: =ROUNDUP(E24*$J$1,0) -> 858000 | H24: =G24*E24 -> 0 | I24: =G24*F24 -> 0
A25: 302915286 | C25: DS-K1T804AEF | D25: 2.4 inch LCD Display Standalone Access Control Terminal. Built-in EM card reading module. Storage with 3.000 cards. 3.000 fingerprints and 100.000 access control events; Support Access Control and Time Attendance Function. Optical Fingerprint Module; Uplink Communication: TCP-IP. WIFI; Downlink Communication: RS485(Connect to Secure Module); Supports Wiegand out(W26/W34) and Wiegand in(W26/W34). Supports ISUP5.0. ISAPI multiple languages: English. Spanish. Italian. French. Portuguese (Brazilian). Vietnamese. Arabic. Thai. Turkish. Indonesian. Ukrainian Power adapter included in the package（European Standard） | E25: =VLOOKUP(C25,'Короткий прайс'!A:B,2,0) -> 66 | F25: =ROUNDUP(E25*$J$1,0) -> 858000 | H25: =G25*E25 -> 0 | I25: =G25*F25 -> 0
A26: 302903589 | C26: DS-K1T804EF(O-STD) | D26: 2.4 inch LCD Display Standalone Access Control Terminal. Built-in EM card reading module. Storage with 3.000 cards. 3.000 fingerprints and 100.000 access control events; Support Access Control and Time Attendance Function. Optical Fingerprint Module; Uplink Communication: TCP-IP. WIFI; Downlink Communication: RS485(Connect to Secure Module); Supports Wiegand out(W26/W34) and Wiegand in(W26/W34). Supports ISUP5.0. ISAPI multiple languages: English. Spanish. Italian. French. Portuguese (Brazilian). Vietnamese. Arabic. Thai. Turkish. Indonesian. Ukrainian Power adapter included in the package（European Standard） 4 colours availabe (Black. Glod. Silver and White). remark colour choices when placing order. | E26: =VLOOKUP(C26,'Короткий прайс'!A:B,2,0) -> 64 | F26: =ROUNDUP(E26*$J$1,0) -> 832000 | H26: =G26*E26 -> 0 | I26: =G26*F26 -> 0
A27: 302918281 | C27: DS-K1T673DX | D27: Face Recognition Terminal, 7-inch LCD touch screen,2 Mega pixel wide-angle lens,Built-in Mifare card, Felica card,DESfire card reading module; Max.10,000 faces capacity , Max.50,000 cards; Two-way audio with client software, indoor station, and master station Supports TCP/IP, DC 12-24V/2A Supports 6 attendance status, including check in, check out, break in, break out, overtime in, overtime out multiple languages: English, Spanish (South America), Arabic, Thai, Indonesian, Russian, Vietnamese, Portuguese (Brazil), Japanese, Korean Face mask detection Supports Peripheral Module: DS-KAB673-B, DS-KAB673-BQR, DS-KAB673-FB, DS-KAB673-FBQR （B：Bluetooth; QR：QR Code; F：fingerprint） Supports single person and multiple people (Up to 5 people) recognition Face Recognition Accuracy Rate > 99% Face Recognition Duration(1:N) ≤0.2s Face Recognition Distance: 0.3m ~ 3m IP65 | E27: =VLOOKUP(C27,'Короткий прайс'!A:B,2,0) -> По запросу | F27: =ROUNDUP(E27*$J$1,0) -> #VALUE! | H27: =G27*E27 -> #VALUE! | I27: =G27*F27 -> #VALUE!
A28: 302918273 | C28: DS-K1T673TDX | D28: Face Recognition Terminal, 7-inch LCD touch screen,2 Mega pixel wide-angle lens,Built-in Mifare card, Felica card,DESfire card reading module; Max.100,000 faces capacity , Max.500,000 cards; Two-way audio with client software, indoor station, and master station Supports TCP/IP, DC 12-24V/2A Supports 6 attendance status, including check in, check out, break in, break out, overtime in, overtime out multiple languages: English, Spanish (South America), Arabic, Thai, Indonesian, Russian, Vietnamese, Portuguese (Brazil), Japanese, Korean Face mask detection Supports Peripheral Module: DS-KAB673-B, DS-KAB673-BQR, DS-KAB673-FB, DS-KAB673-FBQR （B：Bluetooth; QR：QR Code; F：fingerprint） Supports single person and multiple people (Up to 5 people) recognition Face Recognition Accuracy Rate > 99% Face Recognition Duration(1:N) ≤0.2s Face Recognition Distance: 0.3m ~ 3m IP65 | E28: =VLOOKUP(C28,'Короткий прайс'!A:B,2,0) -> По запросу | F28: =ROUNDUP(E28*$J$1,0) -> #VALUE! | H28: =G28*E28 -> #VALUE! | I28: =G28*F28 -> #VALUE!
A29: 302917212 | C29: DS-K1TA70MI-T(O-STD) | D29: MinMoe Temperature Screening Terminal 7-inch LCD touch screen.2 Mega pixel wide-angle lens Built-in Mifare card reading module; Max.6.000 faces capacity . Max.6.000 cards; verification methods：Supporting fast temperature measurement and face/card recognition with temperature screening Authentication distance: 0.3-1.8m. Temperature range: 30-45℃. accuracy: ±0.5℃; Supports 6 attendance status. including check in. check out. break in. break out. overtime in. overtime out Face Recognition Duration(1:N) ≤0.2s Mask detection：Supporting face mask wearing alert and forced mask wearing alert without power supply. | E29: =VLOOKUP(C29,'Короткий прайс'!A:B,2,0) -> По запросу | F29: =ROUNDUP(E29*$J$1,0) -> #VALUE! | H29: =G29*E29 -> #VALUE! | I29: =G29*F29 -> #VALUE!
A30: 302912710 | C30: DS-K5671-ZV(O-STD) | D30: Face recognition terminal for Swing Barrier. 7 inch LCD Touch Screen. 2Mega Camera. 1080P. automatic focusing and self-adapt to different statural people Built-in IO output or Wiegand out，easy to Communicates with the third-party turnstile 50.000 faces. 50.000 events adopt deep learning algorithm. more fast and accurate TCP/IP.WIFI communication. IP65 Face Recognition Accuracy Rate > 99% Face Recognition Duration(1:N) ≤ 0.2s Face Recognition Distance: 0.3m ~ 3m Remote live view via RTSP protocol; | E30: =VLOOKUP(C30,'Короткий прайс'!A:B,2,0) -> По запросу | F30: =ROUNDUP(E30*$J$1,0) -> #VALUE! | H30: =G30*E30 -> #VALUE! | I30: =G30*F30 -> #VALUE!
A31: 305700588 | C31: DS-KABV8113-RS(O-STD)/Flush | D31: SECC，Protective shield for KV8113 series villa door station (Flush mouting) | E31: =VLOOKUP(C31,'Короткий прайс'!A:B,2,0) -> 15 | F31: =ROUNDUP(E31*$J$1,0) -> 195000 | H31: =G31*E31 -> 0 | I31: =G31*F31 -> 0
A32: 305302796 | C32: DS-KB8113-IME1(B) | D32: Vandal Proof Standard PoE Doorbell 2 MP IP Vandal-resistant Door Station. 80°(Horizontal) and 44°(Vertical). field of view adjustment -50° to 50°. 10/100 Mbps Self-Adaptive Ethernet. PoE (Power over Ethernet). IR Supplement. IR Distance: 5 Meters. IK 9 and IP 66. Call directly to Hik-Connect APP without indoor station. Configuration remotely via Web | E32: =VLOOKUP(C32,'Короткий прайс'!A:B,2,0) -> 72.5 | F32: =ROUNDUP(E32*$J$1,0) -> 942500 | H32: =G32*E32 -> 0 | I32: =G32*F32 -> 0
A33: 305301995 | C33: DS-KD9203-E6(O-STD) | D33: 3.5" Face Recognition Door Station 2 MP HD camera with high quality image. 120 ° wide angle of view Plastic material Up to 5000 faces. and 50000 cards can be added Unlocks by cards and faces Supports anti-spoofing Supports cofiguration via Web remotely | E33: =VLOOKUP(C33,'Короткий прайс'!A:B,2,0) -> По запросу | F33: =ROUNDUP(E33*$J$1,0) -> #VALUE! | H33: =G33*E33 -> #VALUE! | I33: =G33*F33 -> #VALUE!
A34: 305302004 | C34: DS-KD9203-FE6(O-STD) | D34: 3.5" Face Recognition Door Station 2 MP HD camera with high quality image. 120 ° wide angle of view Plastic material Up to 5000 faces. 5000 fingerprints and 25000 cards can be added Unlocks by fingerprints. cards and faces Supports anti-spoofing Supports cofiguration via Web remotely | E34: =VLOOKUP(C34,'Короткий прайс'!A:B,2,0) -> По запросу | F34: =ROUNDUP(E34*$J$1,0) -> #VALUE! | H34: =G34*E34 -> #VALUE! | I34: =G34*F34 -> #VALUE!
C35: DS-KD9633-E6 | D35: Intuitive operation for a better user experience 10.1-inch colorful LCD screen with 1280 × 880 resolution Built-in Android system Touch screen UI, WEB Great image quality even in darkness See clearly with the 2MP camera Multiple intelligent authentications: Card, PIN code, QR code, fingerprint & face recognition High level of protection: IP65 | E35: =VLOOKUP(C35,'Короткий прайс'!A:B,2,0) -> По запросу | F35: =ROUNDUP(E35*$J$1,0) -> #VALUE! | H35: =G35*E35 -> #VALUE! | I35: =G35*F35 -> #VALUE!
A36: 305301408 | C36: DS-KH6320-TE1(O-STD) | D36: 7“ Touch-Screen Indoor Station. 7-inch Colorful TFT LCD. display resolution: 1024 * 600; 10/100Mbps Ethernet; standard PoE/ 12 VDC. TF card. max 32G 8-ch alarm input | E36: =VLOOKUP(C36,'Короткий прайс'!A:B,2,0) -> 75.6 | F36: =ROUNDUP(E36*$J$1,0) -> 982800 | H36: =G36*E36 -> 0 | I36: =G36*F36 -> 0
A37: 305301409 | C37: DS-KH6320-WTE1(O-STD) | D37: 7“ Touch-Screen Indoor Station. 7-inch Colorful TFT LCD. display resolution: 1024 * 600; 10/100Mbps Ethernet. Wi-Fi 802.11b/g/n; standard PoE/ 12 VDC. TF card. max 32G 8-ch alarm input. 2xalarm output. 1x485 | E37: =VLOOKUP(C37,'Короткий прайс'!A:B,2,0) -> 84 | F37: =ROUNDUP(E37*$J$1,0) -> 1092000 | H37: =G37*E37 -> 0 | I37: =G37*F37 -> 0
C38: DS-KH6350-TE1 | D38: KH6 Series IP-Based Indoor Station 7-inch TFT touch screen with 1024 × 600 resolution Convenient Hik-Connect APP Mobile Control Receive calls, open the door and live view remotely Easy to use without PC Easy wizard for quick set up Configure the whole system on one touch screen Rich functions and extensions Live view of the door station and cameras in public areas Support voice messages when no response from the indoor station Receive alarms by linkage with a alarm system and notify the center to handle in time Elevator access control | E38: =VLOOKUP(C38,'Короткий прайс'!A:B,2,0) -> 80 | F38: =ROUNDUP(E38*$J$1,0) -> 1040000 | H38: =G38*E38 -> 0 | I38: =G38*F38 -> 0
A39: 305303208 | C39: DS-KH6350-WTE1 | D39: 7“ Touch-Screen Indoor Station, 7-inch Colorful TFT LCD, display resolution: 1024 * 600; 10/100Mbps Ethernet, Wi-Fi 802.11b/g/n; standard PoE/ 12 VDC. TF card, max 128G | E39: =VLOOKUP(C39,'Короткий прайс'!A:B,2,0) -> 84 | F39: =ROUNDUP(E39*$J$1,0) -> 1092000 | H39: =G39*E39 -> 0 | I39: =G39*F39 -> 0
A40: 305301412 | C40: DS-KH8350-TE1(O-STD) | D40: Reddot award 2017 winner 7“ Touch-Screen Indoor Station. 7-inch Colorful IPS LCD. display resolution: 1024 * 600; 10/100Mbps Ethernet; standard PoE/ 12 VDC. TF card. max 32G 8-ch alarm input . 2xalarm output. 1x485 | E40: =VLOOKUP(C40,'Короткий прайс'!A:B,2,0) -> 150 | F40: =ROUNDUP(E40*$J$1,0) -> 1950000 | H40: =G40*E40 -> 0 | I40: =G40*F40 -> 0
A41: 305301214 | C41: DS-KH8350-WTE1(O-STD) | D41: Reddot award 2017 winner 7“ Touch-Screen Indoor Station. 7-inch Colorful IPS LCD. display resolution: 1024 * 600; 10/100Mbps Ethernet. Wi-Fi 802.11b/g/n(for KH8350-WTE1); standard PoE/ 12 VDC. TF card. max 32G 8-ch alarm input . 2xalarm output. 1x485 | E41: =VLOOKUP(C41,'Короткий прайс'!A:B,2,0) -> 153 | F41: =ROUNDUP(E41*$J$1,0) -> 1989000 | H41: =G41*E41 -> 0 | I41: =G41*F41 -> 0
A42: 305301406 | C42: DS-KH8520-WTE1(O-STD) | D42: 10“ Touch-Screen Indoor Station. 10-inch Colorful TFT LCD. display resolution: 1024 * 600; 10/100Mbps Ethernet. Wi-Fi 802.11b/g/n; standard PoE/ 12 VDC. TF card. max 32G 8-ch alarm input.2xalarm output. 1x485 | E42: =VLOOKUP(C42,'Короткий прайс'!A:B,2,0) -> 145 | F42: =ROUNDUP(E42*$J$1,0) -> 1885000 | H42: =G42*E42 -> 0 | I42: =G42*F42 -> 0
C43: DS-KV9503-WBE1 | D43: Metal Vandal-proof Facial IP Villa Door Station Modern industrial design 4.3-inch colorful LCD screen with 800 × 480 resolution One-touch Physical Button For easier calls Standard PoE power supply IK08 & IP65 higher protection level User- friendly interaction Optional face recognition function for privacy concerns Customized advertising interface Various application scenarios: Villa & Apartment & Office Multiple authentication methods: Face, Pin Code, Card, QR Code, Bluetooth (Reserved) | E43: =VLOOKUP(C43,'Короткий прайс'!A:B,2,0) -> 230 | F43: =ROUNDUP(E43*$J$1,0) -> 2990000 | H43: =G43*E43 -> 0 | I43: =G43*F43 -> 0
A44: 305301984 | C44: DS-KH9510-WTE1(O-STD) | D44: 10.1-inch colorful touch screen with resolution 1024 × 600 Supports Android app installation Open platform for the third-party software integration Video intercom & live view on mobile phone all-day Built-in Hik-Connect for all-in-one management Wireless intrusion panel for on-site management Receives 7 seconds of video verification from alarm systems | E44: =VLOOKUP(C44,'Короткий прайс'!A:B,2,0) -> 175 | F44: =ROUNDUP(E44*$J$1,0) -> 2275000 | H44: =G44*E44 -> 0 | I44: =G44*F44 -> 0
C45: DS-KH9310-WTE1(B) | D45: 7-inch colorful touch screen with resolution 1024 × 600 Supports Android app installation Open platform for the third-party software integration Video intercom & live view on mobile phone all-day Built-in Hik-Connect for all-in-one management Receives 7 seconds of video verification from alarm systems | E45: =VLOOKUP(C45,'Короткий прайс'!A:B,2,0) -> 150 | F45: =ROUNDUP(E45*$J$1,0) -> 1950000 | H45: =G45*E45 -> 0 | I45: =G45*F45 -> 0
A46: 305302861 | C46: DS-KH9510-WTE1(O-STD)/Black | D46: 10.1-inch colorful touch screen with resolution 1024 × 600 Supports Android app installation Open platform for the third-party software integration Video intercom & live view on mobile phone all-day Built-in Hik-Connect for all-in-one management Wireless intrusion panel for on-site management Receives 7 seconds of video verification from alarm systems | E46: =VLOOKUP(C46,'Короткий прайс'!A:B,2,0) -> 175 | F46: =ROUNDUP(E46*$J$1,0) -> 2275000 | H46: =G46*E46 -> 0 | I46: =G46*F46 -> 0
A47: 305302862 | C47: DS-KIS202T(O-STD) | D47: Analog Kit Kit including DS-KB2411T-IM and DS-KH2220 Include one monitor. one ourdoor panel. 5-meter 4-wire cable. and other accessories 2MP camera. 7 inch LCD It includes European power adapter. if you want to change the standard of power supply. you have to mark which standard of power adapter you want when you place an order | E47: =VLOOKUP(C47,'Короткий прайс'!A:B,2,0) -> 71 | F47: =ROUNDUP(E47*$J$1,0) -> 923000 | H47: =G47*E47 -> 0 | I47: =G47*F47 -> 0
A48: 305302862 | C48: DS-KIS202T(O-STD) | D48: Analog Kit Kit including DS-KB2411T-IM and DS-KH2220 Include one monitor. one ourdoor panel. 5-meter 4-wire cable. and other accessories 2MP camera. 7 inch LCD It includes European power adapter. if you want to change the standard of power supply. you have to mark which standard of power adapter you want when you place an order | E48: =VLOOKUP(C48,'Короткий прайс'!A:B,2,0) -> 71 | F48: =ROUNDUP(E48*$J$1,0) -> 923000 | H48: =G48*E48 -> 0 | I48: =G48*F48 -> 0
A49: 305302866 | C49: DS-KIS203T(O-STD) | D49: Water Proof Analog Kit Kit including DS-KB2421T-IM and DS-KH2220 Include one monitor. one metal ourdoor panel. 5-meter 4-wire cable.and other accessories 2MP camera. 7 inch LCD It includes European power adapter. if you want to change the standard of power supply. you have to mark which standard of power adapter you want when you place an order | E49: =VLOOKUP(C49,'Короткий прайс'!A:B,2,0) -> 81 | F49: =ROUNDUP(E49*$J$1,0) -> 1053000 | H49: =G49*E49 -> 0 | I49: =G49*F49 -> 0
A50: 305302868 | C50: DS-KIS204T(O-STD) | D50: Analog Kit with picture storage function Kit including DS-KB2411T-IM and DS-KH2220 -S. Support picture storage.time OSD . brightness. contrast.volume adjusting. and ringtone selecting 2MP camera. 7 inch LCD Include one monitor. one ourdoor panel. 5-meter 4-wire cable. and other accessories It includes European power adapter. if you want to change the standard of power supply. you have to mark which standard of power adapter you want when you place an order | E50: =VLOOKUP(C50,'Короткий прайс'!A:B,2,0) -> 85 | F50: =ROUNDUP(E50*$J$1,0) -> 1105000 | H50: =G50*E50 -> 0 | I50: =G50*F50 -> 0
A51: 305301335 | C51: DS-KIS205T(GREY) | D51: Analog Kit with picture storage function Kit including DS-KB2421T-IM and DS-KH2220 -S. Support picture storage.time OSD . brightness. contrast.volume adjusting. and ringtone selecting 2MP camera. 7 inch LCD Include one monitor. one ourdoor panel. 5-meter 4-wire cable. and other accessories It includes European power adapter. if you want to change the standard of power supply. you have to mark which standard of power adapter you want when you place an order | E51: =VLOOKUP(C51,'Короткий прайс'!A:B,2,0) -> 89 | F51: =ROUNDUP(E51*$J$1,0) -> 1157000 | H51: =G51*E51 -> 0 | I51: =G51*F51 -> 0
C52: DS-KIS212 | D52: 4-Wire HD Video Intercom Kit HD TVI video quality Plug & play One-press to call One-press to unlock the door Max 2 door stations and 3 indoor stations in one system | E52: =VLOOKUP(C52,'Короткий прайс'!A:B,2,0) -> 74 | F52: =ROUNDUP(E52*$J$1,0) -> 962000 | H52: =G52*E52 -> 0 | I52: =G52*F52 -> 0
C53: DS-KIS302-P | D53: Hybrid Intercom Kit Hybrid Intercom Kit with 1 indoor station and 1 four-wire analog door station User-friendly control with a convenient touch screen Convenient management via the Hik-Connect mobile client More cost-effective options with analog doorbells Easy installation as the doorbell requires no exclusive power supply European power supply adaptor included (please mark for other standards when you order) Door Station/Video Parameters Resolution 1920 x 1080 FOV Horizontal: 66.2°，Vertical: 37.2° Door Station/Audio Parameters Audio Input Built-in omnidirectional microphone Audio Output Built-in loudspeaker Door Station/Device Interfaces I/O Output 1 relay output Four-Wire 1 for 4-wire interface Door Station/General Power Supply 12 VDC Power Consumption Max. 5 W Working Temperature -10° C to 55° C (14° F to 131° F) Working Humidity 10% to 90% Dimensions 135.14 mm × 49.6 mm × 41.93 mm (5.32" × 1.95" × 1.65") Indoor Station/System Parameters Operation System Embedded Linux operation system RAM 128 MB ROM 32 MB Indoor Station/Display Parameters Size 7-inch colorful TFT screen Operation Method Capacitive touch screen Type Colorful TFT screen Resolution 1024 × 600 Indoor Station/Video Parameter Resolution / Lens / WDR / FOV / Indoor Station/Audio Parameters Audio Input Built-in omnidirectional microphone Audio Output Built-in loudspeaker Audio Compression Rate 64 Kps Audio Compression Standard G.711 U G.711 A Volume Adjustment Adjustable Audio Quality Noise suppression and echo cancellation Indoor Station/Capacity Parameters Linked IPC Capacity 16 Notice Capacity 200 Linked Indoor Extensions Capacity 5 Linked Doorphone Capacity 2 analog doorphones, 15 IP doorphones Max. Indoor Station/Network Parameters Wired Network 10/100 Mbps self-adaptive Wi-Fi Wi-Fi 802.11 b/g/n 3G/4G / Bluetooth / Protocol TCP/IP, SIP, RTSP Indoor Station/Device Interfaces Network Interface 1 RJ-45 10/100 Mbps self-adaptive RS-485 1 Alarm Input 2-ch alarm inputs Alarm Output 2 Power Input 1, 12 VDC TAMPER / TF Card Max to 128 G, SD 2.0 or lower version USB Interface / Four-Wire Interface 2 Indoor Station/General Button 0 Power Supply IEEE802.3af, Standard PoE,12V DC Power Consumption ≤ 6 W Working Temperature -10 °C to 50 °C (14 °F to 122 °F) Working Humidity 10% to 90% Dimensions (W × H × D) 200 mm × 140 mm × 23.6 mm (7.9" × 5.5" × 0.9") Installation Surface mounting Application Environment Indoor Protective Level / Weight With package: 365 g Without package: 355 g | E53: =VLOOKUP(C53,'Короткий прайс'!A:B,2,0) -> 105 | F53: =ROUNDUP(E53*$J$1,0) -> 1365000 | H53: =G53*E53 -> 0 | I53: =G53*F53 -> 0
A54: 305301588 | C54: DS-KIS602(B) | D54: IP video intercom kit for villa or house. only one call button. DS-KD8003-IME1/Surface x1; DS-KH6320-WTE1 x1; 4 port standard PoE switch x1; 16GB TF card x1; No need additional power supply. but you have to mark which standard of power line type of the PoE switch you want when you place an order | E54: =VLOOKUP(C54,'Короткий прайс'!A:B,2,0) -> 184 | F54: =ROUNDUP(E54*$J$1,0) -> 2392000 | H54: =G54*E54 -> 0 | I54: =G54*F54 -> 0
A55: 305302411 | C55: DS-KIS603-P(B)(O-STD) | D55: IP video intercom kit for villa or house. only one call button. DS-KV6113-WPE1(C) x1; DS-KH6320-WTE1 x1; PSU x2; Power adapter included in the package（European Standard） | E55: =VLOOKUP(C55,'Короткий прайс'!A:B,2,0) -> 160 | F55: =ROUNDUP(E55*$J$1,0) -> 2080000 | H55: =G55*E55 -> 0 | I55: =G55*F55 -> 0
C56: DS-KIS605-P(C) | D56: Indoor Station： User friendly design 7-inch colorful touch screen with resolution 1024 × 600 Standard PoE Views live video of door stations and linked cameras Villa Door Station： Standard PoE 2 MP HD Camera Noise suppression and echo cancellation | E56: =VLOOKUP(C56,'Короткий прайс'!A:B,2,0) -> 150 | F56: =ROUNDUP(E56*$J$1,0) -> 1950000 | H56: =G56*E56 -> 0 | I56: =G56*F56 -> 0
A57: 305302837 | C57: DS-KIS606-P | D57: IP video intercom kit for villa or house DS-KB8113-IME1(O-STD) DS-KH8520-WTE1(O-STD) Power adapter included in the package（European Standard） | E57: =VLOOKUP(C57,'Короткий прайс'!A:B,2,0) -> 220 | F57: =ROUNDUP(E57*$J$1,0) -> 2860000 | H57: =G57*E57 -> 0 | I57: =G57*F57 -> 0
A58: 305302338 | C58: DS-KV6103-PE1(B)(O-STD) | D58: CMOS 2MP HD Colorful Camera..Plastic. 1-ch Indoor station access Standard PoE/ 12 VDC 10M/100M Self-adaptive Ethernet; 4-ch alarm input.1 relay for door lock contrl; IP65 Call directly to Hik-Connect APP without indoor station. | E58: =VLOOKUP(C58,'Короткий прайс'!A:B,2,0) -> 65 | F58: =ROUNDUP(E58*$J$1,0) -> 845000 | H58: =G58*E58 -> 0 | I58: =G58*F58 -> 0
A59: 305303442 | C59: DS-KV6113-PE1(C)(O-STD) | D59: CMOS 2MP HD Colorful Camera..Plastic. 1-ch Indoor station access Standard PoE/ 12 VDC. Mifare card reading module; 10M/100M Self-adaptive Ethernet. RS-485; 4-ch alarm input.1 relay for door lock contrl; IP65. 2 indicator integrated Call directly to Hik-Connect APP without indoor station. | E59: =VLOOKUP(C59,'Короткий прайс'!A:B,2,0) -> 70 | F59: =ROUNDUP(E59*$J$1,0) -> 910000 | H59: =G59*E59 -> 0 | I59: =G59*F59 -> 0
A60: 302912700 | C60: DS-K1T671TMW | D60: Forced mask wearing alert: If the recognizing face does not wear a mask. the device will prompt a voice reminder. At the same time. the authentication or attendance will be failed Face mask wearing alert: If the recognizing face does not wear a mask. the device will prompt a voice reminder. At the same time. the authentication or attendance is valid 7-inch LCD touch screen. 2 Mega pixel wide-angle lens. built-in Mifare card reading module Face recognition distance (without face mask): 0.3 m to 3 m. Duration ＜ 0.2 s/User. Accuracy rate ≥ 99% Max. 50.000 faces. Max. 50.000 cards Two-way audio with client software.indoor station. and main station Supports TCP/IP.Wi-Fi Configuration via the web client Supports ISAPI and ISUP5.0 protocol IP65 | E60: =VLOOKUP(C60,'Короткий прайс'!A:B,2,0) -> По запросу | F60: =ROUNDUP(E60*$J$1,0) -> #VALUE! | H60: =G60*E60 -> #VALUE! | I60: =G60*F60 -> #VALUE!
A61: 302913782 | C61: DS-K5671-ZU | D61: Forced mask wearing alert: If the recognizing face does not wear a mask. the device will prompt a voice reminder. At the same time. the authentication or attendance will be failed Face mask wearing alert: If the recognizing face does not wear a mask. the device will prompt a voice reminder. At the same time. the authentication or attendance is valid Face recognition terminal for turnstile Built-in IO output or Wiegand output to communicate with the third-party turnstile 7 inch LCD Touch Screen. 2 M camera Max. 50.000 faces. and Max. 100.000 events Face recognition distance: 0.3 m to 3 m; Face recognition duration ＜ 0.2 s/User; Accuracy rate ≥ 99% TCP/IP. Wi-Fi communication Remote live view via RTSP protocol IP65 | E61: =VLOOKUP(C61,'Короткий прайс'!A:B,2,0) -> По запросу | F61: =ROUNDUP(E61*$J$1,0) -> #VALUE! | H61: =G61*E61 -> #VALUE! | I61: =G61*F61 -> #VALUE!
C62: DS-K3B501SX-L/M Турникет Стеклянный Левая сторона | D62: 12 pairs of infrared sensors, 20 – 60 passage frequency, 550 mm – 1100mm lane width, SUS304 stainless steel,thickness:1.2mm, Unauthorized personnel intrusion alarm Anti-trailing control ,anti-pinch function Anti-collision function, Fail safe for emergency situation Use for indoor and outdoor | E62: =VLOOKUP(C62,'Короткий прайс'!A:B,2,0) -> По запросу | F62: =ROUNDUP(E62*$J$1,0) -> #VALUE! | H62: =G62*E62 -> #VALUE! | I62: =G62*F62 -> #VALUE!
C63: DS-K3B501SX-M/M Турникет Стеклянный Середина | D63: 12 pairs of infrared sensors, 20 – 60 passage frequency, 550 mm – 1100mm lane width, SUS304 stainless steel,thickness:1.2mm, Unauthorized personnel intrusion alarm Anti-trailing control ,anti-pinch function Anti-collision function, Fail safe for emergency situation Use for indoor and outdoor | E63: =VLOOKUP(C63,'Короткий прайс'!A:B,2,0) -> По запросу | F63: =ROUNDUP(E63*$J$1,0) -> #VALUE! | H63: =G63*E63 -> #VALUE! | I63: =G63*F63 -> #VALUE!
C64: DS-K3B501SX-R/M Турникет Стеклянный Правая сторона | D64: 12 pairs of infrared sensors, 20 – 60 passage frequency, 550 mm – 1100mm lane width, SUS304 stainless steel,thickness:1.2mm, Unauthorized personnel intrusion alarm Anti-trailing control ,anti-pinch function Anti-collision function, Fail safe for emergency situation Use for indoor and outdoor | E64: =VLOOKUP(C64,'Короткий прайс'!A:B,2,0) -> По запросу | F64: =ROUNDUP(E64*$J$1,0) -> #VALUE! | H64: =G64*E64 -> #VALUE! | I64: =G64*F64 -> #VALUE!
C65: DS-K3B801BX-L/M Турникет Стеклянный Премиум левая сторона | D65: TCP/IP network communication: The communication data is specially encrypted to relieve the concern of privacy leak. Bidirectional (Entering/Exiting) lane:The barrier opening and closing speed can be configured according to the visitors flow The door wings will be locked or stop working when people are nipped. Audible and visual alarm will be triggered when detecting intrusion, tailgating, reverse passing, climbing over barrier, and overstay. Fire alarm passing: When the fire alarm is triggered, the barrier will be open automatically for emergency evacuation. Self-detection, Self-diagnostics, and automatic alarm. | E65: =VLOOKUP(C65,'Короткий прайс'!A:B,2,0) -> По запросу | F65: =ROUNDUP(E65*$J$1,0) -> #VALUE! | H65: =G65*E65 -> #VALUE! | I65: =G65*F65 -> #VALUE!
C66: DS-K3B801BX-M/M Турникет Стеклянный Премиум середина | E66: =VLOOKUP(C66,'Короткий прайс'!A:B,2,0) -> По запросу | F66: =ROUNDUP(E66*$J$1,0) -> #VALUE! | H66: =G66*E66 -> #VALUE! | I66: =G66*F66 -> #VALUE!
C67: DS-K3B801BX-R/M Турникет Стеклянный Премиум правая сторона | E67: =VLOOKUP(C67,'Короткий прайс'!A:B,2,0) -> По запросу | F67: =ROUNDUP(E67*$J$1,0) -> #VALUE! | H67: =G67*E67 -> #VALUE! | I67: =G67*F67 -> #VALUE!
C68: DS-K3B631TX-L/M Турникет Стеклянный со встроенным терминалом Левая сторона | D68: 20 pairs of IR light detectors: Permissions validation and anti-tailgating Arrow LED light indicates passing direction Audible and visual nipping alarm: The barrier will stop working for a period of time when detecting obstruction when open/close barrier Self-detection, Self-diagnostics, and automatic alarm Valid passing duration settings: System will cancel the passing permission if a person does not pass through the lane within the valid passing duration Door remaining open when fire alarm triggered: The barrier will open automatically when alarm is triggered. | E68: =VLOOKUP(C68,'Короткий прайс'!A:B,2,0) -> По запросу | F68: =ROUNDUP(E68*$J$1,0) -> #VALUE! | H68: =G68*E68 -> #VALUE! | I68: =G68*F68 -> #VALUE!
C69: DS-K3B631TX-M/M Турникет Стеклянный со встроенным терминалом Середина | E69: =VLOOKUP(C69,'Короткий прайс'!A:B,2,0) -> По запросу | F69: =ROUNDUP(E69*$J$1,0) -> #VALUE! | H69: =G69*E69 -> #VALUE! | I69: =G69*F69 -> #VALUE!
C70: DS-K3B631TX-R/M Турникет Стеклянный со встроенным терминалом Правая сторона | E70: =VLOOKUP(C70,'Короткий прайс'!A:B,2,0) -> По запросу | F70: =ROUNDUP(E70*$J$1,0) -> #VALUE! | H70: =G70*E70 -> #VALUE! | I70: =G70*F70 -> #VALUE!
C71: DS-K3G301X-R/E | D71: Value Tripod Turnstile Bidirectional (Entering/Exiting) lane. Fire alarm passing: When triggered, the arms will be dropped automatically for emergency evacuation. High-brightness LED indicates the entrance/exit and passing status. | E71: =VLOOKUP(C71,'Короткий прайс'!A:B,2,0) -> 840 | F71: =ROUNDUP(E71*$J$1,0) -> 10920000 | H71: =G71*E71 -> 0 | I71: =G71*F71 -> 0
C72: DS-K3G501X-R/M | D72: Pro Tripod Turnstile Barrier open/closed, free accessing, forbidden mode are selectable. Bidirectional (entering/exiting) lane LED indicates the entrance/exit and passing status. Fire alarm passing: when the fire alarm is triggered, the barrier will be dropped automatically for emergency evacuation. Valid passing duration settings: system will cancel the passing permission if a person does not pass through the lane within the valid passing duration. Easy integration of any third-party software management system via ISAPI procotol. With key buttons to configure turnstile's functions and parameters offline. | E72: =VLOOKUP(C72,'Короткий прайс'!A:B,2,0) -> 1000 | F72: =ROUNDUP(E72*$J$1,0) -> 13000000 | H72: =G72*E72 -> 0 | I72: =G72*F72 -> 0
C73: DS-K3B220LX-L Турникет Стеклянный Бюджетный левая сторона | D73: 4 pairs of IR light detectors: Permissions validation and anti-tailgating  LED light indicates passing direction  Valid passing duration settings: System will cancel the passing permission if a person does not pass through the lane within the valid passing duration  Door remaining open when fire alarm triggered: The door wings will be free status  Without built-in access control board and card readers (optional) | E73: =VLOOKUP(C73,'Короткий прайс'!A:B,2,0) -> 730 | F73: =ROUNDUP(E73*$J$1,0) -> 9490000 | H73: =G73*E73 -> 0 | I73: =G73*F73 -> 0
C74: DS-K3B220LX-M Турникет Стеклянный Бюджетный середина | E74: =VLOOKUP(C74,'Короткий прайс'!A:B,2,0) -> 1150 | F74: =ROUNDUP(E74*$J$1,0) -> 14950000 | H74: =G74*E74 -> 0 | I74: =G74*F74 -> 0
C75: DS-K3B220LX-R Турникет Стеклянный Бюджетный правая сторона | E75: =VLOOKUP(C75,'Короткий прайс'!A:B,2,0) -> 730 | F75: =ROUNDUP(E75*$J$1,0) -> 9490000 | H75: =G75*E75 -> 0 | I75: =G75*F75 -> 0
C76: DS-K3G501SX-R/E Турникет-Трипод портал Премиум | D76: TCP/IP network communication: the communication data is specially encrypted to relieve the concern of privacy leak. Barrier open/closed, free accessing, forbidden mode are selectable. Bidirectional (entering/exiting) lane Remote control and management LED indicates the entrance/exit and passing status. Fire alarm passing: when the fire alarm is triggered, the barrier will be dropped automatically for emergency evacuation. Valid passing duration settings: system will cancel the passing permission if a person does not pass through the lane within the valid passing duration. | E76: =VLOOKUP(C76,'Короткий прайс'!A:B,2,0) -> По запросу | F76: =ROUNDUP(E76*$J$1,0) -> #VALUE! | H76: =G76*E76 -> #VALUE! | I76: =G76*F76 -> #VALUE!
C77: DS-K3G200LX-R Турникет-Трипод (гриб) | D77: Bidirectional (Entering/Exiting) lane. High-brightness LED indicates the entrance/exit and passing status except "Pg" type. Fire alarm passing: When triggered, the arms will be dropped automatically for emergency evacuation. Support IO connection for 3rd party ACS integration. For "Pg" type, the face terminal need purchase separately. | E77: =VLOOKUP(C77,'Короткий прайс'!A:B,2,0) -> 435 | F77: =ROUNDUP(E77*$J$1,0) -> 5655000 | H77: =G77*E77 -> 0 | I77: =G77*F77 -> 0
C78: LD-T311 Турникет Трипод | D78: Tripod Turnstile LD-T311 – многофункциональный турникет для средних объектов. Он имеет свойство автоматически закрываться, если прошедший человек немедленно не проходит. К тому же у него есть функция открывания для инвалидов. | E78: =VLOOKUP(C78,'Короткий прайс'!A:B,2,0) -> 475 | F78: =ROUNDUP(E78*$J$1,0) -> 6175000 | H78: =G78*E78 -> 0 | I78: =G78*F78 -> 0
C79: LD- B503 Турникет (Один проход) | D79: это самый престижный и красивый турникет, который позволяет контролировать доступ как на один, так и на два прохода и даже 3 прохода. Он имеет эффектное стеклянное оформление и различные функции, такие как сигнализация о несанкционированном доступе и алгоритмы блокировки | E79: =VLOOKUP(C79,'Короткий прайс'!A:B,2,0) -> 1270 | F79: =ROUNDUP(E79*$J$1,0) -> 16510000 | H79: =G79*E79 -> 0 | I79: =G79*F79 -> 0
C80: LD- B503 Турникет (два прохода) | E80: =VLOOKUP(C80,'Короткий прайс'!A:B,2,0) -> 2370 | F80: =ROUNDUP(E80*$J$1,0) -> 30810000 | H80: =G80*E80 -> 0 | I80: =G80*F80 -> 0
C81: DS-K3H4410-120 | D81: Single door, SUS304, Full Height Turnstile revolving door with high reliability and suitable for outdoor use. The waterproof design of the whole structure and the segmented installation design make the installation and maintenance of this product very convenient. | E81: =VLOOKUP(C81,'Короткий прайс'!A:B,2,0) -> По запросу | F81: =ROUNDUP(E81*$J$1,0) -> #VALUE! | H81: =G81*E81 -> #VALUE! | I81: =G81*F81 -> #VALUE!
A82: 322100244 | C82: DS ISD-SMG318 Арочный металлодетектор | D82: Non-contact temperature measurement: measuring a person's temperature at a target point on the face. accurately correlating the measured value with the target. • Temperature measurement error: ± 0.5 °C without using the AFT. ± 0.3 °C using the AFT (available on request). range: from 0.3 to 3 m. target height: from 1.45 to 1.85 m • Temperature filter: adjustable temperature setting. Exceeding the threshold will trigger an audible alarm and a strobe light • Statistics display: displays the number of people who have passed through the metal detector. the number of metal detector alarms. real-time human body temperature. the number of people with a temperature above normal • Metal detector: detection of metal objects. including especially small ones • Multiple area alarm: indicates the position of the metal object on the human body (max. 18 areas) • Modular device: easy to move and install | E82: =VLOOKUP(C82,'Короткий прайс'!A:B,2,0) -> По запросу | F82: =ROUNDUP(E82*$J$1,0) -> #VALUE! | H82: =G82*E82 -> #VALUE! | I82: =G82*F82 -> #VALUE!
A83: 302908146 | C83: DS-K7P03 | D83: new version of DS-K7P03, there is "/T" in the label. Stainless steel panel, Led Indicator; Dimension(L×W×H): 86×86×25.7mm(3.39×3.39×1.01"). | E83: =VLOOKUP(C83,'Короткий прайс'!A:B,2,0) -> 15 | F83: =ROUNDUP(E83*$J$1,0) -> 195000 | H83: =G83*E83 -> 0 | I83: =G83*F83 -> 0
A84: 305302400 | C84: DS-KM9503 | D84: CMOS 2 MP, 10-Inch Colorful IPS LCD, capacitive Touch Screen and display resolution 1280 × 800, 2 RJ-45 10/100/1000 Mbps Self-Adaptive Ethernet Interface, 1 HDMI, 1 RS-485 Half-Duplex Port, 3 USB Interface, 2 Relay Output, 2 Alarm Input , 4 Audio Inputs & 4 Audio Outputs, 12 VDC & Standard PoE Power adapter（European Standard）, Goose neck microphone and External voice box are included in the package | E84: =VLOOKUP(C84,'Короткий прайс'!A:B,2,0) -> По запросу | F84: =ROUNDUP(E84*$J$1,0) -> #VALUE! | H84: =G84*E84 -> #VALUE! | I84: =G84*F84 -> #VALUE!
A85: 302913800 | C85: DS-K2604T | D85: Access controller; 100,000 cards and 300,000 events storage; Communication via TCP/TP, ehome5.0 and RS-485; ISAPI, OSDP supported; 1/2/4 doors access control; Alarm input/output and alarm event upload; RS485 interface and Wiegand interface for accessing card reader; | E85: =VLOOKUP(C85,'Короткий прайс'!A:B,2,0) -> По запросу | F85: =ROUNDUP(E85*$J$1,0) -> #VALUE! | H85: =G85*E85 -> #VALUE! | I85: =G85*F85 -> #VALUE!
C86: DS-KD8023-E6 | D86: 3.5-inch colorful LCD screen with 480 × 320 resolution 2MP HD colorful camera with high quality image IP65 protection level Built-in M1 card reading module Multiple interfaces: RJ45, RS-485, alarm input, relay, Wiegand Convenient configuration via Web remotely Convenient unlock methods: Cards and PIN code | E86: =VLOOKUP(C86,'Короткий прайс'!A:B,2,0) -> 280 | F86: =ROUNDUP(E86*$J$1,0) -> 3640000 | H86: =G86*E86 -> 0 | I86: =G86*F86 -> 0
C87: DS-KH6320-LE1(B) | D87: User friendly design 7-inch colorful touch screen with resolution 1024 × 600 Standard PoE Views live video of door stations and linked cameras | E87: =VLOOKUP(C87,'Короткий прайс'!A:B,2,0) -> 70 | F87: =ROUNDUP(E87*$J$1,0) -> 910000 | H87: =G87*E87 -> 0 | I87: =G87*F87 -> 0
C88: DS-K7M102-M | D88: Mifare 1 Contactless Smart card, Frequency: 13.56vMHz.Designed with the PVC and AB glueDimension(L×W×H): 26 mm × 50 mm × 4 mm (1.02" × 1.97" × 0.16") | E88: =VLOOKUP(C88,'Короткий прайс'!A:B,2,0) -> 0.6 | F88: =ROUNDUP(E88*$J$1,0) -> 7800 | H88: =G88*E88 -> 0 | I88: =G88*F88 -> 0
C89: DS-KAB6-ZU1 | D89: Available for face recognition termianl which supports 86 gang box installation on the speed gates and turnstiles | E89: =VLOOKUP(C89,'Короткий прайс'!A:B,2,0) -> 55 | F89: =ROUNDUP(E89*$J$1,0) -> 715000 | H89: =G89*E89 -> 0 | I89: =G89*F89 -> 0
C90: DS-K1T342MFX | D90: Face Recognition Terminal, 4.3-inch LCD touch screen,2 Mega pixel wide-angle lens,Built-in M1 card reading module; Max.1,500 faces capacity ，Max.3,000 cards; Max.3,000 fingerprints capacity Face recognition in dark environment Two-way audio with client software, indoor station, and master station Supports TCP/IP,DC 12V/1A Supports ISUP5.0, ISAPI Supports 6 attendance status, including check in, check out, break in, break out, overtime in, overtime out multiple languages: English, Spanish (South America), Arabic, Thai, Indonesian, Russian, Vietnamese, Portuguese (Brazil) Configuration via the web client Face Recognition Accuracy Rate > 99% Face Recognition Duration(1:N) ≤0.2s Face Recognition Distance: 0.3m ~ 1.5m IP65 Power adapter included in the package（European Standard） | E90: =VLOOKUP(C90,'Короткий прайс'!A:B,2,0) -> 131 | F90: =ROUNDUP(E90*$J$1,0) -> 1703000 | H90: =G90*E90 -> 0 | I90: =G90*F90 -> 0
C91: DS-K1T502DBWX-C | D91: Access Control Terminal, 2 Mega pixels camera, Built-in M1 card, Felica card,DESfire card reading module and Bluetooth module; AP mode access control, video intercoms, and video all in one IP65、IK09，increased stability with zinc alloy materials Storage with 100,000 cards and 300,000 events; support mobile APP hikconnect Supports two-way audio intercom, remote live view, video recording through NVR; Uplink Communication: TCP/IP, WIFI; Downlink Communication: RS-485; Supports SD card | E91: =VLOOKUP(C91,'Короткий прайс'!A:B,2,0) -> 130 | F91: =ROUNDUP(E91*$J$1,0) -> 1690000 | H91: =G91*E91 -> 0 | I91: =G91*F91 -> 0
C92: DS-K1T805EX | D92: Access Control Terminal, Built-in EM card reading module; IP65、IK08，increased stability with aluminum alloy materials Storage with 10,000 cards and 100,000 events; support web（PC and Moblie）configuration support mobile APP hikconnect Uplink Communication: TCP/IP; Downlink Communication: RS-485、wiegand; Dimensions：57.7 mm × 177 mm × 34.6 mm (2.3" × 7.0" × 1.4") | E92: =VLOOKUP(C92,'Короткий прайс'!A:B,2,0) -> 60 | F92: =ROUNDUP(E92*$J$1,0) -> 780000 | H92: =G92*E92 -> 0 | I92: =G92*F92 -> 0
C93: DS-K1T805MX | D93: Access Control Terminal, Built-in M1 card reading module; IP65、IK08，increased stability with aluminum alloy materials Storage with 10,000 cards and 100,000 events; support web（PC and Moblie）configuration support mobile APP hikconnect Uplink Communication: TCP/IP; Downlink Communication: RS-485、wiegand; Dimensions：57.7 mm × 177 mm × 34.6 mm (2.3" × 7.0" × 1.4") | E93: =VLOOKUP(C93,'Короткий прайс'!A:B,2,0) -> 62 | F93: =ROUNDUP(E93*$J$1,0) -> 806000 | H93: =G93*E93 -> 0 | I93: =G93*F93 -> 0
C94: DS-K7P01 | D94: Door Type: Hollow doorframe and embedded-electric box Material: Aluminum alloy panel, metal button | E94: =VLOOKUP(C94,'Короткий прайс'!A:B,2,0) -> 12 | F94: =ROUNDUP(E94*$J$1,0) -> 156000 | H94: =G94*E94 -> 0 | I94: =G94*F94 -> 0
C95: DS-K7P02 | D95: Dimension(L×W×H): 90×35×28.9mm(3.54×1.38×1.14") Structure: aluminum alloy panel, metal button Current Rating: 3A@36VDC Max Output Contact: NO/NC/COM Contact | E95: =VLOOKUP(C95,'Короткий прайс'!A:B,2,0) -> 12 | F95: =ROUNDUP(E95*$J$1,0) -> 156000 | H95: =G95*E95 -> 0 | I95: =G95*F95 -> 0
C96: DS-KB2412T-IM | D96: 4-Wire HD Door Station HD TVI video quality Plug & play One-press to call One-press to unlock the door Max 2 door stations and 3 indoor stations in one system | E96: =VLOOKUP(C96,'Короткий прайс'!A:B,2,0) -> 40 | F96: =ROUNDUP(E96*$J$1,0) -> 520000 | H96: =G96*E96 -> 0 | I96: =G96*F96 -> 0
C97: DS-K4DC104 | D97: Suitable for single-action door with 900mm width Suitable for weight between 60 to 85kg of tempered glass door For 0d-180-degree full hydraulic control, with two section of speed control separately, closing door section closing lock 20-0-degree A constant temperature fitting inside it can keep a steady closing speed on the significant difference in temperature Superior quality aluminum alloy die-cast as body, safer and more durable Protected by three layers of bright paints against oxidation Can be installed either right of left side of door Surface colors: silver, golden, black or custom-made | E97: =VLOOKUP(C97,'Короткий прайс'!A:B,2,0) -> 20 | F97: =ROUNDUP(E97*$J$1,0) -> 260000 | H97: =G97*E97 -> 0 | I97: =G97*F97 -> 0
... C103: DS-K7P06 | D103: Structure: stainless steel panel, metal button, metal bottom case Dimension(L×W×H): 88×88×54mm(3.46×3.46×2.13″). | E103: =VLOOKUP(C103,'Короткий прайс'!A:B,2,0) -> 20 | F103: =ROUNDUP(E103*$J$1,0) -> 260000 | H103: =G103*E103 -> 0 | I103: =G103*F103 -> 0

Sheet Сетевое оборудование
A1: Артикул | B1: Изображение | C1: Модель | D1: Характеристика | E1: Цена USD | F1: Цена с НДС | G1: Кол-во | H1: Сумма USD | I1: Сумма НДС | J1: 13000
C2: DS-3E1310P-EI | D2: 8 Port Fast Ethernet Smart POE Switch 8 × 10/100 Mbps PoE ports,2 × Gigabit RJ45 port Total PoE Power Budget 60 W Support 802.1Q VLAN Support PoE watchdog to detect and restart the cameras that do not respond Support STP/RSTP Loop prevention Support cable detection to locate failure Up to 300 m Long Range PoE Transmission 6 kV Surge Protection | E2: =VLOOKUP(C2,'Короткий прайс'!A:B,2,0) -> 65 | F2: =ROUNDUP(E2*$J$1,0) -> 845000 | H2: =G2*E2 -> 0 | I2: =G2*F2 -> 0
C3: DS-3T0506HP-E/HS | D3: 4 Port Gigabit Unmanaged Harsh POE Switch 3 × gigabit PoE port, 1 × gigabit Hi-PoE port, 2 × gigabit SFP fiber optical port. IEEE 802.3at/af/bt standard for Hi-PoE port (Max. 60 W PoE output). IEEE 802.3at/af standard for PoE ports (Max. 30 W PoE output). IEEE 802.3, IEEE 802.3u, IEEE 802.3x, IEEE 802.3z and IEEE 802.3ab standard. 6 kV surge protection for PoE ports. Up to 300 m long-range transmission. PoE watchdog to auto detect and restart the cameras that do not respond. Port isolation to improve network security. Wire-speed forwarding. Wider temperature (-30 °C to 65 °C) design. Store-and-forward switching. Solid high-strength metal shell. Reliable fan-free design. | E3: =VLOOKUP(C3,'Короткий прайс'!A:B,2,0) -> 85 | F3: =ROUNDUP(E3*$J$1,0) -> 1105000 | H3: =G3*E3 -> 0 | I3: =G3*F3 -> 0
C4: DS-XS06-P | D4: 4 Port Fast Ethernet Unmanaged POE Switch 4× 10/100 Mbps PoE RJ45 port and 2 × 10/100 Mbps RJ45 port Whole-device PoE power of 35 W Long-range transmission supported High-priority ports supported | E4: =VLOOKUP(C4,'Короткий прайс'!A:B,2,0) -> 25 | F4: =ROUNDUP(E4*$J$1,0) -> 325000 | H4: =G4*E4 -> 0 | I4: =G4*F4 -> 0
C5: DS-3WR15X | D5: 1500M Wi-Fi 6 Wireless Router 1500Mbps Wi-Fi 6 Wired Wireless Dual Gigabit Dual Band in One and 5G First APP Management | E5: =VLOOKUP(C5,'Короткий прайс'!A:B,2,0) -> 30 | F5: =ROUNDUP(E5*$J$1,0) -> 390000 | H5: =G5*E5 -> 0 | I5: =G5*F5 -> 0
C6: DS-3WAP521-SI | D6: 2 Gigabit LAN Ports with 1 PoE Input 802.11ac Wave 2 1167 Mbps 86 mm Wall Junction Box for Easy Installation 50+ Concurrent User Connections Auto RF Optimization Support Intelligent Fast Roaming | E6: =VLOOKUP(C6,'Короткий прайс'!A:B,2,0) -> 70 | F6: =ROUNDUP(E6*$J$1,0) -> 910000 | H6: =G6*E6 -> 0 | I6: =G6*F6 -> 0
C7: DS-3WAP621E-SI | D7: Wi-Fi 6 3000M In-Wall Access Point 2 Gigabit LAN Ports with 1 PoE Input 802.11ax Wi-Fi 6 2975 Mbps 86 mm Wall Junction Box for Easy Installation 70+ Concurrent User Connections Auto RF Optimization Support Intelligent Fast Roaming | E7: =VLOOKUP(C7,'Короткий прайс'!A:B,2,0) -> 50 | F7: =ROUNDUP(E7*$J$1,0) -> 650000 | H7: =G7*E7 -> 0 | I7: =G7*F7 -> 0
C8: DS-3WAP522-SI | D8: Wi-Fi 5 1200M Celling Access Point 1 Gigabit Port with PoE Input 802.11ac Wave 2 1167 Mbps 80+ Concurrent User Connections Auto RF Optimization Support Intelligent Fast Roaming | E8: =VLOOKUP(C8,'Короткий прайс'!A:B,2,0) -> 80 | F8: =ROUNDUP(E8*$J$1,0) -> 1040000 | H8: =G8*E8 -> 0 | I8: =G8*F8 -> 0
C9: DS-3WAP622G-SI | D9: Wi-Fi 6 1800M Celling Access Point 1 Gigabit Port with PoE Input 802.11ax Wi-Fi 6 1775 Mbps 100+ Concurrent User Connections Auto RF Optimization Support Intelligent Fast Roaming | E9: =VLOOKUP(C9,'Короткий прайс'!A:B,2,0) -> 125 | F9: =ROUNDUP(E9*$J$1,0) -> 1625000 | H9: =G9*E9 -> 0 | I9: =G9*F9 -> 0
C10: DS-3WAP622E-SI | D10: Wi-Fi 6 3000M Celling Access Point 1 x 2.5 Gigabit Port with PoE Input 802.11ax Wi-Fi 6 2975 Mbps 100+ Concurrent User Connections Auto RF Optimization Support Intelligent Fast Roaming | E10: =VLOOKUP(C10,'Короткий прайс'!A:B,2,0) -> 66 | F10: =ROUNDUP(E10*$J$1,0) -> 858000 | H10: =G10*E10 -> 0 | I10: =G10*F10 -> 0
C11: DS-3WG507G-SI | D11: All in One 7 Port Rack Router 3 Gigabit WAN Ports with 2 WAN/LAN Switchable 4 Gigabit LAN Ports with 3 LAN/WAN Switchable 1000 Mbps Throughput Recommend 500 Users Access Support Multiple VPNs Including IPsec VPN, L2TP VPN Support Powerful Security Features Including Firewall Policies, DDoS Defending, IP/MAC/URL Filtering, ARP Defending, etc. Support Behavior Management | E11: =VLOOKUP(C11,'Короткий прайс'!A:B,2,0) -> 110 | F11: =ROUNDUP(E11*$J$1,0) -> 1430000 | H11: =G11*E11 -> 0 | I11: =G11*F11 -> 0
C12: DS-3WG210GP-SI | D12: All in One 10 Port PoE Router 2 Gigabit WAN Ports with 1 WAN/LAN Switchable 8 Gigabit PoE LAN Ports with 2 LAN/WAN Switchable 75 W PoE Power Budget 1000 Mbps Throughput Recommend 200 Users Access Support Multiple VPNs Including IPsec VPN, L2TP Support Powerful Security Features Including Firewall Policies, DDoS Defending, IP/MAC/URL Filtering, ARP Defending, etc. Support Behavior Management Compact Size for Flexible Deployment | E12: =VLOOKUP(C12,'Короткий прайс'!A:B,2,0) -> 147 | F12: =ROUNDUP(E12*$J$1,0) -> 1911000 | H12: =G12*E12 -> 0 | I12: =G12*F12 -> 0
C13: DS-3E1105P-EI/M | D13: 4 Port Fast Ethernet Smart POE Switch 4 × 10/100 Mbps PoE port,1 × 10/100 Mbps RJ45 port Total PoE Power Budget 45W Support 802.1Q VLAN Support PoE watchdog to detect and restart the cameras that do not respond Support STP/RSTP Loop prevention Support cable detection to locate failure Up to 300 m Long Range PoE Transmission 6 KV Surge Protection | E13: =VLOOKUP(C13,'Короткий прайс'!A:B,2,0) -> 30 | F13: =ROUNDUP(E13*$J$1,0) -> 390000 | H13: =G13*E13 -> 0 | I13: =G13*F13 -> 0
... C18: DS-3WG105G-SI | D18: All in One 5 Port Router 2 Gigabit WAN Ports with 1 WAN/LAN Switchable 3 Gigabit LAN Ports with 2 LAN/WAN Switchable 12 W Power Budget 1000 Mbps Throughput Recommend 100 Users Access Support Multiple VPNs Including IPsec VPN, L2TP Support Powerful Security Features Including Firewall Policies, DDoS Defending, IP/MAC/URL Filtering, ARP Defending Support Behavior Management Compact Size for Flexible Deployment | E18: =VLOOKUP(C18,'Короткий прайс'!A:B,2,0) -> 42 | F18: =ROUNDUP(E18*$J$1,0) -> 546000 | H18: =G18*E18 -> 0 | I18: =G18*F18 -> 0
A19: 302600066 | C19: DS-1005KI(O-STD) | D19: Full-featured USB keyboard Supports various cameras. NVRs. DVRs and also iVMS 4200 Flexible 4-axis joystick Buttons can be used to perform powerful functions | E19: =VLOOKUP(C19,'Короткий прайс'!A:B,2,0) -> По запросу | F19: =ROUNDUP(E19*$J$1,0) -> #VALUE! | H19: =G19*E19 -> #VALUE! | I19: =G19*F19 -> #VALUE!
C20: DS-1600KI(B) | D20: 10'1" capacitive touchscreen, detachable design of touchscreen and joystick, preview, PTZ and TV wall control, 4-axis joystick | E20: =VLOOKUP(C20,'Короткий прайс'!A:B,2,0) -> По запросу | F20: =ROUNDUP(E20*$J$1,0) -> #VALUE! | H20: =G20*E20 -> #VALUE! | I20: =G20*F20 -> #VALUE!
C21: DS-1100KI(B) | D21: 7" resistive touchscreen, preview, PTZ and TV wall control, 4-axis joystick | E21: =VLOOKUP(C21,'Короткий прайс'!A:B,2,0) -> По запросу | F21: =ROUNDUP(E21*$J$1,0) -> #VALUE! | H21: =G21*E21 -> #VALUE! | I21: =G21*F21 -> #VALUE!
C22: DS-1200KI | D22: 128x64 LED dot matrix screen, PTZ and TV wall control, 4-axis joystick. | E22: =VLOOKUP(C22,'Короткий прайс'!A:B,2,0) -> По запросу | F22: =ROUNDUP(E22*$J$1,0) -> #VALUE! | H22: =G22*E22 -> #VALUE! | I22: =G22*F22 -> #VALUE!
A23: 301801291 | C23: DS-3E0105P-E/M(B)(O-STD) | D23: L2. Unmanaged. 4 10/100M RJ45 PoE ports. 1 10/100M RJ45 uplink port. 802.3af/at. PoE power budget 35W. max. 300m long distance transmission. 6KV surge protection | E23: =VLOOKUP(C23,'Короткий прайс'!A:B,2,0) -> 24 | F23: =ROUNDUP(E23*$J$1,0) -> 312000 | H23: =G23*E23 -> 0 | I23: =G23*F23 -> 0
C24: DS-3E0106MP-E/M | D24: 4 x 10/100Mbps PoE port, and 2 × 10/100Mbps RJ45 port. IEEE 802.3at/af standard for PoE ports (Max. 35 W PoE output). IEEE 802.3, IEEE 802.3u, and IEEE 802.3x standard. 6 KV surge protection for PoE ports. Up to 300 m long-range transmission. Wire-speed forwarding. Store-and-forward switching. Solid high-strength metal shell. Reliable fan-free design. | E24: =VLOOKUP(C24,'Короткий прайс'!A:B,2,0) -> 18 | F24: =ROUNDUP(E24*$J$1,0) -> 234000 | H24: =G24*E24 -> 0 | I24: =G24*F24 -> 0
A25: 301801385 | C25: DS-3E0108D-E(O-STD) | D25: L2. Unmanaged. 8 10/100M RJ45 ports. desktop plastic switch | E25: =VLOOKUP(C25,'Короткий прайс'!A:B,2,0) -> 8 | F25: =ROUNDUP(E25*$J$1,0) -> 104000 | H25: =G25*E25 -> 0 | I25: =G25*F25 -> 0
C26: DS-3E0110MP-E/M | D26: L2. Unmanaged. 8 10/100M RJ45 PoE ports. 1 10/100M RJ45 uplink port. 802.3af/at. | E26: =VLOOKUP(C26,'Короткий прайс'!A:B,2,0) -> 27 | F26: =ROUNDUP(E26*$J$1,0) -> 351000 | H26: =G26*E26 -> 0 | I26: =G26*F26 -> 0
A27: 301801293 | C27: DS-3E0109P-E/M(B)(O-STD) | D27: L2. Unmanaged. 8 10/100M RJ45 PoE ports. 1 10/100M RJ45 uplink port. 802.3af/at. PoE power budget 60W. max. 300m long distance transmission. 6KV surge protection | E27: =VLOOKUP(C27,'Короткий прайс'!A:B,2,0) -> 44 | F27: =ROUNDUP(E27*$J$1,0) -> 572000 | H27: =G27*E27 -> 0 | I27: =G27*F27 -> 0
A28: 301801717 | C28: DS-3E0310P-E/M | D28: L2, Unmanaged, 8 10/100M RJ45 PoE ports, 2 Gigabit RJ45 uplink ports, 802.3af/at, PoE power budget 60W, max. 300m long distance transmission, 6KV surge protection | E28: =VLOOKUP(C28,'Короткий прайс'!A:B,2,0) -> 55 | F28: =ROUNDUP(E28*$J$1,0) -> 715000 | H28: =G28*E28 -> 0 | I28: =G28*F28 -> 0
A29: 301801346 | C29: DS-3E0310HP-E(O-STD) | D29: L2. Unmanaged. 8 10/100M RJ45 PoE ports. 2 Gigabit RJ45 uplink ports. 802.3af/at/bt. port 1 support Hi-PoE 60w. PoE power budget 110W. max. 300m long distance transmission. 6KV surge protection | E29: =VLOOKUP(C29,'Короткий прайс'!A:B,2,0) -> 75 | F29: =ROUNDUP(E29*$J$1,0) -> 975000 | H29: =G29*E29 -> 0 | I29: =G29*F29 -> 0
A30: 301801296 | C30: DS-3E0318P-E/M(B)(O-STD) | D30: L2. Unmanaged. 16 10/100M RJ45 PoE ports. 1 Gigabit RJ45 uplink port. 1 Gigabit SFP uplink port. 802.3af/at. PoE power budget 130W. ports 9-16 support up to 300meter. 6KV surge protection | E30: =VLOOKUP(C30,'Короткий прайс'!A:B,2,0) -> 130 | F30: =ROUNDUP(E30*$J$1,0) -> 1690000 | H30: =G30*E30 -> 0 | I30: =G30*F30 -> 0
C31: DS-3E0326P-E/M(C) | D31: L2, Unmanaged, 24 10/100M RJ45 PoE ports, 1 Gigabit RJ45 uplink port, 1 Gigabit SFP uplink port, 802.3af/at, PoE power budget 230W, ports 17-24 support up to 300meter, 6KV surge protection | E31: =VLOOKUP(C31,'Короткий прайс'!A:B,2,0) -> 150 | F31: =ROUNDUP(E31*$J$1,0) -> 1950000 | H31: =G31*E31 -> 0 | I31: =G31*F31 -> 0
C32: DS-3E1505P-EI/M | D32: 4 × Gigabit PoE port,1 × Gigabit RJ45 port Total PoE Power Budget 45W Support 802.1Q VLAN Support PoE watchdog to detect and restart the cameras that do not respond Support STP/RSTP Loop prevention Support cable detection to locate failure Up to 300 m Long Range PoE Transmission 6KV Surge Protection | E32: =VLOOKUP(C32,'Короткий прайс'!A:B,2,0) -> 33 | F32: =ROUNDUP(E32*$J$1,0) -> 429000 | H32: =G32*E32 -> 0 | I32: =G32*F32 -> 0
A33: 301802030 | C33: DS-3E1518P-SI | D33: L2. Smart Managed. 16 Gigabit PoE ports. 2 Gigabit SFP ports. 802.3af/at. PoE power budget 225W. max. 300 meter long distance PoE transmission. PoE watchdog. VLAN. QoS. SNMP. Port Mirroring. Storm Control. Visualized Topology Management. Network Health Monitor. Real-Time Alarm Push and Video Control and Preview | E33: =VLOOKUP(C33,'Короткий прайс'!A:B,2,0) -> 250 | F33: =ROUNDUP(E33*$J$1,0) -> 3250000 | H33: =G33*E33 -> 0 | I33: =G33*F33 -> 0
C34: DS-3E1526P-SI | D34: 24 Port Gigabit Smart POE Switch 24 × gigabit PoE ports, and 2 × gigabit fiber optical ports. IEEE 802.3at/af standard for PoE ports. Network topology management, alarm push, network health monitor. 6 KV surge protection for PoE ports. AF/AT camera can reach up to 300 m in extend mode. PoE watchdog to auto detect and restart the cameras that do not respond. Various layer 2 management protocols such as STP/RSTP, VLAN, link aggregation, SNMP, QoS and so on. | E34: =VLOOKUP(C34,'Короткий прайс'!A:B,2,0) -> 358 | F34: =ROUNDUP(E34*$J$1,0) -> 4654000 | H34: =G34*E34 -> 0 | I34: =G34*F34 -> 0
A35: 301802312 | C35: DS-3E2510P(B) | D35: L2, Full managed, 8 Gigabit RJ45 PoE ports, 2 Gigabit SFP ports, 802.3af/at, PoE power budget 125W, VLAN, RSTP, IGMP, QoS, ERPS | E35: =VLOOKUP(C35,'Короткий прайс'!A:B,2,0) -> 330 | F35: =ROUNDUP(E35*$J$1,0) -> 4290000 | H35: =G35*E35 -> 0 | I35: =G35*F35 -> 0
A36: 301802313 | C36: DS-3E2528P(B) | D36: L2. Full managed. 24 Gigabit RJ45 PoE ports. 4 Gigabit SFP ports. 802.3af/at. PoE power budget 380W. VLAN. RSTP. IGMP. QoS. ERPS | E36: =VLOOKUP(C36,'Короткий прайс'!A:B,2,0) -> 706 | F36: =ROUNDUP(E36*$J$1,0) -> 9178000 | H36: =G36*E36 -> 0 | I36: =G36*F36 -> 0
C37: DS-3E0505HP-E | D37: L2, Unmanaged, 4 Gigabit RJ45 PoE ports, 1 Gigabit RJ45 uplink port, 802.3af/at/bt, port 1 support Hi-PoE 60w, PoE power budget 60W, ports 3-4 support up to 300meter, 6KV surge protection, supports POE watchdog, port isolation | E37: =VLOOKUP(C37,'Короткий прайс'!A:B,2,0) -> 47 | F37: =ROUNDUP(E37*$J$1,0) -> 611000 | H37: =G37*E37 -> 0 | I37: =G37*F37 -> 0
A38: 301801423 | C38: DS-3E0510P-E/M | D38: L2, Unmanaged, 8 Gigabit POE ports, 1 Gigabit RJ45 uplink port, 1 Gigabit SFP uplink port, 802.3af/at, PoE power budget 58w | E38: =VLOOKUP(C38,'Короткий прайс'!A:B,2,0) -> 55 | F38: =ROUNDUP(E38*$J$1,0) -> 715000 | H38: =G38*E38 -> 0 | I38: =G38*F38 -> 0
A39: 301801516 | C39: DS-3E0520HP-E | D39: L2, Unmanaged, 16 Gigabit RJ45 PoE ports, 2 Gigabit RJ45, 2 Gigabit SFP uplink ports, 802.3af/at/bt, port 1-4 support Hi-PoE 90w, PoE power budget 225W, ports 13-16 support up to 300meter, 6KV surge protection, supports POE watchdog, port isolation | E39: =VLOOKUP(C39,'Короткий прайс'!A:B,2,0) -> 230 | F39: =ROUNDUP(E39*$J$1,0) -> 2990000 | H39: =G39*E39 -> 0 | I39: =G39*F39 -> 0
C40: DS-3E0526P-E | D40: L2, Unmanaged, 24 Gigabit POE ports, 1 Gigabit RJ45 uplink port, 1 Gigabit SFP uplink port, 802.3af/at, PoE power budget 370w | E40: =VLOOKUP(C40,'Короткий прайс'!A:B,2,0) -> 270 | F40: =ROUNDUP(E40*$J$1,0) -> 3510000 | H40: =G40*E40 -> 0 | I40: =G40*F40 -> 0
C41: DS-3E0528HP-E | D41: L2, Unmanaged, 24 Gigabit RJ45 PoE ports, 2 Gigabit RJ45, 2 Gigabit SFP uplink ports, 802.3af/at/bt, port 1-4 support Hi-PoE 90w, PoE power budget 370W, ports 21-24 support up to 300meter, 6KV surge protection, supports POE watchdog, port isolation | E41: =VLOOKUP(C41,'Короткий прайс'!A:B,2,0) -> 316 | F41: =ROUNDUP(E41*$J$1,0) -> 4108000 | H41: =G41*E41 -> 0 | I41: =G41*F41 -> 0
A42: 301801386 | C42: DS-3E0508D-E(O-STD) | D42: L2. Unmanaged. 8 Gigabit RJ45 ports. desktop plastic switch | E42: =VLOOKUP(C42,'Короткий прайс'!A:B,2,0) -> 19 | F42: =ROUNDUP(E42*$J$1,0) -> 247000 | H42: =G42*E42 -> 0 | I42: =G42*F42 -> 0
A43: 301801604 | C43: DS-3T0510HP-E/HS | D43: L2. Unmanaged. 8 Gigabit RJ45 PoE ports. 2 Gigabit SFP uplink ports. 802.3af/at/bt. port 1-2 support Hi-PoE 90w. PoE power budget 110W. ports 7-8 support up to 300meter. 6KV surge protection. supports POE watchdog. port isolation. -30~65°C. DIN rail | E43: =VLOOKUP(C43,'Короткий прайс'!A:B,2,0) -> 117 | F43: =ROUNDUP(E43*$J$1,0) -> 1521000 | H43: =G43*E43 -> 0 | I43: =G43*F43 -> 0
A44: 301802015 | C44: DS-3E1310P-SI | D44: L2, Smart Managed, 8 10/100M RJ45 PoE ports, 2 Gigabit combo ports, 802.3af/at, PoE power budget 125W, Max. 300 meter long distance PoE transmission, Supports Hik-Central/iVMS 4200/Hik-ProConnect Unified Topology Management, cloud management, health monitor, PoE watchdog, VLAN, QoS, SNMP, STP/RSTP, Port Mirroring, Storm Control | E44: =VLOOKUP(C44,'Короткий прайс'!A:B,2,0) -> 140 | F44: =ROUNDUP(E44*$J$1,0) -> 1820000 | H44: =G44*E44 -> 0 | I44: =G44*F44 -> 0
C45: DS-6908UDI(C) | D45: 4K Decoder Video Input Support computer, video conference terminals and other devices to serve as video input signal source. Support HDMI and HDMI 4K signal inputs. Support network camera, NVR, and other devices to serve as network signal source. Support HDMI embedded audio input. audio input supports 16 bit and 48K Hz sampling, two-channel and stereo sound. Support 2-ch 1080p@50/60 or 1-ch 4K@30 encoding via HDMI 1.4 input interface. | E45: =VLOOKUP(C45,'Короткий прайс'!A:B,2,0) -> По запросу | F45: =ROUNDUP(E45*$J$1,0) -> #VALUE! | H45: =G45*E45 -> #VALUE! | I45: =G45*F45 -> #VALUE!
A46: 303500921 | C46: DS-6916UDI(B)(STD) | D46: Decoder. supports Output: 16*HDMI/8*BNC. Input: 1*VGA/1*DVI. odd HDMI support 3840*2160@30HZ. decoding capacity 24MP@30fps: 8-ch. 12MP@20fps:16-ch. 8MP@30fps: 32-ch. 5MP@30fps: 48-ch. 3MP@30fps: 80-ch. 1080p@30fps/3 Mbps: 128-ch. max 36 division | E46: =VLOOKUP(C46,'Короткий прайс'!A:B,2,0) -> По запросу | F46: =ROUNDUP(E46*$J$1,0) -> #VALUE! | H46: =G46*E46 -> #VALUE! | I46: =G46*F46 -> #VALUE!
C47: Swich Ai Poe 6+2 | D47: 6‐PORT 10/100Mbps SWITCH WITH 6‐PORT POE + 2UP-Link | E47: =VLOOKUP(C47,'Короткий прайс'!A:B,2,0) -> 15 | F47: =ROUNDUP(E47*$J$1,0) -> 195000 | H47: =G47*E47 -> 0 | I47: =G47*F47 -> 0
C48: Swich Ai Poe 9+2 | D48: 9‐PORT 10/100Mbps SWITCH WITH 6‐PORT POE + 2UP-Link | E48: =VLOOKUP(C48,'Короткий прайс'!A:B,2,0) -> 19 | F48: =ROUNDUP(E48*$J$1,0) -> 247000 | H48: =G48*E48 -> 0 | I48: =G48*F48 -> 0
C49: Swich Ai Poe 16+2 | D49: 18‐PORT 10/100Mbps SWITCH WITH 16‐PORT POE + 2UP-Link | E49: =VLOOKUP(C49,'Короткий прайс'!A:B,2,0) -> 58 | F49: =ROUNDUP(E49*$J$1,0) -> 754000 | H49: =G49*E49 -> 0 | I49: =G49*F49 -> 0
C50: Swich Ai Poe 24+2 | D50: 26‐PORT 10/100Mbps SWITCH WITH 24‐PORT POE + 2UP-Link | E50: =VLOOKUP(C50,'Короткий прайс'!A:B,2,0) -> 74 | F50: =ROUNDUP(E50*$J$1,0) -> 962000 | H50: =G50*E50 -> 0 | I50: =G50*F50 -> 0
C51: Swich KANIHAD 1006GB | D51: 4GE PoE+1GE+1SFP Switch | E51: =VLOOKUP(C51,'Короткий прайс'!A:B,2,0) -> 19 | F51: =ROUNDUP(E51*$J$1,0) -> 247000 | H51: =G51*E51 -> 0 | I51: =G51*F51 -> 0
C52: Swich KANIHAD 1006MB | D52: 4FE PoE+2FE Switch | E52: =VLOOKUP(C52,'Короткий прайс'!A:B,2,0) -> 13 | F52: =ROUNDUP(E52*$J$1,0) -> 169000 | H52: =G52*E52 -> 0 | I52: =G52*F52 -> 0
C53: Swich KANIHAD 1010GB | D53: 8GE PoE+2GE Switch | E53: =VLOOKUP(C53,'Короткий прайс'!A:B,2,0) -> 25 | F53: =ROUNDUP(E53*$J$1,0) -> 325000 | H53: =G53*E53 -> 0 | I53: =G53*F53 -> 0
C54: Swich KANIHAD 1010MB | D54: 8FE PoE+2FE Switch | E54: =VLOOKUP(C54,'Короткий прайс'!A:B,2,0) -> 18 | F54: =ROUNDUP(E54*$J$1,0) -> 234000 | H54: =G54*E54 -> 0 | I54: =G54*F54 -> 0
C55: Swich POE1-2 | E55: =VLOOKUP(C55,'Короткий прайс'!A:B,2,0) -> 5 | F55: =ROUNDUP(E55*$J$1,0) -> 65000 | H55: =G55*E55 -> 0 | I55: =G55*F55 -> 0
C56: Swich KANIHAD 16+2+2SFP (300W) | D56: 16+2+2SFP (300W) | E56: =VLOOKUP(C56,'Короткий прайс'!A:B,2,0) -> 69 | F56: =ROUNDUP(E56*$J$1,0) -> 897000 | H56: =G56*E56 -> 0 | I56: =G56*F56 -> 0
C57: Swich KANIHAD 24+2+2SFP (400W) | D57: 24+2+2SFP (400W) | E57: =VLOOKUP(C57,'Короткий прайс'!A:B,2,0) -> 84 | F57: =ROUNDUP(E57*$J$1,0) -> 1092000 | H57: =G57*E57 -> 0 | I57: =G57*F57 -> 0
C58: Swich TP-LINK 5ch MB | D58: 5 10/100 Mbps ports with auto-negotiation. with RJ45 connector. auto-MDI/MDIX support The use of Green Ethernet technology allows you to save up to 60% of the electricity consumed IEEE 802.3x flow control ensures reliable data transmission Plastic housing. for desktop placement Plug and Play technology support. no additional configuration required | E58: =VLOOKUP(C58,'Короткий прайс'!A:B,2,0) -> 8 | F58: =ROUNDUP(E58*$J$1,0) -> 104000 | H58: =G58*E58 -> 0 | I58: =G58*F58 -> 0
C59: Swich LB-LINK | E59: =VLOOKUP(C59,'Короткий прайс'!A:B,2,0) -> 36 | F59: =ROUNDUP(E59*$J$1,0) -> 468000 | H59: =G59*E59 -> 0 | I59: =G59*F59 -> 0
C60: Swich 4G-CPE модем (для сим карты) | E60: =VLOOKUP(C60,'Короткий прайс'!A:B,2,0) -> 28 | F60: =ROUNDUP(E60*$J$1,0) -> 364000 | H60: =G60*E60 -> 0 | I60: =G60*F60 -> 0
C61: Swich 4G-CPE модем 4 Антенна (для сим карта) CPF912 | E61: =VLOOKUP(C61,'Короткий прайс'!A:B,2,0) -> 24.5 | F61: =ROUNDUP(E61*$J$1,0) -> 318500 | H61: =G61*E61 -> 0 | I61: =G61*F61 -> 0
C62: Усилитель GSM для сотовый | D62: Output power: 20DBM. gain 68DB. Network standard: FDD+LTE B8+B3+B1 Frequency band: 900+1800+2100 Transmission line 10 meters Indoor Ceiling Antenna with 2 meters cable. | E62: =VLOOKUP(C62,'Короткий прайс'!A:B,2,0) -> 150 | F62: =ROUNDUP(E62*$J$1,0) -> 1950000 | H62: =G62*E62 -> 0 | I62: =G62*F62 -> 0
C63: DS-3WF01C-2N | D63: 2.4Ghz 300Mbps 500m Elevator Wireless CPE Stable wireless transmission for elevator High throughput for more channels 500 m long transmission distance Easy configuration Compact design IEEE802.11 b/g/n(2T2R 300Mbps) Operation Frequency 2412 to 2472 MHz(More Non-standard channels is availability,2312MHz to 2732MHz) Antenna Internal, 6dBi, H: 65° V: 60° Max Output Power 27dBm Receive Sensitivity -72dBm@65Mbps, -97dBm@1Mbps Max Transmission Rate 11n: 300Mbps(HT40)/130Mbps(HT20) 11g: 54Mbps Hardware Power Supply 48V/0.25A PoE or 12 VDC Interface 3×10/100M Base-TX (Cat. 5/5E, RJ-45) ports Operation Temperature -30℃ to +65℃(-22℉ to +149℉) Storage Temperature -40℃ to +85℃(-40℉ to +185℉) Operation Humidity 5% to 95%RH non-condensing Dimensions 150×150×31.6 mm (5.9×5.9×1.24 inch) Software Application Scenarios Elevator Room/IP Camera Encryption WPA-PSK/WPA2-PSK Network Mode Router/Bridge Security IP/MAC filter, SSID hidden, Interface Isolation Network Protocol TCP/UDP/ARP/ICMP/DHCP/HTTP/NTP TDMA Supported (Extend private communication protocol) Auto ACK Timing Adjust Supported (It can automatically detect the distances of the devices, keep the performance always the best) Management And Logs NTP, Syslog, Telnet, AC Web Based Configuration Supported Firmware Update Support update firmware by Web page Bandwidth 20M/40MHz | E63: =VLOOKUP(C63,'Короткий прайс'!A:B,2,0) -> 137 | F63: =ROUNDUP(E63*$J$1,0) -> 1781000 | H63: =G63*E63 -> 0 | I63: =G63*F63 -> 0
C64: DS-3WF02C-5N/O | D64: DS-3WF02C-5N/O wireless bridgecan be applied in industries, such as wireless video surveillance, railway, transportation, power and other industries, wireless video/data transmission, wireless coverage, carrier wireless backbone network construction, Wi-Fi wireless coverage, rural information construction, and wireless network coverage. The long-distance transmission of the device can guarantee multi-channel HD video transmission.K | E64: =VLOOKUP(C64,'Короткий прайс'!A:B,2,0) -> 63 | F64: =ROUNDUP(E64*$J$1,0) -> 819000 | H64: =G64*E64 -> 0 | I64: =G64*F64 -> 0
C65: WIFI мост S900 5км 5.8G 1000mb/s | E65: =VLOOKUP(C65,'Короткий прайс'!A:B,2,0) -> 82 | F65: =ROUNDUP(E65*$J$1,0) -> 1066000 | H65: =G65*E65 -> 0 | I65: =G65*F65 -> 0
C66: WIFI мост S350 3км 5.8G 300mb/s | E66: =VLOOKUP(C66,'Короткий прайс'!A:B,2,0) -> 73 | F66: =ROUNDUP(E66*$J$1,0) -> 949000 | H66: =G66*E66 -> 0 | I66: =G66*F66 -> 0
C67: WiFi Router Linkff FF-AP3A | D67: ◆2.4G WiFi:2*2, IEEE 802.11b/g/n, 300Mbps ◆Ethernet: Ports1x10/100M LAN Port 1x10/100M WAN（Auto MDI/MDIX） ◆Power Supply:AC100V-240V ◆Working Temperature:-40+80°C 50pcs/CTN 7KG Wifi Cover 80m MOQ:50PCS 49.5*39*41.5 | E67: =VLOOKUP(C67,'Короткий прайс'!A:B,2,0) -> 10 | F67: =ROUNDUP(E67*$J$1,0) -> 130000 | H67: =G67*E67 -> 0 | I67: =G67*F67 -> 0
C68: WiFi Router Linkff FF-B300A | D68: ◆2.4G WiFi:2*2, IEEE 802.11b/g/n, 300Mbps ◆Ethernet: Ports2x10/100M LAN（Auto MDI/MDIX) 1x10/100M WAN（Auto MDI/MDIX） ◆Power Supply:1x DC input 12V ◆Working Temperature:-40+80°C Wifi Cover 80m | E68: =VLOOKUP(C68,'Короткий прайс'!A:B,2,0) -> 11 | F68: =ROUNDUP(E68*$J$1,0) -> 143000 | H68: =G68*E68 -> 0 | I68: =G68*F68 -> 0
C69: Swich Linkff FF-B42A 4+2 | D69: ◆ SWITCHE WIT 4+2-PORT POE 10/100Mbps ◆ One Port≤30W Full Port≤78W DC 52V 1.5A Built-in Power ◆ UP LINK Port: 2CH RJ45 10/100Mbps ◆ Distance:≤250M weight：0.85kg BoxSize：24*19*7cm 20PCS/CTN 20KG | E69: =VLOOKUP(C69,'Короткий прайс'!A:B,2,0) -> 20 | F69: =ROUNDUP(E69*$J$1,0) -> 260000 | H69: =G69*E69 -> 0 | I69: =G69*F69 -> 0
C70: Swich Linkff FF-B82A 8+2 | D70: ◆ SWITCHE WIT 8+2-PORT POE 10/100Mbps ◆ One Port≤30W Full Port≤120W DC 52V 2.3A Built-in Power ◆ UP LINK Port: 2CH RJ45 10/100Mbps ◆ Distance:≤250M weight：0.85kg BoxSize：24*19*7cm 20PCS/CTN 20KG | E70: =VLOOKUP(C70,'Короткий прайс'!A:B,2,0) -> 28 | F70: =ROUNDUP(E70*$J$1,0) -> 364000 | H70: =G70*E70 -> 0 | I70: =G70*F70 -> 0
C71: Swich Linkff FF-Q82A 8+2 | D71: ◆ SWITCHE WIT 8+2-PORT POE 10/100Mbps ◆ One Port≤30W Full Port≤120W DC 52V 2.3A Built-in Power ◆ UP LINK Port: 2CH RJ45 100/1000Mbps ◆ Distance:≤250M weight：0.85kg BoxSize：24*19*7cm 20PCS/CTN 20KG | E71: =VLOOKUP(C71,'Короткий прайс'!A:B,2,0) -> 33.5 | F71: =ROUNDUP(E71*$J$1,0) -> 435500 | H71: =G71*E71 -> 0 | I71: =G71*F71 -> 0
C72: Swich Linkff FF-Q1621A 16+2+1SFP | D72: ◆ SWITCHE WIT 16+2+1-PORT POE 10/100Mbps ◆ One Port≤30W Full Port≤260W DC 52V 4.8A Built-in Power ◆ UP LINK Port: 2CH RJ45 100/1000Mbps 1SFP ◆ Distance:≤250M weight：2kg BoxSize：32*24*9cm 12PCS/CTN 24KG | E72: =VLOOKUP(C72,'Короткий прайс'!A:B,2,0) -> 65 | F72: =ROUNDUP(E72*$J$1,0) -> 845000 | H72: =G72*E72 -> 0 | I72: =G72*F72 -> 0
C73: Swich Linkff FF-B2421B 24+2+1SFP | D73: ◆ SWITCHE WIT 24+2+1-PORT POE 10/100Mbps ◆ One Port≤30W Full Port ≤350W DC 52V 5.5A Built-in Power ◆ UP LINK Port: 2CH RJ45 100/1000Mbps 1SFP ◆ Distance:≤150M weight：2.5kg BoxSize：43.5*28.5*9mm 10PCS/CTN 25KG | E73: =VLOOKUP(C73,'Короткий прайс'!A:B,2,0) -> 120 | F73: =ROUNDUP(E73*$J$1,0) -> 1560000 | H73: =G73*E73 -> 0 | I73: =G73*F73 -> 0
C74: Swich Linkff FF-Q41A Gb4PoE+2FE | D74: ◆ SWITCHE WIT 4+2PORT POE 100/1000Mbps ◆ One Port≤30W Full Port≤78W DC 52V 1.5A Built-in Power ◆ UP LINK Port: 2CH RJ45100/1000Mbps ◆ Distance:≤100M weight：0.85kg BoxSize：24*19*7cm 20PCS/CTN 20KG | E74: =VLOOKUP(C74,'Короткий прайс'!A:B,2,0) -> 22 | F74: =ROUNDUP(E74*$J$1,0) -> 286000 | H74: =G74*E74 -> 0 | I74: =G74*F74 -> 0
C75: Swich Linkff FF-Q42A GB4+2 | D75: ◆ SWITCHE WIT 4+2PORT POE 100/1000Mbps ◆ One Port≤30W Full Port≤78W DC 52V 1.5A Built-in Power ◆ UP LINK Port: 2CH RJ45100/1000Mbps ◆ Distance:≤100M weight：0.85kg BoxSize：24*19*7cm 20PCS/CTN 20KG | E75: =VLOOKUP(C75,'Короткий прайс'!A:B,2,0) -> 26 | F75: =ROUNDUP(E75*$J$1,0) -> 338000 | H75: =G75*E75 -> 0 | I75: =G75*F75 -> 0
C76: Swich Linkff FF-Q411A Gb4+2+1SFP | D76: ◆ SWITCHE WIT 4+1+1PORT POE 100/1000Mbps ◆ One Port≤30W Full Port≤78W DC 52V 1.5A Built-in Power ◆ UP LINK Port: 1CH RJ45100/1000Mbps 1SFP ◆ Distance:≤100M weight：0.85kg BoxSize：24*19*7cm 20PCS/CTN 20KG | E76: =VLOOKUP(C76,'Короткий прайс'!A:B,2,0) -> 28 | F76: =ROUNDUP(E76*$J$1,0) -> 364000 | H76: =G76*E76 -> 0 | I76: =G76*F76 -> 0
C77: Swich Linkff FF-Q82B Gb8+2 | D77: ◆ SWITCHE WIT 8+2-PORT POE 100/1000Mbps ◆ One Port≤30W Full Port≤150W DC 52V 2.8A Built-in Power ◆ UP LINK Port: 2CH RJ45 100/1000Mbps ◆ Distance:≤100M weight：0.85kg BoxSize：24*19*7cm 20PCS/CTN 20KG | E77: =VLOOKUP(C77,'Короткий прайс'!A:B,2,0) -> 36 | F77: =ROUNDUP(E77*$J$1,0) -> 468000 | H77: =G77*E77 -> 0 | I77: =G77*F77 -> 0
C78: Swich Linkff FF-Q821B Gb8+2+1SFP | D78: ◆ SWITCHE WIT 8+2-PORT POE 100/1000Mbps ◆ One Port≤30W Full Port≤150W DC 52V 2.8A Built-in Power ◆ UP LINK Port: 2CH RJ45 100/1000Mbps 1SFP ◆ Distance:≤100M weight：0.85kg BoxSize：24*19*7cm 20PCS/CTN 20KG | E78: =VLOOKUP(C78,'Короткий прайс'!A:B,2,0) -> 38 | F78: =ROUNDUP(E78*$J$1,0) -> 494000 | H78: =G78*E78 -> 0 | I78: =G78*F78 -> 0
... C80: Swich Linkff FF-Q2421B Gb24+2+1SFP | D80: ◆ SWITCHE WIT 24+2+1PORT POE 100/1000Mbps ◆ One Port≤30W Full Port ≤350W DC 52V 5.5A Built-in Power ◆ UP LINK Port: 2CH SFP 100/1000Mbps ◆ Distance:≤100M weight：2.5kg BoxSize：43.5*28.5*9cm 10PCS/CTN 25KG | E80: =VLOOKUP(C80,'Короткий прайс'!A:B,2,0) -> 134 | F80: =ROUNDUP(E80*$J$1,0) -> 1742000 | H80: =G80*E80 -> 0 | I80: =G80*F80 -> 0

Sheet Кабель
A1: Артикул | B1: Изображение | C1: Модель | D1: Характеристика | E1: Цена USD | F1: Цена с НДС | G1: Кол-во | H1: Сумма USD | I1: Сумма НДС | J1: 13000
C2: Кабель КСВВэнг 2х0,8 | E2: =VLOOKUP(C2,'Короткий прайс'!A:B,2,0) -> 0.31579 | F2: =ROUNDUP(E2*$J$1,0) -> 4106 | H2: =G2*E2 -> 0 | I2: =G2*F2 -> 0
C3: Кабель КСВВЭнг 4х0,8 | E3: =VLOOKUP(C3,'Короткий прайс'!A:B,2,0) -> 0.50147 | F3: =ROUNDUP(E3*$J$1,0) -> 6520 | H3: =G3*E3 -> 0 | I3: =G3*F3 -> 0
C4: Кабель КСВПВ 4*2*0,52 серый ЮТП | E4: =VLOOKUP(C4,'Короткий прайс'!A:B,2,0) -> 0.3666 | F4: =ROUNDUP(E4*$J$1,0) -> 4766 | H4: =G4*E4 -> 0 | I4: =G4*F4 -> 0
C5: Кабель КСВПВЭ -5е 4*2*0,52 серый ФТП | E5: =VLOOKUP(C5,'Короткий прайс'!A:B,2,0) -> 0.44937 | F5: =ROUNDUP(E5*$J$1,0) -> 5842 | H5: =G5*E5 -> 0 | I5: =G5*F5 -> 0
C6: Кабель КСВПП 4*2*0,52 черный ЮТП | E6: =VLOOKUP(C6,'Короткий прайс'!A:B,2,0) -> 0.35621 | F6: =ROUNDUP(E6*$J$1,0) -> 4631 | H6: =G6*E6 -> 0 | I6: =G6*F6 -> 0
C7: Кабель КСВППЭ 4*2*0,52 черный ФТП | E7: =VLOOKUP(C7,'Короткий прайс'!A:B,2,0) -> 0.40728 | F7: =ROUNDUP(E7*$J$1,0) -> 5295 | H7: =G7*E7 -> 0 | I7: =G7*F7 -> 0
C8: Кабель КСВПВ-6А 4*2*0,57 | E8: =VLOOKUP(C8,'Короткий прайс'!A:B,2,0) -> 0.48821 | F8: =ROUNDUP(E8*$J$1,0) -> 6347 | H8: =G8*E8 -> 0 | I8: =G8*F8 -> 0
C9: Кабель КСВПВЭ-6 4*2*0,57 | E9: =VLOOKUP(C9,'Короткий прайс'!A:B,2,0) -> 0.56842 | F9: =ROUNDUP(E9*$J$1,0) -> 7390 | H9: =G9*E9 -> 0 | I9: =G9*F9 -> 0
C10: Кабель КСВППЭТросс 4*2*0,52 | E10: =VLOOKUP(C10,'Короткий прайс'!A:B,2,0) -> 0.51078 | F10: =ROUNDUP(E10*$J$1,0) -> 6641 | H10: =G10*E10 -> 0 | I10: =G10*F10 -> 0
C11: Кабель КСПВ 2*0,4 | E11: =VLOOKUP(C11,'Короткий прайс'!A:B,2,0) -> 0.09525 | F11: =ROUNDUP(E11*$J$1,0) -> 1239 | H11: =G11*E11 -> 0 | I11: =G11*F11 -> 0
C12: Кабель КСПВ 2*0,5 | E12: =VLOOKUP(C12,'Короткий прайс'!A:B,2,0) -> 0.13316 | F12: =ROUNDUP(E12*$J$1,0) -> 1732 | H12: =G12*E12 -> 0 | I12: =G12*F12 -> 0
C13: Кабель КСПВ 4*0,4 | E13: =VLOOKUP(C13,'Короткий прайс'!A:B,2,0) -> 0.19389 | F13: =ROUNDUP(E13*$J$1,0) -> 2521 | H13: =G13*E13 -> 0 | I13: =G13*F13 -> 0
... C21: Кабель ПВС 4*0,75 | E21: =VLOOKUP(C21,'Короткий прайс'!A:B,2,0) -> 0.67211 | F21: =ROUNDUP(E21*$J$1,0) -> 8738 | H21: =G21*E21 -> 0 | I21: =G21*F21 -> 0
C22: Кабель ПВС 2*0,75 | D22: Провод ПВС 2х0,75 (многожильный) | E22: =VLOOKUP(C22,'Короткий прайс'!A:B,2,0) -> 0.37812 | F22: =ROUNDUP(E22*$J$1,0) -> 4916 | H22: =G22*E22 -> 0 | I22: =G22*F22 -> 0
C23: Кабель ПУГНП 2*1,5 | D23: Провод ПУГНП применяется для присоединения электрических приборов личной гигиены и микроклимата, электропаяльников, светильников, кухонных электромеханических приборов, радиоэлектронной аппаратуры, стиральных машин, холодильников, и т.п., которые эксплуатируются в жилых и административных помещениях. | E23: =VLOOKUP(C23,'Короткий прайс'!A:B,2,0) -> 0.57137 | F23: =ROUNDUP(E23*$J$1,0) -> 7428 | H23: =G23*E23 -> 0 | I23: =G23*F23 -> 0
